Workbook
Name ALL: '[1]F9 EjecMetasDx'!#REF!
Name ALL: '[1]F9 EjecMetasDx'!#REF!
Name ALL_MESES: '[2]F9 EjecMetasDx'!#REF!
Name ALL_MESES: '[2]F9 EjecMetasDx'!#REF!
Name ALL_MESES: '[2]F9 EjecMetasDx'!#REF!
Name ALL_MESES: '[2]F9 EjecMetasDx'!#REF!
Name eeddssa: '[2]F9 EjecMetasDx'!#REF!
Name eeddssa: '[2]F9 EjecMetasDx'!#REF!
Name K: '[2]F9 EjecMetasDx'!#REF!
Name K: '[2]F9 EjecMetasDx'!#REF!
Name K: '[2]F9 EjecMetasDx'!#REF!
Name kk: '[1]F9 EjecMetasDx'!#REF!
Name kk: '[1]F9 EjecMetasDx'!#REF!
Name S: '[2]F9 EjecMetasDx'!#REF!
Name S: '[2]F9 EjecMetasDx'!#REF!

Sheet F1 GENERALIDADES
B1: PLAN DE SALUD LOCAL 2019
B3: GENERALIDADES
B5: DENOMINACION, UBICACIÓN Y CONFORMACION
B7: NOMBRE DE LA ASOCIACION CLAS
B8: GERESA
B9: RED
B10: MICRO RED DE SALUD
B11: NOMBRE DEL GERENTE DEL CLAS/JEFE DE MICRORRED
B12: ASOCIACION CLAS
B13: PROVINCIA
B14: DISTRITO
B15: DIRECCIÓN
... B26: DATOS DE LOS ESTABLECIMIENTOS DE SALUD QUE CONFORMAN LA CLAS
B28: N° | C28: NIVEL DE CATEGORIA | D28: NOMBRE DEL ESTABLECIMIENTO (Empezar por el Establecimiento SEDE de la CLAS) | E28: PROVINCIA | F28: DISTRITO | G28: HORARIO DE ATENCION (De …… Hasta ….)* | H28: DIAS DE ATENCION | I28: Profesión ú Ocupación del jefe/ Responsable del EESS | J28: Tiempo en el cargo de Jefe/Responsable del ES (años/meses) | K28: POBLACION TOTAL SEGÚN INEI (por cada ES)
H29: L,M,M,J,V,S,D | K29: 1
K30: 1
K31: 1
K33: 1
B37: TOTAL | K37: =SUM(K29:K36) -> 4
B39: * En formato 24 horas, incluir dias de la semana
B40: ** Poblacion Total INEI por todos los prestadores
B41: El encabezamiento del listado corresponde al establecimiento de mayor complejidad y sede de la micro red

Sheet F2 UBICACIÓN GEOGRÁFICA 
B2: UBICACIÓN GEOGRAFICA
B4: MAPA DE RELACION PROVINCIAL Y DISTRITAL , MEDIOS DE COMUNICACIÓN Y RED ASISTENCIAL
B6: ESTABLECIMIENTO | C6: ALTITUD m.s.n.m. | D6: SUPERFICIE km2 | E6: POBLACION hab. | F6: DENSIDAD hab/km2
E7: 4
E8: 5
E10: 10
B15: TOTAL | E15: =SUM(E7:E14) -> 19
B18: ESTABLECIMIENTO | C18: MEDIOS DE COMUNICACIÓN
C19: TERRESTRE | D19: TELEFONO | E19: INTERNET
B30: RED ASISTENCIAL
B31: DISTRITO | C31: CENTRO ASISTENCIAL | E31: INSTITUCION A LA QUE PERTENECE
B41: NOTA: Red Asistencial: Considerar a todos los establecimientos del Gobierno Regional, Essalud, Municipalidades,privados, (públicos y provados)del ámbito de la Microrred.
B43: MAPA DE UBICACIÓN DE LOS ESTABLECIMIENTOS DE SALUD

Sheet F3 MARCO ESTRATÉGICO 
B2: MARCO ESTRATÉGICO
B4: OBJETIVOS DEL MILENIO
B5: 1. Erradicar la pobreza extrema y el hambre FIN DE LA POBREZA
B6: 2. Lograr la enseñanza primaria universal EDUCACION DE CALIDAD
B7: 3. Promover la igualdad entre los géneros y la autonomía de la mujer IGUALDAD DE GENERO
B8: 4. Reducir la mortalidad infantil PAZ, JUSTICIA E INSTITUCIONES SÓLIDAS
B9: 5. mejorar la Salud materna
B10: 6. Combatir el VIH/SIDA el paludismo y otras enfermedades
B11: 7. Garantizar la sostenibilidad del medio ambiente
B12: 8. Fomentar una asociación mundial para el desarrollo.
B13: FUNCIONES ESCENCIALES DE SALUD PUBLICA
B14: a. Seguimiento, evaluación y análisis de la situación de salud
... B72: "Desarrollar la protección social de la salud de la población regional dando prioridad a la expuesta a mayor riesgo, cumpliendo su rol rector en el Sector, liderando los procesos de reforma, fortaleciendo l capacidad de respuesta en los servicos de salud ofertados integralmente, con calidad y pertinencia cultural y científica, promoviendo una cultura de la salud y organizacionalmente emprendedora, y el cultivo de los valores de amor al prójimo, solidaridad y equidad."

Sheet F4 POBLACIÓN 
B1: DIAGNOSTICO SITUACIONAL
B3: CARACTERISTICAS DE LA POBLACIÓN
B5: INDICADORES DEMOGRAFICOS
B7: GRUPO ETAREO | C7: COMPOSICIÓN | D7: N° HOMBRES | E7: % | F7: N° MUJERES | G7: % | H7: TOTAL
B8: NIÑO | C8: R.N. 0-28 días | D8: 34 | E8: =D8*1/D20 -> 0.3908046 | F8: 34 | G8: =F8*1/F20 -> 0.22516556 | H8: =D8+F8 -> 68
C9: > 28 días Menor de 1 año | D9: 25 | E9: =D9*1/D20 -> 0.28735632 | F9: 25 | G9: =F9*1/F20 -> 0.16556291 | H9: =SUM(D9:D13)+F9:F13 -> 78
C10: De 1 año | D10: 28 | E10: =D10*1/D20 -> 0.32183908 | F10: 28 | G10: =F10*1/F20 -> 0.18543046
C11: De 2 a 4 años | E11: =D11*1/D20 -> 0 | G11: =F11*1/F20 -> 0
C12: De 5 a 9 años | E12: =D12*1/D20 -> 0 | G12: =F12*1/F20 -> 0
C13: De 10 a 11 años | E13: =D13*1/D20 -> 0 | G13: =F13*1/F20 -> 0
B14: ADOLESCENTE | C14: De 12 a 14 años | E14: =D14*1/D20 -> 0 | G14: =F14*1/F20 -> 0 | H14: =SUM(D14:D15)+F14:F15 -> 0
C15: De 15 a 17 años | E15: =D15*1/D20 -> 0 | F15: 15 | G15: =F15*1/F20 -> 0.099337748
B16: JOVEN | C16: De 18 a 29 años | E16: =D16*1/D20 -> 0 | F16: 20 | G16: =F16*1/F20 -> 0.13245033 | H16: =D16+F16 -> 20
B17: ADULTO | C17: De 30 a 44 años | E17: =D17*1/D20 -> 0 | F17: 14 | G17: =F17*1/F20 -> 0.092715232 | H17: =SUM(D17:D18)+F17:F18 -> 14
C18: De 45 a 59 años | E18: =D18*1/D20 -> 0 | F18: 15 | G18: =F18*1/F20 -> 0.099337748
B19: ADULTO MAYOR | C19: De 60 a mas años | E19: =D19*1/D20 -> 0 | G19: =F19*1/F20 -> 0 | H19: =D19+F19 -> 0
B20: TOTAL | D20: =SUM(D8:D19) -> 87 | E20: =SUM(E8:E19) -> 1 | F20: =SUM(F8:F19) -> 151 | G20: =SUM(G8:G19) -> 1 | H20: =SUM(H8:H19) -> 180
B22: MUJER | C22: MEF | D22: =SUM(F15:F17) -> 49 | E22: =D22*1/H20 -> 0.27222222 | N22: AQUÍ COLOCAR POBLACIÓN TOTAL SEGÚN REQUERIDO
C23: GESTANTES | E23: =D23*1/H20 -> 0
B24: * Debe corresponder a datos oficiales del INEI o censo validado por el INEI
B25: Considerar el índice de masculinidad regional según Estadística e Informática de la Geresa 2009. Mujeres 50.2% y Hombres 49.8% (siempre que no cuenten con datos locales | J25: POBLACIONAL 2019
B27: B. PIRAMIDE POBLACIONAL SEGÚN SEXO | K27: MASCULINO | M27: FEMENINO | O27: TOTAL
K28: N° | L28: % | M28: N° | N28: %
J29: 0 - 4 a | K29: =L29*O29/100 -> 50.990551 | L29: 50.990551 | M29: =K29-O29 -> -49.009449 | N29: 49.009449 | O29: 100 | P29: 100
J30: 5 - 9 a | K30: =L30*O30/100 -> 127.89223 | L30: 51.156892 | M30: =K30-O30 -> -122.10777 | N30: 48.843108 | O30: 250
J31: 10 - 14 a | K31: =L31*O31/100 -> 0 | L31: 50.670588 | M31: =K31-O31 -> 0 | N31: 49.329412
J32: 15 -19 a | K32: =L32*O32/100 -> 0 | L32: 49.267098 | M32: =K32-O32 -> 0 | N32: 50.732902
J33: 20 - 24 a | K33: =L33*O33/100 -> 0 | L33: 48.484919 | M33: =K33-O33 -> 0 | N33: 51.515081
J34: 25 - 29 a | K34: =L34*O34/100 -> 0 | L34: 47.605405 | M34: =K34-O34 -> 0 | N34: 52.394595
J35: 30 - 34 a | K35: =L35*O35/100 -> 0 | L35: 46.283543 | M35: =K35-O35 -> 0 | N35: 53.716457
J36: 35 - 39 a | K36: =L36*O36/100 -> 0 | L36: 45.62932 | M36: =K36-O36 -> 0 | N36: 54.37068
J37: 40 - 44 a | K37: =L37*O37/100 -> 0 | L37: 45.835839 | M37: =K37-O37 -> 0 | N37: 54.164161
J38: 45 - 49 a | K38: =L38*O38/100 -> 0 | L38: 45.945188 | M38: =K38-O38 -> 0 | N38: 54.054812
J39: 50 - 54 a | K39: =L39*O39/100 -> 0 | L39: 46.207524 | M39: =K39-O39 -> 0 | N39: 53.792476
J40: 55 - 59 a | K40: =L40*O40/100 -> 0 | L40: 46.682076 | M40: =K40-O40 -> 0 | N40: 53.317924
J41: 60 - 64 a | K41: =L41*O41/100 -> 0 | L41: 47.619236 | M41: =K41-O41 -> 0 | N41: 52.380764
J42: 65 - 69 a | K42: =L42*O42/100 -> 0 | L42: 48.257705 | M42: =K42-O42 -> 0 | N42: 51.742295
... J45: 80 + a | K45: =L45*O45/100 -> 0 | L45: 43.203165 | M45: =K45-O45 -> 0 | N45: 56.796835
J46: TOTAL | K46: =SUM(K29:K45) -> 178.88278 | M46: =SUM(M29:M45) -> -171.11722 | O46: =SUM(O29:O45) -> 350

Sheet F4A POBLACIÓN 
B4: DISTRIBUCIÓN DE LA POBLACIÓN POR PRESTADORES
B5: POBLACIÓN | E5: NUMERO | G5: %
B6: A = Asignada a otros Prestadores | E6: 40 | G6: =E6*1/$E$9 -> 0.5
B7: Asignada al establecimiento B = (B1 + B2) | C7: Afiliados al SIS (B1) | E7: 30 | G7: =E7*1/$E$9 -> 0.375
C8: No afiliados al SIS (B2) | E8: 10 | G8: =E8*1/$E$9 -> 0.125
B9: TOTAL (A + B) | E9: =SUM(E6:F8) -> 80 | G9: =SUM(G6:H8) -> 1
B10: * (A) Incluye EsSALUD, FF.AA, Entidades Privadas y todas las que no sean MINSA.
B11: * (B) Equivale a la población bajo responsabilidad de la Asociación CLAS
B13: POBLACIÓN POR AREA DE RESIDENCIA Y NIVEL DE POBREZA AÑO 2019
B15: POBLACIÓN | C15: Nº | D15: % | E15: PORCENTAJE DE DISTRIBUCION DE LA POBLACION POR ESTRATOS DE POBREZA O QUINTILES
E16: I | F16: II | G16: III | H16: IV
B17: Área Urbana | C17: =0.85*'F4 POBLACIÓN '!H20 -> 153 | D17: =C17*100/'F4 POBLACIÓN '!D20 -> 175.86207 | E17: 0 | F17: 0 | G17: 0.88 | H17: 0
B18: Área Rural | C18: 0 | D18: =C18*100/'F4 POBLACIÓN '!D20 -> 0 | E18: 0 | F18: 0 | G18: 0 | H18: 0
B19: TOTAL | C19: =SUM(C17:C18) -> 153 | D19: =SUM(D17:D18) -> 175.86207 | E19: =SUM(E17:E18) -> 0 | F19: =SUM(F17:F18) -> 0 | G19: =SUM(G17:G18) -> 0.88 | H19: =SUM(H17:H18) -> 0
B20: * De acuerdo a definiciones de INEI y puede proyectarse datos para su ámbito

Sheet F5 IND. SOCIALES 
B2: INDICADORES SOCIALES
B4: A. PRESTACION DE SERVICIOS DE SALUD
B6: ESTABLECIMIENTOS DE SALUD | C6: DENOMINACION
B7: Establecimientos de Salud GERSA
B8: Establecimientos de Salud ESSALUD
B9: Establecimientos de Salud Municipales
B10: Establecimientos de Salud Privados
B11: Otros Establecimientos no incluidos
B13: B. AGENTES COMUNITARIOS DE SALUD
B15: AGENTES | C15: NUMERO
C16: EESS 1 | D16: EESS 2 | E16: EESS 3 | F16: EESS 4 | G16: EESS 5 | H16: EESS 6 | I16: EESS 7 | J16: EESS 8 | K16: EESS 9 | L16: EESS 10 | M16: EESS 11 | N16: TOTAL
B17: Parteras comunales | N17: =SUM(C17:M17) -> 0
B18: Promotores de salud | N18: =SUM(C18:M18) -> 0
B19: Pares escolares: centros educativos | N19: =SUM(C19:M19) -> 0
B20: Otros(curanderos, hueseros, comadronas, etc.) | N20: =SUM(C20:M20) -> 0
B22: C. ESTABLECIMIENTOS Y SERVICIOS QUE INFLUYEN EN LA SALUD
B24: TIPOS | C24: NUMERO
C25: EESS 1 | D25: EESS 2 | E25: EESS 3 | F25: EESS 4 | G25: EESS 5 | H25: EESS 6 | I25: EESS 7 | J25: EESS 8 | K25: EESS 9 | L25: EESS 10 | M25: EESS 11 | N25: TOTAL
B26: Tiendas y bodegas | N26: =SUM(C26:M26) -> 0
B27: Comedores y restaurantes | N27: =SUM(C27:M27) -> 0
B28: Puestos de comida ambulatoria | N28: =SUM(C28:M28) -> 0
B29: Reservorios de agua existentes | N29: =SUM(C29:M29) -> 0
B30: Fabricas que elaboren Productos Alimenticios (queso yogur ) | N30: =SUM(C30:M30) -> 0
B31: Otros | N31: =SUM(C31:M31) -> 0
B32: Fuente: censo local actualizado
B34: D. INSTITUCIONES EDUCATIVAS
B36: INSTITUCIONES EDUCATIVAS (*) | C36: N° DE CENTROS | F36: N° DE AULAS | I36: N° DE DOCENTES | L36: N° DE ALUMNOS
B37: Instituciones de educación inicial y PRONOEI
B38: Instituciones Primarias
B39: Instituciones Secundarias
B40: Instituciones de Nivel Superior (CEO…)
B41: * En el caso de colegios primario-secundarios se consignara cada nivel por separado
B42: En base a la información proporcionada por la UGEL, año 2017.
B44: ACTORES SOCIALES EN LA JURISDICCION DE LA CLAS
B46: AUTORIDADES LOCALES | C46: NOMBRES Y APELLIDOS | L46: TELEFONOS
B47: 1. ALCALDES
B48: 3. GOBERNADOR
B49: 4. TENIENTES GOBERNADORES
B50: 5. POLICIA NACIONAL DEL PERU
B52: MIEMBROS DEL CONSEJO DIRECTIVO | C52: NOMBRES Y APELLIDOS | L52: TELEFONOS
B53: PRESIDENTE
B54: SECRETARIO
B55: TESORERO
B56: ORGANIZACIONES DE BASE OFICIALES INSCRITAS Y REGISTRADAS EN EL PADRON DE LA MUNICIPALIDAD DISTRITAL | G56: NUMERO | I56: DIRECCION
B57: Organizaciones sociales de base | C57: Clubes juveniles
C58: Vaso de leche
C59: Clubes de madres
C60: Comedores populares
C61: Otros
B62: Autoridades comunitarias | C62: Juntas directiva
C63: Comunidades campesinas
C64: Comunidades nativas
C65: Otros
B66: Otras organizaciones Sociales | C66: Iglesia
C67: APAFAS
C68: Otros

Sheet F6 SECTORIZACION
B2: SECTORIZACION DE LA JURISDICCION
B4: ATENCION INTEGRAL DE SALUD CON ENFOQUE EN FAMILIA Y COMUNIDAD
B5: SECTORES | C5: COMUNIDAD,ANEXO,ASOCIACION, JUNTA VECINAL | D5: NRO DE FAMILIAS | E5: INTEGRANTES DEL EQUIPO BASICO DE SALUD POR SECTOR | F5: RESPONSABLE DEL SECTOR | G5: AGENTE COMUNITARIO
B6: SECTOR I | E6: Medico: Enfermera: Obstetriz: Téc. Enfermería:
B13: SECTOR II | E13: Medico: Enfermera: Obstetriz: Téc. Enfermería:
B17: SECTOR III
B23: SECTOR IV
B30: SECTOR V | E30: Médico: Odontólogo: Enfermera: Obstetriz: Asis. Social: Téc. Enfermería:
B37: SECTOR VI
B46: SECTOR VII
B55: SECTOR VIII
B58: SECTOR IX

Sheet F7 IND. SOCIOECO. CULTURALES
A1: INDICADORES CULTURALES ECONÓMICOS
A3: Provincia | B3: Distrito | D3: Quintil de Pobreza (del distrito) | E3: Servicios Básicos por Distrito | I3: Trabajo | K3: PRINCIPALES CELEBRACIONES POR CENTRO POBLADO
C4: Centro Poblado | E4: % hogares con agua potable | F4: % hogares con desagüe | G4: % hogares con eliminación de residuos sólidos | H4: % hogares con electricidad | I4: Ocupación predominante en la población del Distrito | J4: Grupos étnico e Idiomas predominantes

Sheet F8 MORBIMORTALIDAD 
B2: INFORMACION DEL PROCESO SALUD ENFERMEDAD
B4: A. DIEZ PRIMERAS CAUSAS DE MORBILIDAD POR ETAPAS DE VIDA AÑO: 2014 - 2018
B6: N° | C6: 10 PRIMERAS CAUSAS DE MORBILIDAD GENERAL | D6: 2014 | E6: 2015 | F6: 2016 | G6: 2017 | H6: 2018
B7: 1
B8: 2 | D8: 20 | E8: 50 | F8: 67 | G8: 89 | H8: 90
B9: 3
B10: 4
B11: 5
B12: 6
B13: 7
B14: 8
B15: 9
B16: 10 | C16: OTRAS CAUSAS
C17: TOTAL | D17: =SUM(D7:D16) -> 20 | E17: =SUM(E7:E16) -> 50 | F17: =SUM(F7:F16) -> 67 | G17: =SUM(G7:G16) -> 89 | H17: =SUM(H7:H16) -> 90
C18: *Colocar en los años la cantidad en números
C20: ETAPA DE VIDA: NIÑO
B21: N° | C21: 10 PRIMERAS CAUSAS DE MORBILIDAD | D21: 2014 | E21: 2015 | F21: 2016 | G21: 2017 | H21: 2018
B22: 1
B23: 2
B24: 3
B25: 4
B26: 5
B27: 6
B28: 7
B29: 8
B30: 9
B31: 10 | C31: OTRAS CAUSAS
C32: TOTAL | D32: =SUM(D22:D31) -> 0 | E32: =SUM(E22:E31) -> 0 | F32: =SUM(F22:F31) -> 0 | G32: =SUM(G22:G31) -> 0 | H32: =SUM(H22:H31) -> 0
C33: *Colocar en los años la cantidad en números
C35: ETAPA DE VIDA: ADOLESCENTE
B36: N° | C36: 10 PRIMERAS CAUSAS DE MORBILIDAD | D36: 2014 | E36: 2015 | F36: 2016 | G36: 2017 | H36: 2018
B37: 1
B38: 2
B39: 3
B40: 4
B41: 5
B42: 6
B43: 7
B44: 8
B45: 9
B46: 10 | C46: OTRAS CAUSAS
C47: TOTAL | D47: =SUM(D37:D46) -> 0 | E47: =SUM(E37:E46) -> 0 | F47: =SUM(F37:F46) -> 0 | G47: =SUM(G37:G46) -> 0 | H47: =SUM(H37:H46) -> 0
C48: FUENTE: HISS
C50: ETAPA DE VIDA: JOVEN
B51: N° | C51: 10 PRIMERAS CAUSAS DE MORBILIDAD | D51: 2014 | E51: 2015 | F51: 2016 | G51: 2017 | H51: 2018
B52: 1
B53: 2
B54: 3
B55: 4
B56: 5
B57: 6
B58: 7
B59: 8
B60: 9
B61: 10 | C61: OTRAS CAUSAS
C62: TOTAL | D62: =SUM(D52:D61) -> 0 | E62: =SUM(E52:E61) -> 0 | F62: =SUM(F52:F61) -> 0 | G62: =SUM(G52:G61) -> 0 | H62: =SUM(H52:H61) -> 0
C63: FUENTE: HISS
C65: ETAPA DE VIDA: ADULTO
B66: N° | C66: 10 PRIMERAS CAUSAS DE MORBILIDAD | D66: 2014 | E66: 2015 | F66: 2016 | G66: 2017 | H66: 2018
B67: 1
B68: 2
B69: 3
B70: 4
B71: 5
B72: 6
B73: 7
B74: 8
B75: 9
B76: 10 | C76: OTRAS CAUSAS
C77: TOTAL | D77: =SUM(D67:D76) -> 0 | E77: =SUM(E67:E76) -> 0 | F77: =SUM(F67:F76) -> 0 | G77: =SUM(G67:G76) -> 0 | H77: =SUM(H67:H76) -> 0
C78: FUENTE: HISS
C80: ETAPA DE VIDA: ADULTO MAYOR
B81: N° | C81: 10 PRIMERAS CAUSAS DE MORBILIDAD | D81: 2014 | E81: 2015 | F81: 2016 | G81: 2017 | H81: 2018
B82: 1
B83: 2
B84: 3
B85: 4
B86: 5
B87: 6
B88: 7
B89: 8
B90: 9
B91: 10 | C91: OTRAS CAUSAS
C92: TOTAL | D92: =SUM(D82:D91) -> 0 | E92: =SUM(E82:E91) -> 0 | F92: =SUM(F82:F91) -> 0 | G92: =SUM(G82:G91) -> 0 | H92: =SUM(H82:H91) -> 0
C93: FUENTE: HISS
B95: B. DIEZ PRIMERAS CAUSAS DE MORTALIDAD AÑO: 2017
B97: N° | C97: 10 PRIMERAS CAUSAS DE MORTALIDAD GENERAL | D97: 2014 | E97: 2015 | F97: 2016 | G97: 2017 | H97: 2018
B98: 1
B99: 2
B100: 3
B101: 4
B102: 5
B103: 6
B104: 7
B105: 8
B106: 9
B107: 10 | C107: OTRAS CAUSAS
C108: TOTAL | D108: =SUM(D98:D107) -> 0 | E108: =SUM(E98:E107) -> 0 | F108: =SUM(F98:F107) -> 0 | G108: =SUM(G98:G107) -> 0 | H108: =SUM(H98:H107) -> 0
C110: ETAPA DE VIDA: NIÑO
B111: N° | C111: 10 PRIMERAS CAUSAS DE MORTALIDAD | D111: 2014 | E111: 2015 | F111: 2016 | G111: 2017 | H111: 2018
...

Sheet F9 SERVICIOS PRESTADOS 
B2: SERVICIO DE ATENCIÓN PRESTADOS EN LA MICRORRED
B4: CINCO PRIMERAS CAUSAS DE ATENCIÓN DE CONSULTA EXTERNA
B5: Nº | C5: CAUSA | D5: Nº | E5: %
B6: 1 | E6: =IF($D$23=0,"-",D6/$D$23*100) -> 0
B7: 2 | E7: =IF($D$23=0,"-",D7/$D$23*100) -> 0
B8: 3 | E8: =IF($D$23=0,"-",D8/$D$23*100) -> 0
B9: 4 | E9: =IF($D$23=0,"-",D9/$D$23*100) -> 0
B10: 5 | E10: =IF($D$23=0,"-",D10/$D$23*100) -> 0
C11: OTRAS CAUSAS | E11: =IF($D$23=0,"-",D11/$D$23*100) -> 0
B12: TOTAL DE EMERGENCIAS | D12: =SUM(D6:D11) -> 0 | E12: =IF($D$23=0,"-",D12/$D$23*100) -> 0
B15: CINCO PRIMERAS CAUSAS DE ATENCIÓN DE URGENCIA
B16: Nº | C16: CAUSA | D16: Nº | E16: %
B17: 1 | D17: 24 | E17: =IF($D$23=0,"-",D17/$D$23*100) -> 22.857143
B18: 2 | D18: 56 | E18: =IF($D$23=0,"-",D18/$D$23*100) -> 53.333333
B19: 3 | D19: 10 | E19: =IF($D$23=0,"-",D19/$D$23*100) -> 9.5238095
B20: 4 | D20: 5 | E20: =IF($D$23=0,"-",D20/$D$23*100) -> 4.7619048
B21: 5 | D21: 4 | E21: =IF($D$23=0,"-",D21/$D$23*100) -> 3.8095238
C22: OTRAS CAUSAS | D22: 6 | E22: =IF($D$23=0,"-",D22/$D$23*100) -> 5.7142857
B23: TOTAL DE EMERGENCIAS | D23: =SUM(D17:D22) -> 105 | E23: =IF($D$23=0,"-",D23/$D$23*100) -> 100
B25: CINCO PRIMERAS CAUSAS DE ATENCIÓN DE EMERGENCIAS
B26: Nº | C26: CAUSA | D26: Nº | E26: %
B27: 1 | E27: =IF($D$23=0,"-",D27/$D$23*100) -> 0
B28: 2 | E28: =IF($D$23=0,"-",D28/$D$23*100) -> 0
B29: 3 | E29: =IF($D$23=0,"-",D29/$D$23*100) -> 0
B30: 4 | E30: =IF($D$23=0,"-",D30/$D$23*100) -> 0
B31: 5 | E31: =IF($D$23=0,"-",D31/$D$23*100) -> 0
C32: OTRAS CAUSAS | E32: =IF($D$23=0,"-",D32/$D$23*100) -> 0
B33: TOTAL DE EMERGENCIAS | D33: =SUM(D27:D32) -> 0 | E33: =IF($D$23=0,"-",D33/$D$23*100) -> 0
B35: CINCO PRIMERAS CAUSAS DE ATENCIÓN REFERIDAS DE LOS EE.SS. DE LA MICRO RED A HOSPITALES
B36: Nº | C36: CAUSA | D36: Nº | E36: %
B37: 1 | E37: =IF($D$23=0,"-",D37/$D$23*100) -> 0
B38: 2 | E38: =IF($D$23=0,"-",D38/$D$23*100) -> 0
B39: 3 | E39: =IF($D$23=0,"-",D39/$D$23*100) -> 0
B40: 4 | E40: =IF($D$23=0,"-",D40/$D$23*100) -> 0
B41: 5 | E41: =IF($D$23=0,"-",D41/$D$23*100) -> 0
C42: OTRAS CAUSAS | E42: =IF($D$23=0,"-",D42/$D$23*100) -> 0
B43: TOTAL DE REFERENCIA ENVIADAS | D43: =SUM(D37:D42) -> 0 | E43: =IF($D$23=0,"-",D43/$D$23*100) -> 0
B45: * EN TOTAL CONSIDERAR EL NUMERO TOTAL DE CAUSAS

Sheet F10 REFERENCIA 
B2: SISTEMA DE REFERENCIA Y CONTRAREFERENCIA
B4: RED DE REFERENCIAS DE LA MICRO RED
B5: EE.SS | C5: ESTABLECIMIENTO AL QUE SE REFIERE | D5: DISTANCIA (Km) | E5: TIEMPO (horas)
B17: CENTROS POBLADOS SEGÚN ESTABLECIMIENTO
B18: CENTRO POBLADO | C18: ESTABLECIMIENTO DE REFERENCIA | D18: DISTANCIA (Km) | E18: TIEMPO (horas)
B35: AÑADIR MAPA DEL SISTEMA DE REFERENCIA Y CONTRARREFERENCIA DE LA MICRORED: TRAYECTOS, DISTANCIAS Y TIEMPOS ENTRE ESTABLECIMIENTOS (Incluir hospital y establecimientos de referencia que no son de la jurisdicción de ser necesario).

Sheet F11 CARTERA DE SERVICIOS 
B2: CARTERA DE SERVICIOS DE SALUD APROBADA
B3: "según R.M. N° 099-2014/MINSA, se aprueba la Directiva Administrativa N° 197-MINSA/DGSP-V.01 que establece la Cartera de Servicios de Salud
B4: RESOL. DIRECTORAL N° :
B5: FECHA DE APROBACION:
B6: CARTERA DE SERVICIOS DE SALUD POR UNIDAD PRODUCTORA DE SERVICIOS DE SALUD (UPSS) (ANEXO 01)
B8: N° | C8: UNIDAD PRODUCTORA DE SERVICIOS DE SALUD (UPSS) | D8: PRESTACIONES DE LA CARTERA DE SERVICIOS DE SALUD | E8: EESS 1 | F8: EESS2 | G8: EESS3 | H8: EESS 4 | I8: EESS 5 | J8: EESS 6 | K8: EESS 7 | L8: EESS 8
B9: 1 | C9: CONSULTA EXTERNA | D9: Consulta ambulatoria por médico general
B10: 2 | C10: CONSULTA EXTERNA | D10: Atención ambulatoria por enfermera(o).
B11: 3 | C11: CONSULTA EXTERNA | D11: Atención ambulatoria diferenciada por profesional de la salud.
B12: 4 | C12: CONSULTA EXTERNA | D12: Atención ambulatoria por profesional de la salud capacitado en salud mental.
B13: 5 | C13: CONSULTA EXTERNA | D13: Consulta ambulatoria por médico general capacitado en salud mental.
B14: 6 | C14: CONSULTA EXTERNA | D14: Atención ambulatoria por psicólogo(a).
B15: 7 | C15: CONSULTA EXTERNA | D15: Atención ambulatoria por obstetra.
B16: 8 | C16: CONSULTA EXTERNA | D16: Atención ambulatoria por cirujano dentista.
B17: 9 | C17: EMERGENCIA | D17: Atención en tópico de inyectables y nebulizaciones.
B18: 10 | C18: FARMACIA | D18: Dispensación de medicamentos, dispositivos médicos y productos sanitarios.
B19: 11 | C19: CENTRAL DE ESTERILIZACIÓN | D19: Desinfección de nivel intermedio en Central de Esterilización.
B20: 12 | C20: CENTRAL DE ESTERILIZACIÓN | D20: Esterilización por medios físicos en Central de Esterilización.
C21: COLOCAR SI, NO SEGÚN CORRESPONDA POR ESTABLECIMIENTOS
B22: CARTERA DE SERVICIOS DE SALUD POR ACTIVIDAD DE SALUD (ANEXO 02)
B24: N° | C24: ACTIVIDAD | D24: PRESTACIONES DE LA CARTERA | E24: EESS 1 | F24: EESS2 | G24: EESS3 | H24: EESS 4 | I24: EESS 5 | J24: EESS 6 | K24: EESS 7 | L24: EESS 8
B25: 1 | C25: Salud Familiar y Comunitaria | D25: Visita domiciliaria por profesional de la salud no médico
B26: 2 | C26: Salud Familiar y Comunitaria | D26: Visita domiciliaria por médico general
B27: 3 | C27: Salud Familiar y Comunitaria | D27: Intervenciones educativas y comunicacionales
B28: 4 | C28: Atención de Urgencias y Emergencias | D28: Atención inicial de urgencias y emergencias por personal de la salud no médico
B29: 5 | C29: Atención de Urgencias y Emergencias | D29: Atención de urgencias y emergencias por médico general
B30: 6 | C30: Pruebas rápidas y toma de muestras | D30: Pruebas rápidas de laboratorio clínico y toma de muestras biológicas
B31: 7 | C31: Atención con Medicamentos | D31: Expendio de medicamentos, dispositivos médicos y productos farmacéuticos
B32: 8 | C32: Desinfección y Esterilización | D32: Desinfección y esterilización
B34: *Formato Modelo

Sheet F12A RRHH
B2: PERSONAL DISPONIBLE POR CONDICION LABORAL Y GRUPO OCUPACIONAL - SEGÚN ESTABLECIMIENTO AÑO 2019
B4: TIPO DE ACTIVIDADES DE SALUD | C4: TOTAL PERSONAL SEGÚN HORAS DE TRABAJO | D4: MEDICO | E4: ENFERMERA | F4: OBSTETRA | G4: ODONTOLOGO | H4: ASISTENTA SOCIAL | I4: NUTRICIONISTA | J4: PSICOLOGO | K4: OTROS PROFESIONALES | L4: TEC. ENF. | M4: OTROS TEC. | N4: TEC. ADMINIST. | O4: PERSONAL NO INCLUIDO EN LOS ANTERIORES | P4: ESPECIFICAR LA PROFESIÓN, OFICIO, OCUPACIÓN DEL PERSONAL CONSDIERADO EN OTROS
B5: I. PERSONAL CON HORAS DE TRABAJO DISPONIBLES POR D. LEG N° 276 ( NOMBRADOS) | C5: =SUM(D5:O5) -> 0 | D5: =SUM(D6:D15) -> 0 | E5: =SUM(E6:E15) -> 0 | F5: =SUM(F6:F15) -> 0 | G5: =SUM(G6:G15) -> 0 | H5: =SUM(H6:H15) -> 0 | I5: =SUM(I6:I15) -> 0 | J5: =SUM(J6:J15) -> 0 | K5: =SUM(K6:K15) -> 0 | ... O5: =SUM(O6:O15) -> 0
B6: Establecimiento 1 | C6: =SUM(D6:O6) -> 0
B7: Establecimiento 2 | C7: =SUM(D7:O7) -> 0
B8: Establecimiento 3 | C8: =SUM(D8:O8) -> 0
B9: Establecimiento 4 | C9: =SUM(D9:O9) -> 0
B10: Establecimiento 5 | C10: =SUM(D10:O10) -> 0
B11: Establecimiento 6 | C11: =SUM(D11:O11) -> 0
B12: Establecimiento 7 | C12: =SUM(D12:O12) -> 0
B13: Establecimiento 8 | C13: =SUM(D13:O13) -> 0
B14: Establecimiento 9 | C14: =SUM(D14:O14) -> 0
B16: II. TOTAL PERSONAL CON D.L. 728 | C16: =C17+C28 -> 0 | D16: =D17+D28 -> 0 | E16: =E17+E28 -> 0 | F16: =F17+F28 -> 0 | G16: =G17+G28 -> 0 | H16: =H17+H28 -> 0 | I16: =I17+I28 -> 0 | J16: =J17+J28 -> 0 | ... O16: =O17+O28 -> 0
B17: PERSONAL CONTRATADO CON FINANCIAMIENTO RECURSOS ORDINARIOS | C17: =SUM(D17:O17) -> 0 | D17: =SUM(D27:D27) -> 0 | E17: =SUM(E27:E27) -> 0 | F17: =SUM(F27:F27) -> 0 | G17: =SUM(G27:G27) -> 0 | H17: =SUM(H27:H27) -> 0 | I17: =SUM(I27:I27) -> 0 | J17: =SUM(J27:J27) -> 0 | K17: =SUM(K27:K27) -> 0 | ... O17: =SUM(O27:O27) -> 0
B18: Establecimiento 1 | C18: =SUM(D18:O18) -> 0
B19: Establecimiento 2 | C19: =SUM(D19:O19) -> 0
B20: Establecimiento 3 | C20: =SUM(D20:O20) -> 0
B21: Establecimiento 4 | C21: =SUM(D21:O21) -> 0
B22: Establecimiento 5 | C22: =SUM(D22:O22) -> 0
B23: Establecimiento 6 | C23: =SUM(D23:O23) -> 0
B24: Establecimiento 7 | C24: =SUM(D24:O24) -> 0
B25: Establecimiento 8 | C25: =SUM(D25:O25) -> 0
B26: Establecimiento 9 | C26: =SUM(D26:O26) -> 0
C27: =SUM(D27:O27) -> 0
B28: PERSONAL CONTRATADO CON FINANCIAMIENTO RDR | C28: =SUM(D28:O28) -> 0 | D28: =SUM(D29:D38) -> 0 | E28: =SUM(E29:E38) -> 0 | F28: =SUM(F29:F38) -> 0 | G28: =SUM(G29:G38) -> 0 | H28: =SUM(H29:H38) -> 0 | I28: =SUM(I29:I38) -> 0 | J28: =SUM(J29:J38) -> 0 | K28: =SUM(K29:K38) -> 0 | ... O28: =SUM(O29:O38) -> 0
B29: Establecimiento 1 | C29: =SUM(D29:O29) -> 0
B30: Establecimiento 2 | C30: =SUM(D30:O30) -> 0
B31: Establecimiento 3 | C31: =SUM(D31:O31) -> 0
B32: Establecimiento 4 | C32: =SUM(D32:O32) -> 0
B33: Establecimiento 5 | C33: =SUM(D33:O33) -> 0
B34: Establecimiento 6 | C34: =SUM(D34:O34) -> 0
B35: Establecimiento 7 | C35: =SUM(D35:O35) -> 0
B36: Establecimiento 8 | C36: =SUM(D36:O36) -> 0
B37: Establecimiento 9 | C37: =SUM(D37:O37) -> 0
C38: =SUM(D38:O38) -> 0
B39: III.PERSONAL CON HORAS CONTRATADAS POR PPR 6 HORAS (DL1057) | C39: =SUM(D39:O39) -> 0 | D39: =SUM(D40:D49) -> 0 | E39: =SUM(E40:E49) -> 0 | F39: =SUM(F40:F49) -> 0 | G39: =SUM(G40:G49) -> 0 | H39: =SUM(H40:H49) -> 0 | I39: =SUM(I40:I49) -> 0 | J39: =SUM(J40:J49) -> 0 | K39: =SUM(K40:K49) -> 0 | ... O39: =SUM(O40:O49) -> 0
B40: Establecimiento 1 | C40: =SUM(D40:O40) -> 0
B41: Establecimiento 2 | C41: =SUM(D41:O41) -> 0
B42: Establecimiento 3 | C42: =SUM(D42:O42) -> 0
B43: Establecimiento 4 | C43: =SUM(D43:O43) -> 0
B44: Establecimiento 5 | C44: =SUM(D44:O44) -> 0
B45: Establecimiento 6 | C45: =SUM(D45:O45) -> 0
B46: Establecimiento 7 | C46: =SUM(D46:O46) -> 0
B47: Establecimiento 8 | C47: =SUM(D47:O47) -> 0
B48: Establecimiento 9 | C48: =SUM(D48:O48) -> 0
B50: IV. PERSONAL CON HORAS DE TRABAJO FINANCIADAS CON SERUMS RENTADO | C50: =SUM(D50:O50) -> 0 | D50: =SUM(D51:D60) -> 0 | E50: =SUM(E51:E60) -> 0 | F50: =SUM(F51:F60) -> 0 | G50: =SUM(G51:G60) -> 0 | H50: =SUM(H51:H60) -> 0 | I50: =SUM(I51:I60) -> 0 | J50: =SUM(J51:J60) -> 0 | K50: =SUM(K51:K60) -> 0 | ... O50: =SUM(O51:O60) -> 0
B51: Establecimiento 1 | C51: =SUM(D51:O51) -> 0
B52: Establecimiento 2 | C52: =SUM(D52:O52) -> 0
B53: Establecimiento 3 | C53: =SUM(D53:O53) -> 0
B54: Establecimiento 4 | C54: =SUM(D54:O54) -> 0
B55: Establecimiento 5 | C55: =SUM(D55:O55) -> 0
B56: Establecimiento 6 | C56: =SUM(D56:O56) -> 0
B57: Establecimiento 7 | C57: =SUM(D57:O57) -> 0
B58: Establecimiento 8 | C58: =SUM(D58:O58) -> 0
B59: Establecimiento 9 | C59: =SUM(D59:O59) -> 0
C60: =SUM(D60:O60) -> 0
B61: V. PERSONAL CON HORAS DE TRABAJO FINANCIADAS POR OTRAS FUENTES (SECTOR PUBLICO Y SECTOR PRIVADO, CONVENIOS) | C61: =SUM(D61:O61) -> 0 | D61: =SUM(D62:D71) -> 0 | E61: =SUM(E62:E71) -> 0 | F61: =SUM(F62:F71) -> 0 | G61: =SUM(G62:G71) -> 0 | H61: =SUM(H62:H71) -> 0 | I61: =SUM(I62:I71) -> 0 | J61: =SUM(J62:J71) -> 0 | K61: =SUM(K62:K71) -> 0 | ... O61: =SUM(O62:O71) -> 0
B62: Establecimiento 1 | C62: =SUM(D62:O62) -> 0
B63: Establecimiento 2 | C63: =SUM(D63:O63) -> 0
B64: Establecimiento 3 | C64: =SUM(D64:O64) -> 0
B65: Establecimiento 4 | C65: =SUM(D65:O65) -> 0
B66: Establecimiento 5 | C66: =SUM(D66:O66) -> 0
B67: Establecimiento 6 | C67: =SUM(D67:O67) -> 0
B68: Establecimiento 7 | C68: =SUM(D68:O68) -> 0
B69: Establecimiento 8 | C69: =SUM(D69:O69) -> 0
B70: Establecimiento 9 | C70: =SUM(D70:O70) -> 0
C71: =SUM(D71:O71) -> 0
B72: TOTAL DE PERSONAL POR TODAS LAS FUENTES DE FINANCIAMIENTO (I) + (II) + (III) + (IV) + (V) | C72: =SUM(D72:O72) -> 0 | D72: =D5+D16+D39+D50+D61 -> 0 | E72: =E5+E16+E39+E50+E61 -> 0 | F72: =F5+F16+F39+F50+F61 -> 0 | G72: =G5+G16+G39+G50+G61 -> 0 | H72: =H5+H16+H39+H50+H61 -> 0 | I72: =I5+I16+I39+I50+I61 -> 0 | J72: =J5+J16+J39+J50+J61 -> 0 | K72: =K5+K16+K39+K50+K61 -> 0 | ... O72: =O5+O16+O39+O50+O61 -> 0

Sheet F12B RRHH
A2: PERSONAL CONTRATADO TUO 728 2018
A3: N° | B3: APELLIDOS Y NOMBRES | C3: DNI Nº | D3: FECHA DE NACIMIENTO | E3: ESTADO CIVIL | F3: FECHA DE INGRESO | G3: CONDICION DE CONTRATO | H3: VIGENCIA DE CONTRATO | I3: PROFESION/OCUPACION | J3: Nº REGISTRO DE DIPLOMA O TITULO PROFESIONAL | K3: Nº COLEGIATURA | L3: INICIO Y TERMINO SERUMS | M3: Nº RESOLUCION TERMINO SERUMS | N3: SISTEMA DE PENSIONES | O3: DOMICILIO | P3: Nº CELULAR Y/O TELEFONO FIJO
A4: 1
A5: 2
A6: 3
A7: 4
A8: 5
A9: 6
A10: 7
A11: 8
A12: 9
A13: 10
A14: 11
A15: 12
... A21: 18

Sheet F13 PROBLEMAS PRIORIZADOS
B2: PRIORIDADES E INTERVENCIONES SANITARIAS LOCALES
B3: (Las que serán aprobadas en la Asambla General. Fase de Planeamiento Estratégico Participativo de Salud)
B4: PROBLEMAS SANITARIOS PRIORIZADOS POR ETAPAS DE VIDA
B6: NIÑO
B7: 1
B8: 2
B9: 3
B10: 4
B11: 5
B12: 6
B13: 7
B14: 8
B16: ADOLESCENTE
B17: 1
B18: 2
B19: 3
B20: 4
B21: 5
B22: 6
B23: 7
B24: 8
B26: JOVEN
B27: 1
B28: 2
B29: 3
B30: 4
B31: 5
B32: 6
B33: 7
B34: 8
B36: ADULTO
B37: 1
B38: 2
B39: 3
B40: 4
B41: 5
B42: 6
B43: 7
B44: 8
B46: ADULTO MAYOR
B47: 1
B48: 2
B49: 3
B50: 4
B51: 5
B52: 6
B53: 7
B54: 8
B56: PROBLEMA DE SALUD EN LA FAMILIA
B57: 1
B58: 2
B59: 3
B60: 4
B61: 5
B62: 6
B63: 7
B64: 8
B66: PROBLEMA DE SALUD EN LA COMUNIDAD
B67: 1
B68: 2
B69: 3
B70: 4
B71: 5
B72: 6
B73: 7
B74: 8
B76: PROBLEMA DE GESTION EN SALUD
B77: 1
B78: 2
B79: 3
B80: 4
B81: 5
B82: 6
B83: 7
B84: 8
B86: PROBLEMA DE LA VIDA INSTITUCIONAL DE LA ASOCIACION CLAS Y DE LA PARTICIPACION COMUNITARIA
B87: 1
B88: 2
B89: 3
B90: 4
B91: 5
B92: 6
B93: 7
B94: 8

Sheet F14 HORAS DESPLAZAMIENTO
A1: PROGRAMACION DEL HORAS DE DESPLAZAMIENTO PARA LA REALIZACION DE TRABAJO EXTRAMURAL EN LOCALIDADES A DISTANCIAS MAYORES A 2 HORAS
A3: Nº | B3: LOCALIDAD DE ENTREGA DE SERVICIOS * | C3: POBLACION | D3: CALCULO DE TIEMPO DE DESPLAZAMIENTO (HORAS) | G3: NUMERO DE VISITAS POR LOCALIDAD A REALIZARSE EN EL 2,017
D4: VIAJE IDA (A) | E4: VIAJE VUELTA (B) | F4: TOTAL (A+B) = (C) | G4: MEDICO | I4: ENFERMERA | K4: OBSTETRIZ | M4: ODONTOLOGO | O4: NUTRICIONISTA | Q4: PSICOLOGO | S4: TEC. ENF.
G5: N° (D) | H5: HOR. (DxC) | I5: N° (E) | J5: HOR. (ExC) | K5: N° (F) | L5: HOR. (FxC) | M5: N° (G) | N5: HOR. (GxC) | O5: N° (H) | P5: HOR. (HxC) | Q5: N° (I) | R5: HOR. (IxC) | S5: N° (J) | T5: HOR. (JxC)
A6: 1 | F6: =D6+E6 -> 0 | H6: =G6*F6 -> 0 | J6: =I6*F6 -> 0 | L6: =K6*F6 -> 0 | N6: =M6*F6 -> 0 | P6: =O6*F6 -> 0 | R6: =Q6*F6 -> 0 | T6: =S6*F6 -> 0
A7: 2 | D7: 4 | E7: 4 | F7: =D7+E7 -> 8 | G7: 3 | H7: =G7*F7 -> 24 | I7: 1 | J7: =I7*F7 -> 8 | K7: 2 | L7: =K7*F7 -> 16 | M7: 2 | N7: =M7*F7 -> 16 | O7: 2 | P7: =O7*F7 -> 16 | Q7: 2 | R7: =Q7*F7 -> 16 | S7: 2 | T7: =S7*F7 -> 16
A8: 3 | F8: =D8+E8 -> 0 | H8: =G8*F8 -> 0 | J8: =I8*F8 -> 0 | L8: =K8*F8 -> 0 | N8: =M8*F8 -> 0 | P8: =O8*F8 -> 0 | R8: =Q8*F8 -> 0 | T8: =S8*F8 -> 0
A9: 4 | F9: =D9+E9 -> 0 | H9: =G9*F9 -> 0 | J9: =I9*F9 -> 0 | L9: =K9*F9 -> 0 | N9: =M9*F9 -> 0 | P9: =O9*F9 -> 0 | R9: =Q9*F9 -> 0 | T9: =S9*F9 -> 0
A10: 5 | F10: =D10+E10 -> 0 | H10: =G10*F10 -> 0 | J10: =I10*F10 -> 0 | L10: =K10*F10 -> 0 | N10: =M10*F10 -> 0 | P10: =O10*F10 -> 0 | R10: =Q10*F10 -> 0 | T10: =S10*F10 -> 0
A11: 6 | F11: =D11+E11 -> 0 | H11: =G11*F11 -> 0 | J11: =I11*F11 -> 0 | L11: =K11*F11 -> 0 | N11: =M11*F11 -> 0 | P11: =O11*F11 -> 0 | R11: =Q11*F11 -> 0 | T11: =S11*F11 -> 0
A12: 7 | F12: =D12+E12 -> 0 | H12: =G12*F12 -> 0 | J12: =I12*F12 -> 0 | L12: =K12*F12 -> 0 | N12: =M12*F12 -> 0 | P12: =O12*F12 -> 0 | R12: =Q12*F12 -> 0 | T12: =S12*F12 -> 0
A13: 8 | F13: =D13+E13 -> 0 | H13: =G13*F13 -> 0 | J13: =I13*F13 -> 0 | L13: =K13*F13 -> 0 | N13: =M13*F13 -> 0 | P13: =O13*F13 -> 0 | R13: =Q13*F13 -> 0 | T13: =S13*F13 -> 0
A14: 9 | F14: =D14+E14 -> 0 | H14: =G14*F14 -> 0 | J14: =I14*F14 -> 0 | L14: =K14*F14 -> 0 | N14: =M14*F14 -> 0 | P14: =O14*F14 -> 0 | R14: =Q14*F14 -> 0 | T14: =S14*F14 -> 0
A15: 10 | F15: =D15+E15 -> 0 | H15: =G15*F15 -> 0 | J15: =I15*F15 -> 0 | L15: =K15*F15 -> 0 | N15: =M15*F15 -> 0 | P15: =O15*F15 -> 0 | R15: =Q15*F15 -> 0 | T15: =S15*F15 -> 0
A16: 11 | F16: =D16+E16 -> 0 | H16: =G16*F16 -> 0 | J16: =I16*F16 -> 0 | L16: =K16*F16 -> 0 | N16: =M16*F16 -> 0 | P16: =O16*F16 -> 0 | R16: =Q16*F16 -> 0 | T16: =S16*F16 -> 0
A17: 12 | F17: =D17+E17 -> 0 | H17: =G17*F17 -> 0 | J17: =I17*F17 -> 0 | L17: =K17*F17 -> 0 | N17: =M17*F17 -> 0 | P17: =O17*F17 -> 0 | R17: =Q17*F17 -> 0 | T17: =S17*F17 -> 0
A18: 13 | F18: =D18+E18 -> 0 | H18: =G18*F18 -> 0 | J18: =I18*F18 -> 0 | L18: =K18*F18 -> 0 | N18: =M18*F18 -> 0 | P18: =O18*F18 -> 0 | R18: =Q18*F18 -> 0 | T18: =S18*F18 -> 0
A19: 14 | F19: =D19+E19 -> 0 | H19: =G19*F19 -> 0 | J19: =I19*F19 -> 0 | L19: =K19*F19 -> 0 | N19: =M19*F19 -> 0 | P19: =O19*F19 -> 0 | R19: =Q19*F19 -> 0 | T19: =S19*F19 -> 0
A20: 15 | F20: =D20+E20 -> 0 | H20: =G20*F20 -> 0 | J20: =I20*F20 -> 0 | L20: =K20*F20 -> 0 | N20: =M20*F20 -> 0 | P20: =O20*F20 -> 0 | R20: =Q20*F20 -> 0 | T20: =S20*F20 -> 0
B21: TOTAL | C21: =SUM(C6:C20) -> 0 | H21: =SUM(H6:H20) -> 24 | J21: =SUM(J6:J20) -> 8 | L21: =SUM(L6:L20) -> 16 | N21: =SUM(N6:N20) -> 16 | P21: =SUM(P6:P20) -> 16 | R21: =SUM(R6:R20) -> 16 | T21: =SUM(T6:T20) -> 16
A22: * En el caso de un solo establecimiento se consignara las localidades con poblacion sin acceso directo, cuando existen varios se programaran priorizando algunos y localidades sin acceso directoestablecimientos
B24: CONSOLIDADO POR PROFESIONAL PARA EL TRASLADO DEL TRABAJO EXTRAMURAL
B26: TIPO DE PROFESIONAL | C26: HORAS AL AÑO
B27: MEDICO | C27: =H21 -> 24
B28: ENFERMERA | C28: =J21 -> 8
B29: OBSTETRIZ | C29: =L21 -> 16
B30: ODONTOLOGO | C30: =N21 -> 16
B31: NUTRICIONISTA | C31: =P21 -> 16
B32: PSICOLOGO | C32: =R21 -> 16
B33: TEC. ENFERMERIA | C33: =T21 -> 16
B34: SUB TOTALHORAS DE DESPLAZAMIENTO PARA EXTRAMURAL | C34: =SUM(C27:C33) -> 112

Sheet F15 PROG. ACTIVIDADES
A1: PROGRAMACION DE ACTIVIDADES DEL PLAN DE SALUD LOCAL 2019
A2: N° ACT. | B2: ESTRG | C2: PPR | D2: ACTIVIDADES | E2: CODIGO HISS | F2: INDICADOR | G2: POBLACIÓN OBJETIVO | H2: UNIDAD DE MEDIDA | I2: DEFINICIÓN OPERACIONAL | J2: FUENTE DE VERIFICACIÓN/ REGISTRO | K2: CRITERIOS DE PROGRAMACIÓN | L2: CONCENTRACIÓN | M2: TIEMPO POR ACTIVIDAD | N2: PROGRAMACION ATENDIDOS | AA2: ATC
N3: EESS 1 | O3: EESS 2 | P3: EESS 3 | Q3: EESS 4 | R3: EESS 5 | S3: EESS 6 | T3: EESS 7 | U3: EESS 8 | V3: EESS 9 | W3: EESS 10 | X3: EESS 11 | Y3: EESS 12 | Z3: PRG X MR
A5: 1 | B5: NIÑO | C5: PAN | D5: SUPLEMENTO DE MICRONUTRIENTES | F5: % DE NIÑOS MENORES DE 110 y 130 dias SUPLEMENTADOS CON SULFATO FERROSO EN GOTAS | G5: < 1 año | H5: Niño Suplementado | I5: La suplementación con hierro es una intervención que tiene como objetivo asegurar el suministro adecuado de hierro en los niños menores de 36 meses para mantener niveles adecuados de hierro en su organismo y prevenir la anemia, mejorar la inmunidad y favorecer el crecimiento. Se inicia a partir de los 6 meses y continua hasta completar 12 entregas mensuales. | J5: HC - HIS - LIBRO DE SEGUIMIENTO | K5: 100 % de Niños menores de 1 año prioritariamente Afiliados SIS y sin seguro | L5: 6 | M5: 10 | N5: 19 | Z5: =SUM(N5:Y5) -> 19 | AA5: =L5*Z5 -> 114
B6: NIÑO | C6: PAN | F6: % DE NIÑOS DE <1 AÑO SUPLEMENTADOS CON HIERRO Y/O MICRONUTRIENTES | G6: < 1 año | H6: Niño Suplementado | J6: HC - HIS - LIBRO DE SEGUIMIENTO | K6: 100 % de Niños < 1 año prioritariamente Afiliados SIS y sin seguro | L6: 6 | M6: 10 | Z6: =SUM(N6:Y6) -> 0 | AA6: =L6*Z6 -> 0
B7: NIÑO | C7: PAN | F7: % DE NIÑOS DE 1 años SUPLEMENTADOS CON HIERRO Y/O MICRONUTRIENTES | G7: 1 años | H7: Niño Suplementado | J7: HC - HIS - LIBRO DE SEGUIMIENTO | K7: 100 % de Niños de 1 años que no recibieron las 12 entregas de micronutrientes antes de los 2 años | L7: 6 | M7: 10 | Z7: =SUM(N7:Y7) -> 0 | AA7: =L7*Z7 -> 0
B8: NIÑO | C8: PAN | F8: % DE NIÑOS DE 2 años SUPLEMENTADOS CON HIERRO Y/O MICRONUTRIENTES | G8: 2 años | H8: Niño Suplementado | J8: HC - HIS - LIBRO DE SEGUIMIENTO | K8: 100 % de Niños de 2 años que no recibieron las 12 entregas de micronutrientes antes de los 3 años | L8: 6 | M8: 10 | Z8: =SUM(N8:Y8) -> 0 | AA8: =L8*Z8 -> 0
B9: NIÑO | C9: PAN | F9: % DE NIÑOS DE 3 años SUPLEMENTADOS CON HIERRO Y/O MICRONUTRIENTES | G9: 3 años | H9: Niño Suplementado | J9: HC - HIS - LIBRO DE SEGUIMIENTO | K9: 100 % de Niños de 3 años que no recibieron las 12 entregas de micronutrientes antes de los 3 años | L9: 6 | M9: 10 | Z9: =SUM(N9:Y9) -> 0 | AA9: =L9*Z9 -> 0
B10: NIÑO | C10: PAN | F10: % DE NIÑOS DE 4 años a 5 años SUPLEMENTADOS CON HIERRO Y/O MICRONUTRIENTES | G10: 4 años | H10: Niño Suplementado | J10: HC - HIS - LIBRO DE SEGUIMIENTO | K10: 100 % de Niños de 4 años que no recibieron las 12 entregas de micronutrientes antes de los 3 años | L10: 6 | M10: 10 | Z10: =SUM(N10:Y10) -> 0 | AA10: =L10*Z10 -> 0
B11: ADOLESCENTE | C11: PAN | F11: % DE ADOLESCENTES DE 12 A 17 AÑOS SUPLEMENTADOS CON SULFATO FERROSO Y ACIDO FOLICO | G11: Adolescente | H11: Adolescente suplementado | I11: La suplementacionde sulfato ferroso y acido tiene como finalidad asegurar el desarrollo adecuado del adolescente | J11: HC - HIS - LIBRO DE SEGUIMIENTO | K11: 50% de adolescentes con SIS | L11: 6 | M11: 10 | Z11: =SUM(N11:Y11) -> 0 | AA11: =L11*Z11 -> 0
B12: Gestante | C12: SMN | F12: % DE GESTANTES SUPLEMENTADAS CON SULFATO FERROSO + ACIDO FOLICO | G12: Gestante | H12: Gestante suplementada | I12: La suplementacion es una intervencion que tiene como objetivo asegurar el suministro adecuado a las gestantes y puerperas de hierro más Ac. Fólico, para disminuir la prevalencia de anemia y otras complicaciones. Se entrega a partir de las 14 semanas de gestacion cada vez q la usuaria acude a la consulta o en domicilio. - Lo realiza profesional de la salud Obstetra, en EESS desde el primer nivel de atc. en un tiempo no menor de 20 minutos por atención. - Además de la entrega del insumo, la gestante recibe orientación/consejería y evaluacion nutricional, la misma que queda consignada en el cuaderno de seguimiento, Historia Clínica y Carné Materno Perinatal. - Adicionalmente se realiza 1 visita domiciliria a las gestantes para lograr adherencia al sulfato ferroso. - Se considera gestante suplementada, cuando la usuaria recibe un total de 60 tabletas de ácido fólico (durante los primeros 3 meses de gestación) y 210 tabletas de sulfato ferroso + ácido fólico (180 tabletas de sulfato ferrosos durante la gestación y 30 durante el puerperio). | J12: HC - HIS - SIP - RADAR | K12: 100 % de gestantes esperadas, | L12: 6 | M12: 10 | N12: 20 | O12: 15 | P12: 10 | Z12: =SUM(N12:Y12) -> 45 | AA12: =L12*Z12 -> 270
B13: Gestante | C13: SMN | F13: % DE PUERPERAS CON SUPLEMENTACIÓN DE SULFATO FERROSO COMPLETO | G13: Puerpera | H13: Puerpera suplementada | J13: HC - HIS - SIP - RADAR | K13: 100 % de puerperas, | L13: 1 | M13: 10 | Z13: =SUM(N13:Y13) -> 0 | AA13: =L13*Z13 -> 0
A14: =+A5+1 -> 2 | B14: NIÑO | C14: PAN | D14: CONTROL CRED | F14: % DE RECIEN NACIDOS CON 2 CONTROLES CRED HASTA LOS 15 DIAS | G14: R.N. | H14: R. N. Controlado | I14: Control de crecimiento y desarrollo: Conjunto de actividades periódicas y sistemáticas desarrolladas por el profesional enfermera o médico, con el objetivo de vigilar de manera adecuada y oportuna el crecimiento y desarrollo de la niña y el niño a fin de detectar de manera precoz y oportuna riesgos, alteraciones o trastornos, así como la presencia de enfermedades, facilitar su diagnóstico e intervención oportuna; así mismo promover la mejora de las practicas de cuidado de alimentación del niño a través de la consejería, la misma que forma parte del control. Para el cálculo de la meta física de Recién Nacidos tomar como referencia el padrón nominal de gestantes. | J14: HC - HIS - LIBRO DE SEGUIMIENTO | K14: 100% de niños y niñas afiliados SIS y en quintiles de pobreza I y II y 80% en la Provincia de Arequipa. 04 controles de RN , 48 horas, 7 dias, 15 dias y 21 dias | L14: 4 | M14: 45 | Z14: =SUM(N14:Y14) -> 0 | AA14: =L14*Z14 -> 0
B15: NIÑO | C15: PAN | F15: % DE NIÑOS CON CONTROLES CRED COMPLETOS PARA LA EDAD | G15: < 1 año | H15: Niño Controlado | J15: HC - HIS - LIBRO DE SEGUIMIENTO | K15: 100% de niños y niñas afiliados SIS y en quintiles de pobreza I y II y 80% en la Provincia de Arequipa. | L15: 11 | M15: 45 | Z15: =SUM(N15:Y15) -> 0 | AA15: =L15*Z15 -> 0
B16: NIÑO | C16: PAN | G16: 1 año | H16: Niño Controlado | J16: HC - HIS - LIBRO DE SEGUIMIENTO | L16: 6 | M16: 45 | Z16: =SUM(N16:Y16) -> 0 | AA16: =L16*Z16 -> 0
B17: NIÑO | C17: PAN | G17: 2 - 4 años | H17: Niño Controlado | J17: HC - HIS - LIBRO DE SEGUIMIENTO | L17: 4 | M17: 45 | Z17: =SUM(N17:Y17) -> 0 | AA17: =L17*Z17 -> 0
B18: NIÑO | G18: 5 - 11 años | H18: Niño Controlado | J18: HC - HIS - LIBRO DE SEGUIMIENTO | L18: 1 | M18: 45 | Z18: =SUM(N18:Y18) -> 0 | AA18: =L18*Z18 -> 0
A19: 3 | B19: NIÑO | C19: PAN | D19: DOSAJE DE HEMOGLOBINA | F19: % DE NIÑOS CON DOSAJE DE HEMOGLOBINA | G19: R.N. | H19: R.N. con Dosaje de Hemoglobina | I19: Conjunto de procedimientos realizados por un profesional o un técnico de laboratorio con el objetivo de obtener y procesar una muestra de sangre e identificar los niveles de hemoglobina en niños y niñas menores de 36 meses, gestantes y puerperas para descartar anemia por deficiencia de hierro; El procedimiento de realiza en establecimientos que cuentan con laboratorio o aquellos que cuenten con hemoglobinómetro portátil y personal capacitado en su manejo. | J19: HC - HIS - LIBRO DE SEGUIMIENTO | K19: 100 % de niños y niñas afiliados al SIS y en Quintiles de probreza I y II y 80 % en otros quintiles | L19: 1 | M19: 15 | Z19: =SUM(N19:Y19) -> 0 | AA19: =L19*Z19 -> 0
B20: NIÑO | C20: PAN | G20: < 1 año | H20: Niño con Dosaje de Hb | J20: HC - HIS - LIBRO DE SEGUIMIENTO | L20: 1 | M20: 15 | Z20: =SUM(N20:Y20) -> 0 | AA20: =L20*Z20 -> 0
B21: NIÑO | C21: PAN | G21: 1 año | H21: Niño con Dosaje de Hb | J21: HC - HIS - LIBRO DE SEGUIMIENTO | L21: 1 | M21: 15 | Z21: =SUM(N21:Y21) -> 0 | AA21: =L21*Z21 -> 0
B22: NIÑO | C22: PAN | G22: 2 años | H22: Niño con Dosaje de Hb | J22: HC - HIS - LIBRO DE SEGUIMIENTO | L22: 1 | M22: 15 | Z22: =SUM(N22:Y22) -> 0 | AA22: =L22*Z22 -> 0
B23: Gestante | C23: SMN | F23: % DE GESTANTES CON DOSAJE DE HEMOGLOBINA EN EL III TRIMESTRE | G23: Gestante | H23: Gestante con Dosaje de Hb | J23: HC - HIS - SIP - RADAR | K23: 100 % de gestantes programadas | L23: 1 | M23: 15 | Z23: =SUM(N23:Y23) -> 0 | AA23: =L23*Z23 -> 0
B24: Gestante | C24: SMN | F24: % CON DOSAJE DE HEMOGLOBINA EN EL PUERPERIO INMEDIATO | G24: Puerpera | H24: Puérpera con Dosaje de Hemoglobina | J24: HC - HIS - SIP - RADAR | K24: 100 % de gestantes programadas | L24: 1 | M24: 15 | Z24: =SUM(N24:Y24) -> 0 | AA24: =L24*Z24 -> 0
A25: 4 | B25: RN | C25: PAN | D25: ADMINISTRACIÓN DE VACUNA BCG | F25: % DE RECIEN NACIDO CON VACUNA BCG | G25: R.N. | H25: R. N. Protegido | I25: En esta actividad todos los niños recién nacidos, deberán recibir en el transcurso de las primeras 48 horas de vida la vacuna BCG | J25: HC - HIS - LIBRO DE SEGUIMIENTO | K25: 100 % de RN en ESS con internamiento. | L25: 1 | M25: 10 | Z25: =SUM(N25:Y25) -> 0 | AA25: =L25*Z25 -> 0
A26: 5 | B26: RN | C26: PAN | D26: ADMINISTRACIÓN DE VACUNA CONTRA HEPATITIS | F26: % DE RECIEN NACIDO CON VACUNA HvB | G26: R.N. | H26: R. N. Protegido | I26: En esta actividad todos los niños recién nacidos, deberán recibir en el transcurso de las primeras 48 horas de vida la vacuna HvB | J26: HC - HIS - LIBRO DE SEGUIMIENTO | K26: 100 % de RN en ESS con internamiento. | L26: 1 | M26: 10 | Z26: =SUM(N26:Y26) -> 0 | AA26: =L26*Z26 -> 0
A27: 6 | B27: RN | C27: PAN | D27: ATENCIÓN INMEDIATA DEL RECIEN NACIDO | F27: % DE RECIEN NACIDOS CON ATENCIÓN INMEDIATA | G27: R.N. | H27: R. N. Atendido | I27: Es la atención, cuidados y procedimientos dirigidas al RN realizadas en el establecimiento de salud y estará a cargo de profesional con competencias para la atención del RN. | J27: HC - HIS | K27: 100 % de Recien Nacidos sin complicaciones de Parto Institucional | L27: 1 | M27: 120 | Z27: =SUM(N27:Y27) -> 0 | AA27: =L27*Z27 -> 0
A28: 7 | B28: ESNI | C28: PAN | D28: ADMINISTRACIÓN DE VACUNA PENTAVALENTE | F28: % DE NIÑOS MENORES DE 1 AÑO CON VACUNA PENTAVALENTE COMPLETA | G28: < 1 año | H28: Niño Protegido | I28: Pentavalente: administración de la vacuna contra la difteria, tétanos, hepatitis B, hemóphilus influenza tipo B a los 2, 4 y 6 meses | J28: FORMULARIO A - HC - HIS - LIBRO DE SEGUIMIENTO | K28: 100 % población menor de 1 año (80% en la provincia de arequipa) | L28: 3 | M28: 10 | Z28: =SUM(N28:Y28) -> 0 | AA28: =L28*Z28 -> 0
A29: 8 | B29: ESNI | C29: PAN | D29: ADMINISTRACIÓN DE VACUNA NEUMOCOCO | F29: % DE NIÑOS MENORES DE 1 AÑO CON VACUNA NEUMOCOCO 2DA DOSIS | G29: < 1 año | H29: Niño Protegido | I29: Neumococo: administración de la vacuna contra neumococo, a los 2 y 4 meses | J29: FORMULARIO A - HC - HIS - LIBRO DE SEGUIMIENTO | K29: 100 % población menor de 1 año (80% en la provincia de arequipa) | L29: 2 | M29: 10 | Z29: =SUM(N29:Y29) -> 0 | AA29: =L29*Z29 -> 0
B30: ESNI | C30: PAN | F30: % DE NIÑOS DE 1 AÑO CON VACUNA NEUMOCOCO 3ra DOSIS | G30: 1 año | H30: Niño Protegido | I30: Neumococo: administración de la vacuna contra neumococo, a los 12 meses. | J30: FORMULARIO A - HC - HIS - LIBRO DE SEGUIMIENTO | L30: 1 | M30: 10 | Z30: =SUM(N30:Y30) -> 0 | AA30: =L30*Z30 -> 0
A31: 9 | B31: ESNI | C31: PAN | D31: ADMINISTRACIÓN DE VACUNA ROTAVIRUS | F31: % DE NIÑOS MENORES DE 1 AÑO CON VACUNA ROTAVIRUS 2da DOSIS. | G31: < 1 año | H31: Niño Protegido | I31: Rotavirus: administración de la vacuna contra rotavirus por vía oral a los 2 y 4 meses | J31: FORMULARIO A - HC - HIS - LIBRO DE SEGUIMIENTO | K31: 100 % población menor de 1 año (80% en la provincia de arequipa) | L31: 2 | M31: 10 | Z31: =SUM(N31:Y31) -> 0 | AA31: =L31*Z31 -> 0
A32: 10 | B32: ESNI | C32: PAN | D32: ADMINISTRACIÓN DE VACUNA ANTIPOLIOMIELITICA | F32: % DE NIÑOS MENORES DE 1 AÑO CON VACUNA ANTIPOLIOMIELITICA INYECTABLE (IPV). | G32: < 1 año | H32: Niño Protegido | I32: Antipolio Inyectable: administración de la vacuna contra la polio por vía I.M. a los 2 y 4 meses | J32: FORMULARIO A - HC - HIS - LIBRO DE SEGUIMIENTO | K32: 100 % población menor de 1 año (80% en la provincia de arequipa) | L32: 2 | M32: 10 | Z32: =SUM(N32:Y32) -> 0 | AA32: =L32*Z32 -> 0
B33: ESNI | C33: PAN | F33: % DE NIÑOS MENORES DE 1 AÑO CON VACUNA ANTIPOLIOMIELITICA ORAL (OPV) 1 DOSIS | G33: < 1 año | H33: Niño Protegido | I33: Antipolio: administración de la vacuna contra la polio por vía oral a los 6 meses (3ra dosis) | J33: FORMULARIO A - HC - HIS - LIBRO DE SEGUIMIENTO | L33: 1 | M33: 10 | Z33: =SUM(N33:Y33) -> 0 | AA33: =L33*Z33 -> 0
B34: ESNI | C34: PAN | F34: % DE NIÑOS DE 1 AÑO CON VACUNA ANTIPOLIOMIELITICA ORAL (OPV) 1er REFUERZO | G34: 1 año | H34: Niño Protegido | I34: Antipolio: administración de la vacuna contra la polio por vía oral a los 18 meses (REFUERZO) | J34: FORMULARIO A - HC - HIS - LIBRO DE SEGUIMIENTO | L34: 1 | M34: 10 | Z34: =SUM(N34:Y34) -> 0 | AA34: =L34*Z34 -> 0
B35: ESNI | C35: PAN | F35: % DE NIÑOS DE 4 años CON VACUNA ANTIPOLIOMIELITICA ORAL (OPV) 2do REFUERZO | G35: 4 años | H35: Niño Protegido | I35: Antipolio: administración de la vacuna contra la polio por vía oral a los 4 años (REFUERZO) | J35: FORMULARIO B - HC - HIS - LIBRO DE SEGUIMIENTO | L35: 1 | M35: 10 | Z35: =SUM(N35:Y35) -> 0 | AA35: =L35*Z35 -> 0
A36: 11 | B36: ESNI | C36: PAN | D36: ADMINISTRACIÓN DE VACUNA CONTRA INFLUENZA | F36: % DE NIÑOS MENORES DE 1 AÑO CON VACUNA CONTRA LA INFLUENZA (7m y 8m) | G36: < 1 año | H36: Niño Protegido | I36: Influenza: administración de la vacuna contra Influenza a partir del 6to mes | J36: FORMULARIO A - HC - HIS - LIBRO DE SEGUIMIENTO | K36: 50% poblacion menor de 1 año . | L36: 2 | M36: 10 | Z36: =SUM(N36:Y36) -> 0 | AA36: =L36*Z36 -> 0
B37: ESNI | C37: PAN | F37: % DE NIÑOS DE 1 AÑO CON VACUNA CONTRA LA INFLUENZA 1 DOSIS | G37: 1 año | H37: Niño Protegido | I37: Influenza: administración de la vacuna contra Influenza en niño(a) de 1 año | J37: FORMULARIO A - HC - HIS - LIBRO DE SEGUIMIENTO | K37: 100 % población menor de 1 año (80% en la provincia de arequipa) | L37: 1 | M37: 10 | Z37: =SUM(N37:Y37) -> 0 | AA37: =L37*Z37 -> 0
B38: ESNI | C38: PAN | F38: % DE NIÑOS DE 2 -4 años CON COMORBILIDAD CON VACUNA CONTRA LA INFLUENZA (5%) | G38: 2 - 4 años | H38: Niño Protegido | I38: Influenza: administración de la vacuna contra Influenza a niños de 2 años y de 3 a 4 años con comorbilidad | J38: FORMULARIO A - HC - HIS - LIBRO DE SEGUIMIENTO | K38: 100% de niños de 2 años. 12% niños de 3 a 4 años | L38: 1 | M38: 10 | Z38: =SUM(N38:Y38) -> 0 | AA38: =L38*Z38 -> 0
B39: ESNI | F39: % DE POBLACION DE 5 -59 años CON COMORBILIDAD CON VACUNA CONTRA LA INFLUENZA (3%) | G39: 5 - 59 años | H39: Vacunado | I39: Influenza: administración de la vacuna contra Influenza a población de 5 a 59 años con comorbilidad | J39: FORMULARIO A - HC - HIS - | K39: 12% de población de 5 a 59 años según población RENIEC | L39: 1 | M39: 10 | Z39: =SUM(N39:Y39) -> 0 | AA39: =L39*Z39 -> 0
B40: ESNI | C40: SMN | F40: % DE GESTANTE CON VACUNA CONTRA LA INFLUENZA | G40: Gestante | H40: Gestante vacunada | I40: Actividad preventiva en la cual la gestante recibe 2 dosis de vacuna antitetánica lo reealiza la enfermera/o y prersonal de salud capacitado, en los establecimientos de salud a partir del I nivel. Se considera 2 dosis de diptotetánica | J40: FORMULARIO A - HC - HIS - LIBRO DE SEGUIMIENTO | K40: 60% de gestantes. | L40: 1 | M40: 10 | Z40: =SUM(N40:Y40) -> 0 | AA40: =L40*Z40 -> 0
B41: ESNI | F41: % DE ADULTOS MAYORES DE 60 AÑOS A MAS CON VACUNA CONTRA LA INFLUENZA | G41: Adulto Mayor | H41: Adulto Mayor Protegido | I41: Influenza: Consiste en la administración de la vacuna contra la Influenza a los adultos mayores a partir de los 60 años | J41: FORMULARIO A - HC - HIS - LIBRO DE SEGUIMIENTO | K41: 50% de la poblacion adulto mayor | L41: 1 | M41: 10 | Z41: =SUM(N41:Y41) -> 0 | AA41: =L41*Z41 -> 0
A42: 12 | B42: ESNI | C42: PAN | D42: ADMINISTRACIÓN DE VACUNA SPR | F42: % DE NIÑOS DE 1 AÑO CON VACUNA SPR COMPLETA | G42: 1 año | H42: Niño Protegido | I42: SPR: Administracion de la vacuna contra sarampion, rubeola,paperas a los 12 meses | J42: FORMULARIO A - HC - HIS - LIBRO DE SEGUIMIENTO | K42: 100 % población menor de 1 año (80% en la provincia de arequipa) | L42: 1 | M42: 10 | Z42: =SUM(N42:Y42) -> 0 | AA42: =L42*Z42 -> 0
B43: ESNI | C43: PAN | F43: % DE NIÑOS DE 1 año CON VACUNA SPR 2DA dosis (18MESES). | G43: 1 año | H43: Niño Protegido | I43: SPR: Administracion de la vacuna contra sarampion, rubeola,paperas a los 18 meses (REFUERZO) | J43: FORMULARIO A - HC - HIS - LIBRO DE SEGUIMIENTO | L43: 1 | M43: 10 | Z43: =SUM(N43:Y43) -> 0 | AA43: =L43*Z43 -> 0
A44: 13 | B44: ESNI | C44: PAN | D44: ADMINISTRACIÓN DE VACUNA ANTIAMARILICA | F44: % DE NIÑOS DE 1 AÑO CON VACUNA ANTIAMARILICA | G44: 1 año | H44: Niño Protegido | I44: A.A: Administración de la Vacuna contra Fiebre Amarilla, a los 15 meses. | J44: FORMULARIO A - HC - HIS - LIBRO DE SEGUIMIENTO | K44: 100 % población menor de 1 año (80% en la provincia de arequipa) | L44: 1 | M44: 10 | Z44: =SUM(N44:Y44) -> 0 | AA44: =L44*Z44 -> 0
A45: 14 | B45: ESNI | C45: PAN | D45: ADMINISTRACIÓN DE VACUNA DPT | F45: % DE NIÑOS DE 1 AÑO CON VACUNA DPT COMPLETA | G45: 1 año | H45: Niño Protegido | I45: DPT: administración de la vacuna contra diphteria, pertusis y tétanos a los 18 meses (REFUERZO) | J45: FORMULARIO A - HC - HIS - LIBRO DE SEGUIMIENTO | K45: 100 % población menor de 1 año (80% en la provincia de arequipa) | L45: 1 | M45: 10 | Z45: =SUM(N45:Y45) -> 0 | AA45: =L45*Z45 -> 0
B46: ESNI | C46: PAN | F46: % DE NIÑOS DE 4 años CON VACUNA DPT COMPLETA | G46: 4 años | H46: Niño Protegido | I46: DPT: administración de la vacuna contra diphteria, pertusis y tétanos a los 4 años (REFUERZO) | J46: FORMULARIO A - HC - HIS - LIBRO DE SEGUIMIENTO | K46: 100 % población menor de 1 año (80% en la provincia de arequipa) | L46: 1 | M46: 10 | Z46: =SUM(N46:Y46) -> 0 | AA46: =L46*Z46 -> 0
A47: 15 | B47: ESNI | C47: P y CA | D47: NIÑA PROTEGIDA CON VPH | F47: % DE NIÑAS CON VACUNA VPH COMPLETA | G47: 5to año de primaria | H47: Niño Protegido | I47: Niña Protegida a la niña de 5to grado de primaria y/o niña de 10 años 11 meses y 29 días que no estudia, que ha recibido las 03 vacunas del Esquema Nacional de Vacunación contra el Virus de Papiloma Humano (VPH) | J47: FORMULARIO A - HC - HIS - LIBRO DE SEGUIMIENTO | K47: 100% de niñas matriculadas en 5to grado de Nivel Primaria de las Instituciones Educativas (Públicas y Privadas) asignadas al establecimiento de salud 60% de las niñas de 10 años que no estudian del 5% de la población asignada | L47: 2 | M47: 10 | Z47: =SUM(N47:Y47) -> 0 | AA47: =L47*Z47 -> 0
A48: 16 | B48: RN | C48: PAN | D48: SESIÓN DE ATENCION TEMPRANA DE DESARROLLO | F48: % DE RECIEN NACIDOS CON SESIONES DE ATENCION TEMPRANA DE DESARRLLO | G48: R.N. | H48: R. N. Atendido | I48: Intervención integral que se realiza al niño hasta los 36 meses, con el objetivo de enseñar a la madre un conjunto de medios, técnicas, y actividades a fin de potenciar el desarrollo motriz, cognitivo, social y emocional del niño. Las sesiones se realizan en forma grupal con participación no menor de 5 niños. | J48: HC - HIS - LIBRO DE SEGUIMIENTO | K48: 50 % de recien nacidos priorizando afiliados SIS y de los quintiles I y II | L48: 2 | M48: 20 | Z48: =SUM(N48:Y48) -> 0 | AA48: =L48*Z48 -> 0
B49: NIÑO | C49: PAN | F49: % DE NIÑAS Y NIÑOS CON SESIONES DE ATENCION TEMPRANA DE DESARRLLO | G49: < 1 año | H49: Niño Atendido | J49: HC - HIS - LIBRO DE SEGUIMIENTO | K49: 80% de niños priorizando afiliados SIS y de los quintiles I y II | L49: 11 | M49: 20 | Z49: =SUM(N49:Y49) -> 0 | AA49: =L49*Z49 -> 0
B50: NIÑO | C50: PAN | G50: 1 año | H50: Niño Atendido | J50: HC - HIS - LIBRO DE SEGUIMIENTO | L50: 6 | M50: 20 | Z50: =SUM(N50:Y50) -> 0 | AA50: =L50*Z50 -> 0
B51: NIÑO | C51: PAN | G51: 2 años | H51: Niño Atendido | J51: HC - HIS - LIBRO DE SEGUIMIENTO | L51: 4 | M51: 20 | Z51: =SUM(N51:Y51) -> 0 | AA51: =L51*Z51 -> 0
A52: 17 | B52: ESNI | D52: ADMINISTRACIÓN DE VACUNA DT | F52: % DE ADOLESCENTES CON VACUNA DT COMPLETA | G52: Adolescente | H52: Adolescente Protegida | I52: Diftotetánica: Consiste en la administración de toxoides diftérico y tétanico | J52: FORMULARIO A - HC - HIS | K52: 100 % de población Adolescentes de 12 años mas el 10% de adolesc. De 13 y 15 años que no fueron vacunados | L52: 3 | M52: 10 | Z52: =SUM(N52:Y52) -> 0 | AA52: =L52*Z52 -> 0
B53: ESNI | C53: SMN | F53: % DE MER DE 16 A 49 AÑOS QUENO FUERON VACUNADOS | G53: MEF | H53: Persona Protegida | K53: 10% de mujeres de 16 a 49 años que no fueron vacunadas oportunamente | L53: 3 | M53: 10 | Z53: =SUM(N53:Y53) -> 0 | AA53: =L53*Z53 -> 0
B54: ESNI | C54: SMN | F54: % DE GESTANTE CON VACUNA DT COMPLETA | G54: Gestante | H54: Gestante Protegida | I54: Se considera protegida toda gestante que recibe 2 dosis de vacuna antitetanica durante el embarazo o que acredita con carne estar en periodo de proteccion y se le aplica una vacuna | J54: HIS - HC - RADAR | K54: 35 % de Gestantes Esperadas | L54: 2 | M54: 10 | Z54: =SUM(N54:Y54) -> 0 | AA54: =L54*Z54 -> 0
A55: 18 | B55: ESNI | C55: EM y Z | D55: ADMINISTRACIÓN DE VACUNA ANTIRRABICA HUMANA | F55: % DE PERSONAS CON MORDEDURA DE PERRO VACUNADAS CON VACUNA ANTIRRABICA HUMANA | G55: Todas las edades | H55: Persona Protegida | I55: Se considera protegida toda persona que recibe las 5 dosis de la vacuna antirábica humana, luego de exposición a perro o animal mordedor desconocido, o con sintomas de Rabia Canina; mordedura grave (cuello, cara, cabeza y pulpejo de dedos). | J55: HIS - HC - Registro - Formato A | K55: 100 % de personas que sufren mordedura grave (cuello, cara, cabeza y pulpejo de dedos) mordedura por animal desconocido o con sintomas de Rabia Canina. | L55: 5 | M55: 10 | Z55: =SUM(N55:Y55) -> 0 | AA55: =L55*Z55 -> 0
A56: 19 | B56: NIÑO | C56: PAN | D56: FAMILIAS CON NIÑOS Y NIÑAS MENORES DE 24 MESES RECIBEN CONSEJERÍA A TRAVÉS DE VISITA DOMICILIARIA | F56: % DE FAMILIAS CON RECIEN NACIDO RECIBEN CONSEJERIA ATRAVES DE LA VISITA DOMICILIARIA | G56: Familias con recién nacidos | H56: Familia Informada | I56: Familias con recién nacidos reciben consejería en el hogar a través de la visita domiciliaria en temas de Lactancia materna exclusiva, cuidados del recién nacido, lavado de manos, corte tardío del cordón umbilical y reforzando aquellas prácticas saludables según necesidad del niño (a) y su familia. | J56: HIS-FAC | K56: 100% Familias con niños y niñas con recién nacidos | L56: 1 | M56: 30 | Z56: =SUM(N56:Y56) -> 0 | AA56: =L56*Z56 -> 0
B57: NIÑO | C57: PAN | F57: % DE FAMILIAS CON NIÑOS Y NIÑAS ENTRE LOS 4 A 5 MESES RECIBEN CONSEJERIA ATRAVES DE LA VISITA DOMICILIARIA | G57: Familias con niños y niñas de 4 a 5 meses | H57: Familia Informada | I57: Familias con niños y niñas entre los 4 y 5 meses, reciben consejería en el hogar a través de la visita domiciliaria en temas de Lactancia materna exclusiva, suplementación con hierro, lavado de manos y reforzando aquellas prácticas saludables según necesidad del niño y niña y su familia. | J57: HIS-FAC | K57: 100% Familias con niños y niñas de 4 y 5 meses, programados CRED. | L57: 1 | M57: 30 | Z57: =SUM(N57:Y57) -> 0 | AA57: =L57*Z57 -> 0
B58: NIÑO | C58: PAN | F58: % DE FAMILIAS CON NIÑOS Y NIÑAS ENTRE LOS 6 A 9 MESES RECIBEN CONSEJERIA ATRAVES DE LA VISITA DOMICILIARIA | G58: Familias con niños y niñas de 6 a 9 meses | H58: Familia Informada | I58: Familia con niños y niñas entre los 6 a 9 meses, reciben consejería en el hogar a través de la visita domiciliaria en temas de Alimentación complementaria con énfasis en el consumo de alimentos de origen animal ricos en hierro, suplementación con hierro, lavado de manos, continuidad de la lactancia materna y reforzando aquellas prácticas saludables según necesidad del niño, la niña y su familia. | J58: HIS-FAC | K58: 100% Familias con niños y niñas de 6 y 9 meses, programados CRED. | L58: 1 | M58: 30 | Z58: =SUM(N58:Y58) -> 0 | AA58: =L58*Z58 -> 0
B59: NIÑO | C59: PAN | F59: % DE FAMILIAS CON NIÑOS Y NIÑAS ENTRE LOS 12 A 23 MESES RECIBEN CONSEJERIA ATRAVES DE LA VISITA DOMICILIARIA | G59: Familias con niños y niñas de 12 a 23 meses | H59: Familia Informada | I59: Familias con niños y niñas entre los 12 a 23 meses, reciben consejería en el hogar a través de la visita domiciliaria en temas de Alimentación complementaria con énfasis en el consumo de alimentos de origen animal ricos en hierro, suplementación con hierro, lavado de manos, prácticas y entornos saludables para el cuidado infantil, tomando en cuenta las necesidades del niño, la niña y la familia. | J59: HIS-FAC | K59: 100% Familias con niños y niñas de 12 a 23 meses, programados CRED. | L59: 1 | M59: 30 | Z59: =SUM(N59:Y59) -> 0 | AA59: =L59*Z59 -> 0
A60: 20 | B60: PRO | C60: PAN | D60: FAMILIAS CON NIÑOS (AS) MENORES DE 36 MESES Y GESTANTES RECIBEN SESIONES DEMOSTRATIVAS EN PREPARACIÓN DE ALIMENTOS | F60: % DE FAMILIAS CON NIÑOS Y NIÑAS DE 6 Y 11 MESES, A PARTIR DE LOS 12 MESES Y GESTANTES RECIBEN SESION DEMOSTRAIVA EN ALIMENTACION Y NUTRICION SALUDABLE | G60: Familias con niños y niñas menores de 36 meses | H60: Familia Informada | I60: Familias con niños y niñas 36 meses (6 y 11 meses y a partir de los 12 meses y gestantes del I, II y/o III trimestre, reciben sesiones demostrativas de preparación de alimentos: (Incluye lavado de manos) en local comunal, CPVC, establecimiento u otros espacios. | J60: HIS-FAC | K60: 100% de Familias con niños (as) menores de 36 meses programados para CRED y gestantes en Atención prenatal | L60: 1 | M60: 30 | Z60: =SUM(N60:Y60) -> 0 | AA60: =L60*Z60 -> 0
B61: PRO | C61: PAN | F61: % DE FAMILIAS CON NIÑOS Y NIÑAS DE 6 MESES Y GESTANTES RECIBEN SESION DEMOSTRATIVA EN TECNICAS DE AMAMANTAMIENTO Y SALUD BUCAL | G61: Familias con niños y niñas menores de 6 meses y gestantes | H61: Familia Informada | I61: Familias con niños y niñas (recién nacidos, menores de 6 meses y gestantes en el III trimestre) reciben sesiones demostrativas en técnicas de amamantamiento (extracción y conservación de la leche materna) y sesiones demostrativas de salud bucal, en local comunal, CPVC, establecimiento u otros espacios. | J61: HIS-FAC | K61: 100% de Familias con niños (as) menores de 36 meses programados para CRED y gestantes en Atención prenatal | L61: 1 | M61: 30 | Z61: =SUM(N61:Y61) -> 0 | AA61: =L61*Z61 -> 0
B62: PRO | C62: PAN | F62: % DE FAMILIAS CON NIÑOS Y NIÑAS DE 6 Y 11 MESES, A PARTIR DE LOS 12 MESES RECIBEN SESION DEMOSTRAIVA EN ADMINISTRACION DE MICRONUTRIENTES | G62: Familias con niños y niñas menores de 36 meses | H62: Familia Informada | I62: Familias con niños y niñas 36 meses (6 y 11 meses y a partir de los 12 meses) reciben sesiones demostrativas en administración de micronutrientes, en local comunal, CPVC, establecimiento u otros espacios. | J62: HIS-FAC | K62: 100% de Familias con niños (as) menores de 36 meses programados para CRED y gestantes en Atención prenatal | L62: 1 | M62: 30 | Z62: =SUM(N62:Y62) -> 0 | AA62: =L62*Z62 -> 0
A63: 21 | B63: NIÑO | C63: PAN | D63: FAMILIAS CON NIÑOS (AS) MENORES DE 36 MESES Y GESTANTES QUE PARTICIPAN EN GRUPOS DE APOYO COMUNAL PARA PROMOVER EL CUIDADO INFANTIL, LACTANCIA MATERNA EXCLUSIVA Y LA ADECUADA ALIMENTACIÓN Y PROTECCIÓN DEL MENOR DE 36 MESES. | F63: % DE FAMILIAS CON NIÑOS Y NIÑAS MENORES DE 36 MESES SESION EDUCATIVA | G63: Familias con niños y niñas menores de 36 meses de grupos de apoyo | H63: Familia Informada | I63: Familias con niños (as) menores de 36 meses y gestantes reciben sesiones educativas de "grupos de apoyo de madres guias"en prácticas saludables para el cuidado infantil, lactancia materna exclusiva y la adecuada alimentación y protección del menor de 36 meses y gestantes; con énfasis en las familias con niños (as) menores de 12 meses de edad y gestantes; a realizarse en los Centros de Promoción y Vigilancia Comunal, otros espacios comunitarios, ambientes del establecimiento de salud segun corresponda. | J63: HIS-FAC | K63: 100% de Familias con niños (as) menores de 36 meses y gestantes, programadas para CRED y Atención Pre Natal | M63: 30 | Z63: =SUM(N63:Y63) -> 0 | AA63: =L63*Z63 -> 0
A64: 22 | B64: Gestante | C64: SMN | D64: EVALUACIÓN DEL BIENESTAR FETAL | F64: % DE GESTANTE CON MONITOREO FETAL EN EL III TRIEMESTRE DEL EMBARAZO | G64: Gestante | H64: Gestante evaluada | I64: Procedimiento que se realiza a la gestante, con el cual se determina el estado del feto, a traves de la monitorizacion cliíica o electrónica, ecografica, test estresante y no estresante, las mismas que se solicitan según el caso y la semana de gestacion, lo realiza el médico ginecoobstetra y obstetra capacitado en monitoreo de bienestar fetal. Se considera: Monitoreo electronico fetal no estresante y test estresante a partir de establecimiento FONB | J64: HC - HIS | K64: 60 % de Gestantes Programadas | L64: 1 | M64: 20 | Z64: =SUM(N64:Y64) -> 0 | AA64: =L64*Z64 -> 0
A65: 23 | B65: Gestante | C65: SMN | D65: ATENCIÓN PRE-GESTACIONAL | F65: % DE MUJERES EN EDAD FERTIL QUE RECIBEN ATENCIÓN PRE-GESTACIONAL | G65: MEF | H65: Mujer Preparada | I65: Es la atención integral dirigida a la mujer, a fin de promover los cuidados más adecuados durante el periódo preconcepcional y lograr un embaraz, parto, puerperio y un recién nacido/a en buen estado de bienestar tanto biológico, psicológico y social. Incluye : - Dos atenciones de 30 minutos cada una ( primera atención es de detección del riesgo gestacional y la segunda de seguimiento o mantenimiento. - Evaluación física incluye examen de mamas - Evaluación Nutricional (índice de masa corporal) - Dosaje de hemoglobina/ hematocrito, grupo y factor glucosa y orina completa - Provisión de ácido folico 1 mg al día, 3 meses antes de la concepción (90 tabletas de ácido fólico por mujer de edad fértil) - Evaluación odontológica - Vacuna antitetánica - Toma de Papanicolaou y/o IVVA - Prueba rápida de VIH o prueba de ELISA - Pueba rápida de síilis o RPR - Tamizaje de Violencia Basada en Género VBG - Educación para el autoexamen de mamas - Orientación / Consejeria en Salud Sexual y Reproductiva - Orientación a la pareja sobre su proyecto de paternidad o maternidad responsable - Detección y evaluación temprana de riesgo de salud mental | J65: HC - HIS | K65: Programar al 10 % de las Mujeres en Edad Fértil, bajo responsabilidad | L65: 3 | M65: 30 | Z65: =SUM(N65:Y65) -> 0 | AA65: =L65*Z65 -> 0
A66: 24 | B66: Gestante | C66: SMN | D66: CONTROL PRENATAL | F66: % DE GESTANTES CON ATENCIÓN PRENATAL COMPLETA | G66: Adolescente | H66: Gestante Controlada | I66: Son todas las intervenciones preventivas que se realizan durante la atención prenatal. Lo realiza el médico gineco-obstetra, médico cirujano y obstetra; a partir de los establecimientos de salud del nivel I. Los profesionales responsables de la atención requieren de una actualización mínima de 75 horas al año. Se considera 6 atenciones como mínimo que incluye el paquete descrito en el producto, es necesario considerar que en establecimientos que no cuentan con laboratorio se realiza el tamizaje a través de pruebas rápidas. | J66: HC - HIS - SIP - RADAR | K66: 100% de gestantes programadas | L66: 6 | M66: 30 | Z66: =SUM(N66:Y66) -> 0 | AA66: =L66*Z66 -> 0
B67: Gestante | C67: SMN | G67: Joven | H67: Gestante Controlada | J67: HC - HIS - SIP - RADAR | L67: 6 | M67: 30 | Z67: =SUM(N67:Y67) -> 0 | AA67: =L67*Z67 -> 0
B68: Gestante | C68: SMN | G68: Adulto | H68: Gestante Controlada | J68: HC - HIS - SIP - RADAR | L68: 6 | M68: 30 | Z68: =SUM(N68:Y68) -> 0 | AA68: =L68*Z68 -> 0
A69: 25 | B69: Gestante | C69: SMN | D69: PRUEBAS DE LABORATORIO DE GESTANTE | F69: % DE GESTANTE CON TAMIZAJE DE LABORATORIO COMPLETO EN EL I TRIMESTRE (ANTES DE LA SEMANA 16) | G69: Gestante | H69: Gestante Tamizada | I69: Actividad de ayuda al diagnostico dirigida a la gestante que acude a su atencion prenatal; lo realiza el tecnologo medico, biologo o tecnico de laboratorio en establecimientos de salud que cuenten con servicio de laboratorio. . 2 baterías de análisis durante el embarazo (primera bateria se solicita en la primera atención prenatal y la segunda con un intervalo de 3 meses en el tercer trimestre de gestación), excepto el grupo sanguineo y factor RH. . Bateria de análisis: Hemoglobina, grupo sanguineo y factor Rh, glucosa, pruebas para sífisis y para VIH, examen completo de orina o examen de orina con tira reactiva. | J69: HC - HIS - SIP - RADAR | K69: 100% de gestantes programadas | L69: 1 | M69: 20 | Z69: =SUM(N69:Y69) -> 0 | AA69: =L69*Z69 -> 0
B70: Gestante | C70: SMN | F70: % DE GESTANTE CON TAMIZAJE DE LABORATORIO COMPLETO EN EL III TRIMESTRE | G70: Gestante | H70: Gestante Tamizada | J70: HC - HIS - SIP - RADAR | L70: 1 | M70: 20 | Z70: =SUM(N70:Y70) -> 0 | AA70: =L70*Z70 -> 0
A71: 26 | B71: Gestante | C71: SMN | D71: ECOGRAFIA OBSTETRICA | F71: % DE GESTANTE CON ECOGRAFIA OBSTETRICA EN EL I TRIMESTRE DEL EMBARAZO | G71: Gestante | H71: Gestante con Ecografía | I71: Examen de ayuda al diagnostico que se realiza a la gestante antes de las 20 semanas, lo realiza el medico Ginecoobstetra y medico ciriujano calificado en establecimientos de salud que cuenten con el equipo de ecografo. Se considera 2 examenes ecográficos de 15 minutos cada uno: - Primer examen: antes de las 20 semanas para confirmar edad gestacional y entre las 11 y 14 semanas para gestantes mayores de 35 años de edad y/o con antecedentes de malformaciones congenitas para evaluacion del pliegue de la nuca fetal. - Segundo examen: En el tercer trimestre de gestacion para establecer el peso, placenta,PBF. | J71: HC - HIS - SIP - RADAR | K71: 60% de gestantes programadas | L71: 1 | M71: 15 | Z71: =SUM(N71:Y71) -> 0 | AA71: =L71*Z71 -> 0
B72: Gestante | C72: SMN | F72: % DE GESTANTE CON ECOGRAFIA OBSTETRICA EN EL III TRIMESTRE DEL EMBARAZO | G72: Gestante | H72: Gestante con Ecografía | J72: HC - HIS - SIP - RADAR | K72: 60% de gestantes programadas | L72: 1 | M72: 15 | Z72: =SUM(N72:Y72) -> 0 | AA72: =L72*Z72 -> 0
A73: 27 | B73: Gestante | C73: SMN | D73: ATENCIÓN DE PARTO NORMAL | F73: % DE GESTANTES CON ATENCIÓN DE PARTO VAGINAL NORMAL INSTITUCIONAL | G73: Gestante | H73: Parto Normal | I73: Es la atencion que se brinda a la gestante y al recien nacido durante el proceso del parto vaginal, la duracion de este proceso varia de una mujer núlipara a una multípara, lo realiza el Médico Ginecoobstetra, Obstetra, médico cirujano capacitado a partir del FONB y los I- 3 estratégicos, Incluye el parto vertical con adecuacion intercultural. En caso de emergencia y ausencia de los profesionales antes mencionados, el Parto Inminente puede ser asistido por otro personal de salud. | J73: HC - HIS | K73: 80% de las gestantes programadas para atención pre natal ( 20% corresponde a césareas). | L73: 1 | M73: 120 | Z73: =SUM(N73:Y73) -> 0 | AA73: =L73*Z73 -> 0
A74: 28 | B74: Gestante | C74: SMN | D74: CONTROL DE PUERPERIO | F74: % DE PUERPERAS CON CONTROL DE PUERPERIO NORMAL | G74: Puerpera | H74: Puerpera Controlada | I74: Son las atenciones por consulta externa que se brinda a la puérpera; lo realiza el Médico Gineco Obstetra, Médico Cirujano capacitado y Obstetra a partir de los establecimientos de salud nivel I. Inluye: - 2 atenciones por 20 minutos cada una - Orientación y consejería en lactancia materna, salud sexual y reproductiva provisión de métodos anticonceptivos . - 30 tabletas de sulfato ferroso + ácido fólico. - 1 visita domiciliaria en caso que la puérpera no acuda a su control. - Toma de hemoglobina en el primer control del puerperio. | J74: HC - HIS | K74: 80% de gestantes programadas | L74: 2 | M74: 20 | Z74: =SUM(N74:Y74) -> 0 | AA74: =L74*Z74 -> 0
A75: 29 | B75: Gestante | C75: SMN | D75: PSICOPROFILAXIS Y ESTIMULACIÓN PRENATAL | F75: % DE GESTANTES QUE HAN RECIBIDO PSICOPROFILAXIS Y ESTIMULACIÓN PRENATAL COMPLETA | G75: Gestante | H75: Gestante Preparada | I75: Es un conjunto de actividades para la preparacion integral de la mujer gestante que le permite desarrollar hábitos y comportamientos saludables asi como una actitud positiva frente al embarazo, parto, puerperio para lograr un recien nacido con potencial de desarrollo fisico, mental y sensorial. Se considera 6 sesiones por gestante. | J75: HC - HIS | K75: 100% de gestantes programadas | L75: 6 | M75: 45 | Z75: =SUM(N75:Y75) -> 0 | AA75: =L75*Z75 -> 0
A76: 30 | B76: Gestante | C76: SMN | D76: PLAN DE PARTO | F76: % DE GESTANTES CON PLAN DE PARTO EFECTIVO | G76: Gestante | H76: Plan de Parto Efectivo | I76: Es un instrumento utilizado como estrategia efectiva que busca detallar, organizar y movilizar los recursos institucionales, familiares y comunitarios para la atencion oportuna de la gestante en el momento del parto. Consta de 3 entrevistas ( primera entrevista en el consultorio, segunda entrevista en el domicilio, tercera entrevista en el domicilio / comunidad) | J76: HC - HIS - SIP - RADAR | K76: 100% de gestantes programadas | L76: 3 | M76: 30 | Z76: =SUM(N76:Y76) -> 0 | AA76: =L76*Z76 -> 0
A77: 31 | B77: Plan. Fam. | C77: SMN | D77: SUMINISTRO DE METODO ANTICONCEPTIVO | F77: % DE PAREJAS PROTEGIDAS CON DISPOSITIVO INTRAUTERINO (DIU) | G77: MEF | H77: Pareja Protegida | I77: Son dispositivos que se insertan en la cavidad uterina y liberan cobre. El Ministerio de Salud dispone de la T de Cobre 380-A que tiene una duración de 12 años. Lo realiza el profesional de salud calificado para la inserción y retiro de DIU a partir de los establecimientos de salud nivel I. Incluye - 2 atenciones de 30 minutos cada una - Examen de Papanicolaou según norma vigente - Examen de mamas - Tamizaje de Violencia basada en género - Tamizaje de prueba rápida para VIH - 1 visita de seguimiento para los usuarios que no acuden al establecimiento para su control | J77: HC - HIS | K77: Del total de parejas protegidas a programar se asignara el porcentaje según tendencia de la mezcla anticonceptiva propuesta | L77: 2 | M77: 30 | Z77: =SUM(N77:Y77) -> 0 | AA77: =L77*Z77 -> 0
B78: Plan. Fam. | C78: SMN | F78: % DE PAREJAS PROTEGIDAS CON ANTICONCEPTIVO HORMONAL INYECTABLE (TRIMESTRAL) | G78: MEF | H78: Pareja Protegida | I78: Anticonceptivo que sólo poseen progestágeno de depósito trimestral. Lo aplica el profesional de salud calificado, a partir de los Establecimientos de Salud Nivel I. Incluye -4 atenciones, 1 atención cada 3 meses, de 20 minutos para la administración de acetato de medroxiprogesterona - Examen de Papanicolaou según norma vigente - Examen de mama - Tamizaje de Violencia basada en género - Tamizaje de prueba rápida para VIH - 1 visita de seguimiento para los usuarios que no acuden al establecimiento para obtener el método. | J78: HC - HIS | K78: Del total de parejas protegidas a programar se asignara el porcentaje según tendencia de la mezcla anticonceptiva propuesta | L78: 4 | M78: 20 | Z78: =SUM(N78:Y78) -> 0 | AA78: =L78*Z78 -> 0
B79: Plan. Fam. | C79: SMN | F79: % DE PAREJAS PROTEGIDAS CON ANTICONCEPTIVO HORMONAL INYECTABLE (MENSUAL) | G79: MEF | H79: Pareja Protegida | I79: Son aquellos que poseen estrógeno y progestágeno de depósito mensual. Lo aplica el profesional de salud calificado, a partir de los establecimientos de salud nivel I. Incluye: 12 atenciones en planificación familiar 20 minutos cada atención, en forma mensual en uñ año - Examen de Papanicolaou - Examen de mamas - Tamizaje de Violencia basada en género - Tamizaje de prueba rápida para VIH - 1 visita de seguimiento para los usuarios que no acudan al establecimiento para obtener el método | J79: HC - HIS | K79: Del total de parejas protegidas a programarr se asignara el porcentaje según tendencia de la mezcla anticonceptiva propuesta | L79: 12 | M79: 20 | Z79: =SUM(N79:Y79) -> 0 | AA79: =L79*Z79 -> 0
B80: Plan. Fam. | C80: SMN | F80: % DE PAREJAS PROTEGIDAS CON ANTICONCEPTIVO HORMONAL ORAL | G80: MEF | H80: Pareja Protegida | I80: Anticonceptivos Orales Combinados (AOC), son los que contienen estrógeno y progestágeno. El Ministerio de Salud distribuye un producto. Lo realiza el profesional de salud calificado y capacitado a partir de los establecimientos de salud nivel I. Incluye: 4 atenciones en planificación familiar (20 minutos por atención; cada 3 meses en un año) con entrega de 13 ciclos de anticonceptivo oral combinado ( 28 píldoras mensuales : 21 píldoras contienen 30ug(microgramos) de etinilestradiol y 150ug de levonorgestrel y 7 píldoras contienen sulfato ferroso - Examen de Papanicolaou según norma vigente - Examen de mamas - Tamizaje de Violencia basada en género - Tamizaje de prueba rápida para VIH - 1 visita de seguimiento para los usuarios que no acuden al establecimiento para obtener el método | J80: HC - HIS | K80: Anticonceptivos Orales Combinados (AOC), son los que contienen estrógeno y progestágeno. El Ministerio de Salud distribuye un producto. Lo realiza el profesional de salud calificado y capacitado a partir de los establecimientos de salud nivel I. Incluye: 4 atenciones en planificación familiar (20 minutos por atención; cada 3 meses en un año) con entrega de 13 ciclos de anticonceptivo oral combinado ( 28 píldoras mensuales : 21 píldoras contienen 30ug(microgramos) de etinilestradiol y 150ug de levonorgestrel y 7 píldoras contienen sulfato ferroso - Examen de Papanicolaou según norma vigente - Examen de mamas - Tamizaje de Violencia basada en género - Tamizaje de prueba rápida para VIH - 1 visita de seguimiento para los usuarios que no acuden al establecimiento para obtener el método | L80: 4 | M80: 20 | Z80: =SUM(N80:Y80) -> 0 | AA80: =L80*Z80 -> 0
B81: Plan. Fam. | C81: SMN | F81: % DE PAREJAS PROTEGIDAS CON ANTICONCEPTIVO HORMONAL DE IMPLANTE | G81: MEF | H81: Pareja Protegida | I81: Anticonceptivos Orales Combinados (AOC), son los que contienen estrógeno y progestágeno. El Ministerio de Salud distribuye un producto. Lo realiza el profesional de salud calificado y capacitado a partir de los establecimientos de salud nivel I. Incluye: 4 atenciones en planificación familiar (20 minutos por atención; cada 3 meses en un año) con entrega de 13 ciclos de anticonceptivo oral combinado ( 28 píldoras mensuales : 21 píldoras contienen 30ug(microgramos) de etinilestradiol y 150ug de levonorgestrel y 7 píldoras contienen sulfato ferroso - Examen de Papanicolaou según norma vigente - Examen de mamas - Tamizaje de Violencia basada en género - Tamizaje de prueba rápida para VIH - 1 visita de seguimiento para los usuarios que no acuden al establecimiento para obtener el método | J81: HC - HIS | K81: Del total de parejas protegidas a programarr se asignara el porcentaje según tendencia de la mezcla anticonceptiva propuesta | L81: 2 | M81: 30 | Z81: =SUM(N81:Y81) -> 0 | AA81: =L81*Z81 -> 0
B82: Plan. Fam. | C82: SMN | F82: % DE PAREJAS PROTEGIDAS CON MÉTODO DE ABSTINENCIA PERIODICA (RITMO, BILLINGS, COLLAR) | G82: MEF | H82: Pareja Protegida | I82: Abstención de relaciones sexuales en el período fértil del ciclo menstrual para evitar un embarazo (Método del ritmo, Método del moco cervical – Billings y Método de los días fijos o del Collar). Lo realiza el profesional de salud calificado y capacitado, apartir de los establecimientos de salud nivel I Incluye: 6 atenciones en planificación familiar (20 minutos por atención; cada 2 meses en un año) - Examen de Papanicolaou según norma vigente ( Programa Presupuestal de P y C Cáncer Mujeres de 30 a 49 años) - Examen de mamas - Tamizaje de Violencia basada en género - Tamizaje de prueba rápida para VIH - 1 visita de seguimiento para los usuarios que no acuden al establecimiento para su control | J82: HC - HIS | K82: Del total de parejas protegidas a programarr se asignara el porcentaje según tendencia de la mezcla anticonceptiva propuesta | L82: 6 | M82: 20 | Z82: =SUM(N82:Y82) -> 0 | AA82: =L82*Z82 -> 0
B83: Plan. Fam. | C83: SMN | F83: % DE PAREJAS PROTEGIDAS CON METODO DE LACTANCIA MATERNA EXCLUSIVA (MELA) | G83: MEF | H83: Pareja Protegida | I83: Es el único método natural, basado en la infecundidad temporal de la mujer durante la Lactancia. Lo realiza el profesional de salud calificado y capacitado, a partir delos establecimientos de salud nivel I. Incluye: 2 atenciones en planificación familiar (20 minutos cada una (la primera atención a los 45 días postparto y la segunda a los 6 meses en un año). - Examen de Papanicolaou según norma vigente ( Programa Presupuestal de P y C Cáncer Mujeres de 30 a 49 años) - Examen de mamas - Tamizaje de Violencia basada en género - Tamizaje de prueba rápida para VIH - 1 visita de seguimiento para los usuarios que no acudan al establecimiento para su control | J83: HC - HIS | K83: Estimar según mezcla anticonceptiva y según tendencia del método MELA, tomando como referencia el total de pareja protegidas a programar | L83: 2 | M83: 20 | Z83: =SUM(N83:Y83) -> 0 | AA83: =L83*Z83 -> 0
B84: Plan. Fam. | C84: SMN | F84: % DE PAREJAS PROTEGIDAS CON METODO DE BARRERA - CONDON FEMENINO | G84: MEF | H84: Pareja Protegida | I84: Es una funda amplia y delgada de polímero de nitrilo que se coloca en la vagina antes de una relación sexual. Lo entrega el profesional de salud calificado y capacitado, a partir delos establecimientos de salud nivel I. Incluye: 4 atenciones en planificación familiar de 20 minutos de duración por atención, cada 3 meses en un año - Examen de Papanicolaou - Examen de mamas - Tamizaje de Violencia basada en género - Tamizaje de prueba rápida para VIH - 1 visita de seguimiento para los usuarios que no acudan al establecimiento para obtener el método | J84: HC - HIS | K84: Del total de parejas protegidas a programarr se asignara el porcentaje según tendencia de la mezcla anticonceptiva propuesta | L84: 4 | M84: 20 | Z84: =SUM(N84:Y84) -> 0 | AA84: =L84*Z84 -> 0
B85: Plan. Fam. | C85: SMN | F85: % DE PAREJAS PROTEGIDAS CON METODO DE BARRERA - CONDON MASCULINO | G85: MEF | H85: Pareja Protegida | I85: Condón masculino es una funda delgada de caucho (látex) lubricada, sin nonoxinol, su uso correcto, evita el embarazo y reduce la transmisión de las ITS, VIH-SIDA y del HTVL1. Lo entrega el profesional de salud calificado en establecimientos de salud nivel I. Incluye - 4 atenciones de 20 minutos por atención cada 3 meses en un año - Examen de Papanicolaou según norma vigente - Examen de mamas - Tamizaje de Violencia basada en género - Tamizaje de prueba rápida para VIH - 1 visita de seguimiento para los usuarios que no acuden al establecimiento para obtener el método | J85: HC - HIS | K85: Del total de parejas protegidas a programar se asignara el porcentaje según tendencia de la mezcla anticonceptiva propuesta | L85: 4 | M85: 20 | Z85: =SUM(N85:Y85) -> 0 | AA85: =L85*Z85 -> 0
A86: 32 | B86: Plan. Fam. | C86: SMN | D86: CAPTACION DE MUJERES CON DEMANDA INSATISFECHA EN PLANIFICACION FAMILIAR | F86: % DE POBLACIÓN EN EDAD REPRODUCTIVA QUE NO UTILIZA UN METODO DE PLANIFICACION FAMILIAR. | G86: MEF | H86: Captada | I86: Es la identificación de las mujeres que desde hace un año no optan por un método anticonceptivo; esta identificación puede hacerse a través de actividades extra e intra murales. Se realiza a partir de los establecimientos de salud categoría I-1. Se considera mujer captada; cuando luego de realizada la identificación a través de las actividades extra e intramurales, la mujer accede voluntariamente a los servicios de planificación familiar y opta por un método anticonceptivo | J86: HC - HIS | K86: El 8,6 % de la población de mujer en edad fértil programable (Equivale a la proporción de mujeres con demanda insatisfecha en Planificación Familiar).G | L86: 1 | M86: 20 | Z86: =SUM(N86:Y86) -> 0 | AA86: =L86*Z86 -> 0
A87: 33 | C87: SMN | D87: ORIENTACIÓN Y CONSEJERIA EN SALUD SEXUAL Y REPRODUCTIVA | F87: % DE POBLACIÓN EN EDAD REPRODUCTIVA QUE ACCEDE A CONSEJERIA Y ORIENTACIÓN EN SALUD SEXUAL Y REPRODUCTIVA | G87: 12 - 60 Años (Hombres y Mujeres) | H87: Persona Informada | I87: Atenciones que se brinda a la persona o pareja para que logren tomar decisiones voluntarias, informadas y responsables acerca de su fecundidad y vida reproductiva basada en información veraz y actualizada. Lo realiza el Médico Gineco Obstetra, Médico Cirujano, Obstetra u otro profesional capacitado (entrenados en orientación/consejería en SSR y en provisión de anticonceptivos) a partir de los establecimientos de salud nivel I. Incluye: 2 atenciones por 30 minutos en el año (en orientación y consejería general) - 3 atenciones por 30 minutos en el año (en Anticoncepción Quirúrgica Voluntaria Femenina y Masculina: Primera atención : orientación y consejería general, segunda atención ; consejería especial en AQV; tercera atención a las 72 horas para la firma del consentimiento informado, post periodo de reflexión) - materiales audiovisuales de orientación y consejería en planificación familiar. | J87: HC - HIS | K87: 20% más de lo realizado el año anterior. | L87: 2 | M87: 30 | Z87: =SUM(N87:Y87) -> 0 | AA87: =L87*Z87 -> 0
A88: 34 | B88: NIÑO | C88: PAN | D88: CONSEJERIA NUTRICIONAL NIÑO DESNUTRIDO O EN RIESGO NUTRICIONAL | F88: % DE NIÑOS DESNUTRIDOS O EN RIESGO NUTRICIONAL CUYOS PADRES RECIBEN CONSEJERIA NUTRICIONAL | G88: 0 - 4 años | H88: Consejeria | I88: Actividad individual que es realizada por un profesional con competencias en consejeria nutricional en el EESS u Hogar y que es dirigida a la madre o cuidador del niño y tiene por objeto intervenir sobre los factores que afectan el estado nutricional (Riesgo nutricional, Desnutricion) | J88: HC - HIS | K88: 100 % de niños con desnutrición o en riesgo nutricional con prioridad en el afiliado SIS y quintiles I y II | L88: 3 | M88: 30 | Z88: =SUM(N88:Y88) -> 0 | AA88: =L88*Z88 -> 0
B89: NIÑO | G89: 5 - 11 años | H89: Consejeria | J89: HC - HIS | K89: 100 % de niños con desnutrición y 75% en riesgo nutricional. con prioridad en el afiliado SIS y quintiles I y II. | L89: 3 | M89: 30 | Z89: =SUM(N89:Y89) -> 0 | AA89: =L89*Z89 -> 0
A90: 35 | B90: ESANS | C90: PAN | D90: CONSULTA NUTRICIONAL NIÑO DESNUTRIDO O EN RIESGO NUTRICIONAL | F90: % DE NIÑOS DESNUTRIDOS O EN RIESGO NUTRICIONAL CUYOS PADRES RECIBEN CONSULTA NUTRICIONAL | G90: 0 - 11 años | H90: Consulta | I90: Actividad individual que es realizada por un profesional en nutricion en el EESS y es dirigida a los padres de familia o cuidador del niño y tiene por objeto intervenir sobre los factores que afectan el estado nutricional (Riesgo nutricional, Desnutricion) | J90: HC - HIS | K90: 100 % de niños con desnutrición o en riesgo nutricional con prioridad en el afiliado SIS y quintiles I y II | L90: 3 | M90: 45 | Z90: =SUM(N90:Y90) -> 0 | AA90: =L90*Z90 -> 0
A91: 36 | B91: Gestante | C91: SMN | D91: CONSEJERIA NUTRICIONAL A LA GESTANTE Y PUERPERA | F91: % DE GESTANTES QUE RECIBEN CONSEJERIA NUTRICIONAL % DE PUERPERAS QUE RECIBEN CONSEJERIA NUTRICIONAL | G91: Gestante | H91: Consejeria | I91: Actividad por lo que se proporciona información específica y necesaria, ajustada a la realidad local, para que el joven tome sus propias decisiones de manera informada sobre su alimentación. Tiene que cumplir 5 pasos de la consejería. Que realiza todo profesional de la salud capacitado | J91: HC - HIS | K91: 3 consejerías al 100 % a la gestante. | L91: 3 | M91: 30 | Z91: =SUM(N91:Y91) -> 0 | AA91: =L91*Z91 -> 0
C92: SMN | G92: Puerpera | L92: 3 | M92: 30 | Z92: =SUM(N92:Y92) -> 0 | AA92: =L92*Z92 -> 0
A93: 37 | B93: ESANS | C93: SMN | D93: CONSULTA NUTRICIONAL A LA GESTANTE Y PUERPERA | F93: % DE GESTANTES EN RIESGO NUTRICIONAL QUE RECIBEN CONSULTA NUTRICIONAL % DE PUERPERAS QUE RECIBEN CONSULTA NUTRICIONAL | G93: Gestante | H93: Consulta | I93: Actividad individual que es realizada por un profesional en nutricion en el EESS y es dirigida a la gestante o a la puerpera y tiene por objeto intervenir sobre los factores que afectan el estado nutricional (Riesgo nutricional, anemia) | J93: HC - HIS | K93: 100 % de gestantes y puérperas en riesgo nutricional | L93: 3 | M93: 45 | Z93: =SUM(N93:Y93) -> 0 | AA93: =L93*Z93 -> 0
C94: SMN | G94: Puerpera | L94: 3 | M94: 30 | Z94: =SUM(N94:Y94) -> 0 | AA94: =L94*Z94 -> 0
A95: 38 | B95: NIÑO | C95: PAN | D95: DESCARTE DE PARASITOSIS INTESTINAL | F95: % DE NIÑOS CON TAMIZAJE LABORATORIAL PARA DESCARTE DE PARASITOSIS INTESTINAL | G95: 1 - 11 años | H95: Niño con Examen Realizado | I95: Consiste en la toma y procesamiento de muestra de heces para realizar el examen coproparasitológico seriado para el diagnóstico de Parasitosis intestinal, fasciolasis y paragonimiasis. Así como también la toma de muestra y procesamiento de muestra de heces mediante la técnica de Graham para el diagnóstico de Oxiuriasis. | J95: HC - HIS | K95: 100 % de niños menores de 5 años, 50% de niños de 5 a 11 años con prioridad de afiliados SIS y quintiles I y II | L95: 1 | M95: 10 | Z95: =SUM(N95:Y95) -> 0 | AA95: =L95*Z95 -> 0
B96: ADOLESCENTE | C96: PAN | F96: % DE ADOLESCENTES CON TAMIZAJE LABORATORIAL PARA DESCARTE DE PARASITOSIS INTESTINAL | G96: 12 - 17 años | H96: Adolescente Tamizado | J96: HC - HIS | K96: 50% de adolescentes con prioridad de afiliados SIS y quintiles I y II. (solo parasitológico seriado) | L96: 1 | M96: 20 | Z96: =SUM(N96:Y96) -> 0 | AA96: =L96*Z96 -> 0
A97: 39 | B97: NIÑO | D97: ADMINISTRACIÓN DE TRATAMIENTO ANTIPARASITARIO | F97: % DE Niños QUE RECIBEN TRATAMIENTO ANTIPARASITARIO PROFILACTICO | G97: 2 - 11 años | H97: Niño Tratado | I97: Es la administración de mebendazol (100 mg) o Albendazol (400 mg) en dosis única como medida profilactica para el tratamiento de Parasitosis Intestinal causada por Enterobius vermicularis. | J97: HC - HIS | K97: 100 % de niños de 2 a 11 años con prioridad de afiliados SIS y quintiles I y II. | L97: 2 | M97: 10 | Z97: =SUM(N97:Y97) -> 0 | AA97: =L97*Z97 -> 0
B98: ADOLESCENTE | F98: % DE ADOLESCENTES QUE RECIBEN TRATAMIENTO ANTIPARASITARIO PROFILACTICO | G98: 12 - 14 años | H98: Adolescente Tratado | J98: HC - HIS | K98: 100 % de adolescentes de 12 a 14 años con prioridad de afiliados SIS y quintiles I y II | L98: 2 | M98: 10 | Z98: =SUM(N98:Y98) -> 0 | AA98: =L98*Z98 -> 0
A99: 40 | B99: ADOLESCENTE | D99: ATENCIÓN INTEGRAL | F99: % DE ADOLESCENTES CON ATENCIÓN INTEGRAL COMPLETA | G99: Adolescente | H99: Adolescente con Plan de Atención ejecutado | I99: Conjunto de actividades periódicas y sistemáticas orientadas a evaluar el crecimiento y desarrollo del adolescente, con el fin de detectar oportunamente alteraciones y riesgos en su estado de salud. | J99: HC - HIS | K99: 75% de adolescentes atendidos el año anterior priorizando afiliados SIS y quintiles I y II | L99: 3 | M99: 30 | Z99: =SUM(N99:Y99) -> 0 | AA99: =L99*Z99 -> 0
B100: JOVEN | F100: % DE JOVENES CON ATENCIÓN INTEGRAL COMPLETA | G100: Joven | H100: Joven con Plan de Atención ejecutado | I100: Conjunto de actividades periódicas y sistemáticas orientadas a evaluar al joven, con el fin de detectar oportunamente alteraciones y riesgos en su estado de salud. | J100: HC - HIS | K100: 25% de jóvenes priorizando afiliados SIS y quintiles I y II | L100: 3 | M100: 30 | Z100: =SUM(N100:Y100) -> 0 | AA100: =L100*Z100 -> 0
B101: ADULTO | F101: % DE ADULTOS CON ATENCIÓN INTEGRAL COMPLETA | G101: Adulto | H101: Adulto con Plan de Atención ejecutado | I101: Conjunto de actividades periódicas y sistemáticas orientadas a evaluar al adulto, con el fin de detectar oportunamente alteraciones y riesgos en su estado de salud. | J101: HC - HIS | K101: 25% de adultos priorizando afiliados SIS y quintiles I y II | L101: 3 | M101: 30 | Z101: =SUM(N101:Y101) -> 0 | AA101: =L101*Z101 -> 0
...

Sheet F16 HORAS PROFESIONAL
A1: DISTRIBUCION DE HORAS POR PROFESIONAL - PLAN DE SALUD LOCAL 2019
A2: N° ACT. | B2: ESTRG | C2: PPR | D2: ACTIVIDADES | E2: INDICADOR | F2: POBLACIÓN OBJETIVO | G2: UNIDAD MEDIDA ATENDIDOS | H2: PRG X MR | I2: TIEMPO DE EJECUCION
I3: TIEMPO UNITARIO EN MINUTOS | J3: TOTAL DE TIEMPO REQUERIDO EN MINUTOS | K3: TOTAL DE TIEMPO DISTRIBUIDAS EN HORAS | L3: HORAS MEDICO | M3: HORAS ENFERMERA | N3: HORAS OBSTETRA | O3: HORAS ODONTOLOGO | P3: HORAS ASISTENTA SOCIAL | Q3: HORAS NUTRICIONISTA | R3: HORAS PSICOLOGO | S3: HORAS OTROS PROF | T3: HORAS TEC. ASISTENC. | U3: HORAS OTROS TECNICOS | V3: HORAS TEC. ADMIN | W3: HORAS OTRO PERSONAL NO INCLUIDO
A5: 1 | B5: NIÑO | C5: PAN | D5: SUPLEMENTO DE MICRONUTRIENTES | E5: % DE NIÑOS MENORES DE 110 y 130 dias SUPLEMENTADOS CON SULFATO FERROSO EN GOTAS | F5: < 1 año | G5: Niño Suplementado | H5: ='F15 PROG. ACTIVIDADES'!AA5 -> 114 | I5: ='F15 PROG. ACTIVIDADES'!M5 -> 10 | J5: =ROUND((H5*I5)/60,1) -> 19 | K5: =SUM(L5:W5) -> 95 | M5: 95 | X5: =J5-K5 -> -76
B6: NIÑO | C6: PAN | E6: % DE NIÑOS DE <1 AÑO SUPLEMENTADOS CON HIERRO Y/O MICRONUTRIENTES | F6: < 1 año | G6: Niño Suplementado | H6: ='F15 PROG. ACTIVIDADES'!AA6 -> 0 | I6: ='F15 PROG. ACTIVIDADES'!M6 -> 10 | J6: =ROUND((H6*I6)/60,1) -> 0 | K6: =SUM(L6:W6) -> 0 | X6: =J6-K6 -> 0
B7: NIÑO | C7: PAN | E7: % DE NIÑOS DE 1 años SUPLEMENTADOS CON HIERRO Y/O MICRONUTRIENTES | F7: 1 años | G7: Niño Suplementado | H7: ='F15 PROG. ACTIVIDADES'!AA7 -> 0 | I7: ='F15 PROG. ACTIVIDADES'!M7 -> 10 | J7: =ROUND((H7*I7)/60,1) -> 0 | K7: =SUM(L7:W7) -> 0 | X7: =J7-K7 -> 0
B8: NIÑO | C8: PAN | E8: % DE NIÑOS DE 2 años SUPLEMENTADOS CON HIERRO Y/O MICRONUTRIENTES | F8: 2 años | G8: Niño Suplementado | H8: ='F15 PROG. ACTIVIDADES'!AA8 -> 0 | I8: ='F15 PROG. ACTIVIDADES'!M8 -> 10 | J8: =ROUND((H8*I8)/60,1) -> 0 | K8: =SUM(L8:W8) -> 0 | X8: =J8-K8 -> 0
B9: NIÑO | C9: PAN | E9: % DE NIÑOS DE 3 años SUPLEMENTADOS CON HIERRO Y/O MICRONUTRIENTES | F9: 3 años | G9: Niño Suplementado | H9: ='F15 PROG. ACTIVIDADES'!AA9 -> 0 | I9: ='F15 PROG. ACTIVIDADES'!M9 -> 10 | J9: =ROUND((H9*I9)/60,1) -> 0 | K9: =SUM(L9:W9) -> 0
B10: NIÑO | C10: PAN | E10: % DE NIÑOS DE 4 años a 5 años SUPLEMENTADOS CON HIERRO Y/O MICRONUTRIENTES | F10: 4 años | G10: Niño Suplementado | H10: ='F15 PROG. ACTIVIDADES'!AA10 -> 0 | I10: ='F15 PROG. ACTIVIDADES'!M10 -> 10 | J10: =ROUND((H10*I10)/60,1) -> 0 | K10: =SUM(L10:W10) -> 0
B11: ADOLESCENTE | C11: PAN | E11: % DE ADOLESCENTES DE 12 A 17 AÑOS SUPLEMENTADOS CON SULFATO FERROSO Y ACIDO FOLICO | F11: Adolescente | G11: Adolescente suplementado | H11: ='F15 PROG. ACTIVIDADES'!AA11 -> 0 | I11: ='F15 PROG. ACTIVIDADES'!M11 -> 10 | J11: =ROUND((H11*I11)/60,1) -> 0 | K11: =SUM(L11:W11) -> 0 | X11: =J11-K11 -> 0
B12: Gestante | C12: SMN | E12: % DE GESTANTES SUPLEMENTADAS CON SULFATO FERROSO + ACIDO FOLICO | F12: Gestante | G12: Gestante suplementada | H12: ='F15 PROG. ACTIVIDADES'!AA12 -> 270 | I12: ='F15 PROG. ACTIVIDADES'!M12 -> 10 | J12: =ROUND((H12*I12)/60,1) -> 45 | K12: =SUM(L12:W12) -> 45 | N12: 45 | X12: =J12-K12 -> 0
B13: Gestante | C13: SMN | E13: % DE PUERPERAS CON SUPLEMENTACIÓN DE SULFATO FERROSO COMPLETO | F13: Puerpera | G13: Puerpera suplementada | H13: ='F15 PROG. ACTIVIDADES'!AA13 -> 0 | I13: ='F15 PROG. ACTIVIDADES'!M13 -> 10 | J13: =ROUND((H13*I13)/60,1) -> 0 | K13: =SUM(L13:W13) -> 0 | X13: =J13-K13 -> 0
A14: =+A5+1 -> 2 | B14: NIÑO | C14: PAN | D14: CONTROL CRED | E14: % DE RECIEN NACIDOS CON 2 CONTROLES CRED HASTA LOS 15 DIAS | F14: R.N. | G14: R. N. Controlado | H14: ='F15 PROG. ACTIVIDADES'!AA14 -> 0 | I14: ='F15 PROG. ACTIVIDADES'!M14 -> 45 | J14: =ROUND((H14*I14)/60,1) -> 0 | K14: =SUM(L14:W14) -> 0 | X14: =J14-K14 -> 0
B15: NIÑO | C15: PAN | E15: % DE NIÑOS CON CONTROLES CRED COMPLETOS PARA LA EDAD | F15: < 1 año | G15: Niño Controlado | H15: ='F15 PROG. ACTIVIDADES'!AA15 -> 0 | I15: ='F15 PROG. ACTIVIDADES'!M15 -> 45 | J15: =ROUND((H15*I15)/60,1) -> 0 | K15: =SUM(L15:W15) -> 0 | X15: =J15-K15 -> 0
B16: NIÑO | C16: PAN | F16: 1 año | G16: Niño Controlado | H16: ='F15 PROG. ACTIVIDADES'!AA16 -> 0 | I16: ='F15 PROG. ACTIVIDADES'!M16 -> 45 | J16: =ROUND((H16*I16)/60,1) -> 0 | K16: =SUM(L16:W16) -> 0 | X16: =J16-K16 -> 0
B17: NIÑO | C17: PAN | F17: 2 - 4 años | G17: Niño Controlado | H17: ='F15 PROG. ACTIVIDADES'!AA17 -> 0 | I17: ='F15 PROG. ACTIVIDADES'!M17 -> 45 | J17: =ROUND((H17*I17)/60,1) -> 0 | K17: =SUM(L17:W17) -> 0 | X17: =J17-K17 -> 0
B18: NIÑO | F18: 5 - 11 años | G18: Niño Controlado | H18: ='F15 PROG. ACTIVIDADES'!AA18 -> 0 | I18: ='F15 PROG. ACTIVIDADES'!M18 -> 45 | J18: =ROUND((H18*I18)/60,1) -> 0 | K18: =SUM(L18:W18) -> 0 | X18: =J18-K18 -> 0
A19: 3 | B19: NIÑO | C19: PAN | D19: DOSAJE DE HEMOGLOBINA | E19: % DE NIÑOS CON DOSAJE DE HEMOGLOBINA | F19: R.N. | G19: R.N. con Dosaje de Hemoglobina | H19: ='F15 PROG. ACTIVIDADES'!AA19 -> 0 | I19: ='F15 PROG. ACTIVIDADES'!M19 -> 15 | J19: =ROUND((H19*I19)/60,1) -> 0 | K19: =SUM(L19:W19) -> 0 | X19: =J19-K19 -> 0
B20: NIÑO | C20: PAN | F20: < 1 año | G20: Niño con Dosaje de Hb | H20: ='F15 PROG. ACTIVIDADES'!AA20 -> 0 | I20: ='F15 PROG. ACTIVIDADES'!M20 -> 15 | J20: =ROUND((H20*I20)/60,1) -> 0 | K20: =SUM(L20:W20) -> 0 | X20: =J20-K20 -> 0
B21: NIÑO | C21: PAN | F21: 1 año | G21: Niño con Dosaje de Hb | H21: ='F15 PROG. ACTIVIDADES'!AA21 -> 0 | I21: ='F15 PROG. ACTIVIDADES'!M21 -> 15 | J21: =ROUND((H21*I21)/60,1) -> 0 | K21: =SUM(L21:W21) -> 0 | X21: =J21-K21 -> 0
B22: NIÑO | C22: PAN | F22: 2 años | G22: Niño con Dosaje de Hb | H22: ='F15 PROG. ACTIVIDADES'!AA22 -> 0 | I22: ='F15 PROG. ACTIVIDADES'!M22 -> 15 | J22: =ROUND((H22*I22)/60,1) -> 0 | K22: =SUM(L22:W22) -> 0 | X22: =J22-K22 -> 0
B23: Gestante | C23: SMN | E23: % DE GESTANTES CON DOSAJE DE HEMOGLOBINA EN EL III TRIMESTRE | F23: Gestante | G23: Gestante con Dosaje de Hb | H23: ='F15 PROG. ACTIVIDADES'!AA23 -> 0 | I23: ='F15 PROG. ACTIVIDADES'!M23 -> 15 | J23: =ROUND((H23*I23)/60,1) -> 0 | K23: =SUM(L23:W23) -> 0 | X23: =J23-K23 -> 0
B24: Gestante | C24: SMN | E24: % CON DOSAJE DE HEMOGLOBINA EN EL PUERPERIO INMEDIATO | F24: Puerpera | G24: Puérpera con Dosaje de Hemoglobina | H24: ='F15 PROG. ACTIVIDADES'!AA24 -> 0 | I24: ='F15 PROG. ACTIVIDADES'!M24 -> 15 | J24: =ROUND((H24*I24)/60,1) -> 0 | K24: =SUM(L24:W24) -> 0 | X24: =J24-K24 -> 0
A25: 4 | B25: RN | C25: PAN | D25: ADMINISTRACIÓN DE VACUNA BCG | E25: % DE RECIEN NACIDO CON VACUNA BCG | F25: R.N. | G25: R. N. Protegido | H25: ='F15 PROG. ACTIVIDADES'!AA25 -> 0 | I25: ='F15 PROG. ACTIVIDADES'!M25 -> 10 | J25: =ROUND((H25*I25)/60,1) -> 0 | K25: =SUM(L25:W25) -> 0 | X25: =J25-K25 -> 0
A26: 5 | B26: RN | C26: PAN | D26: ADMINISTRACIÓN DE VACUNA CONTRA HEPATITIS | E26: % DE RECIEN NACIDO CON VACUNA HvB | F26: R.N. | G26: R. N. Protegido | H26: ='F15 PROG. ACTIVIDADES'!AA26 -> 0 | I26: ='F15 PROG. ACTIVIDADES'!M26 -> 10 | J26: =ROUND((H26*I26)/60,1) -> 0 | K26: =SUM(L26:W26) -> 0 | X26: =J26-K26 -> 0
A27: 6 | B27: RN | C27: PAN | D27: ATENCIÓN INMEDIATA DEL RECIEN NACIDO | E27: % DE RECIEN NACIDOS CON ATENCIÓN INMEDIATA | F27: R.N. | G27: R. N. Atendido | H27: ='F15 PROG. ACTIVIDADES'!AA27 -> 0 | I27: ='F15 PROG. ACTIVIDADES'!M27 -> 120 | J27: =ROUND((H27*I27)/60,1) -> 0 | K27: =SUM(L27:W27) -> 0 | X27: =J27-K27 -> 0
A28: 7 | B28: ESNI | C28: PAN | D28: ADMINISTRACIÓN DE VACUNA PENTAVALENTE | E28: % DE NIÑOS MENORES DE 1 AÑO CON VACUNA PENTAVALENTE COMPLETA | F28: < 1 año | G28: Niño Protegido | H28: ='F15 PROG. ACTIVIDADES'!AA28 -> 0 | I28: ='F15 PROG. ACTIVIDADES'!M28 -> 10 | J28: =ROUND((H28*I28)/60,1) -> 0 | K28: =SUM(L28:W28) -> 0 | X28: =J28-K28 -> 0
A29: 8 | B29: ESNI | C29: PAN | D29: ADMINISTRACIÓN DE VACUNA NEUMOCOCO | E29: % DE NIÑOS MENORES DE 1 AÑO CON VACUNA NEUMOCOCO 2DA DOSIS | F29: < 1 año | G29: Niño Protegido | H29: ='F15 PROG. ACTIVIDADES'!AA29 -> 0 | I29: ='F15 PROG. ACTIVIDADES'!M29 -> 10 | J29: =ROUND((H29*I29)/60,1) -> 0 | K29: =SUM(L29:W29) -> 0 | X29: =J29-K29 -> 0
B30: ESNI | C30: PAN | E30: % DE NIÑOS DE 1 AÑO CON VACUNA NEUMOCOCO 3ra DOSIS | F30: 1 año | G30: Niño Protegido | H30: ='F15 PROG. ACTIVIDADES'!AA30 -> 0 | I30: ='F15 PROG. ACTIVIDADES'!M30 -> 10 | J30: =ROUND((H30*I30)/60,1) -> 0 | K30: =SUM(L30:W30) -> 0 | X30: =J30-K30 -> 0
A31: 9 | B31: ESNI | C31: PAN | D31: ADMINISTRACIÓN DE VACUNA ROTAVIRUS | E31: % DE NIÑOS MENORES DE 1 AÑO CON VACUNA ROTAVIRUS 2da DOSIS. | F31: < 1 año | G31: Niño Protegido | H31: ='F15 PROG. ACTIVIDADES'!AA31 -> 0 | I31: ='F15 PROG. ACTIVIDADES'!M31 -> 10 | J31: =ROUND((H31*I31)/60,1) -> 0 | K31: =SUM(L31:W31) -> 0 | X31: =J31-K31 -> 0
A32: 10 | B32: ESNI | C32: PAN | D32: ADMINISTRACIÓN DE VACUNA ANTIPOLIOMIELITICA | E32: % DE NIÑOS MENORES DE 1 AÑO CON VACUNA ANTIPOLIOMIELITICA INYECTABLE (IPV). | F32: < 1 año | G32: Niño Protegido | H32: ='F15 PROG. ACTIVIDADES'!AA32 -> 0 | I32: ='F15 PROG. ACTIVIDADES'!M32 -> 10 | J32: =ROUND((H32*I32)/60,1) -> 0 | K32: =SUM(L32:W32) -> 0 | X32: =J32-K32 -> 0
B33: ESNI | C33: PAN | E33: % DE NIÑOS MENORES DE 1 AÑO CON VACUNA ANTIPOLIOMIELITICA ORAL (OPV) 1 DOSIS | F33: < 1 año | G33: Niño Protegido | H33: ='F15 PROG. ACTIVIDADES'!AA33 -> 0 | I33: ='F15 PROG. ACTIVIDADES'!M33 -> 10 | J33: =ROUND((H33*I33)/60,1) -> 0 | K33: =SUM(L33:W33) -> 0 | X33: =J33-K33 -> 0
B34: ESNI | C34: PAN | E34: % DE NIÑOS DE 1 AÑO CON VACUNA ANTIPOLIOMIELITICA ORAL (OPV) 1er REFUERZO | F34: 1 año | G34: Niño Protegido | H34: ='F15 PROG. ACTIVIDADES'!AA34 -> 0 | I34: ='F15 PROG. ACTIVIDADES'!M34 -> 10 | J34: =ROUND((H34*I34)/60,1) -> 0 | K34: =SUM(L34:W34) -> 0 | X34: =J34-K34 -> 0
B35: ESNI | C35: PAN | E35: % DE NIÑOS DE 4 años CON VACUNA ANTIPOLIOMIELITICA ORAL (OPV) 2do REFUERZO | F35: 4 años | G35: Niño Protegido | H35: ='F15 PROG. ACTIVIDADES'!AA35 -> 0 | I35: ='F15 PROG. ACTIVIDADES'!M35 -> 10 | J35: =ROUND((H35*I35)/60,1) -> 0 | K35: =SUM(L35:W35) -> 0 | X35: =J35-K35 -> 0
A36: 11 | B36: ESNI | C36: PAN | D36: ADMINISTRACIÓN DE VACUNA CONTRA INFLUENZA | E36: % DE NIÑOS MENORES DE 1 AÑO CON VACUNA CONTRA LA INFLUENZA (7m y 8m) | F36: < 1 año | G36: Niño Protegido | H36: ='F15 PROG. ACTIVIDADES'!AA36 -> 0 | I36: ='F15 PROG. ACTIVIDADES'!M36 -> 10 | J36: =ROUND((H36*I36)/60,1) -> 0 | K36: =SUM(L36:W36) -> 0 | X36: =J36-K36 -> 0
B37: ESNI | C37: PAN | E37: % DE NIÑOS DE 1 AÑO CON VACUNA CONTRA LA INFLUENZA 1 DOSIS | F37: 1 año | G37: Niño Protegido | H37: ='F15 PROG. ACTIVIDADES'!AA37 -> 0 | I37: ='F15 PROG. ACTIVIDADES'!M37 -> 10 | J37: =ROUND((H37*I37)/60,1) -> 0 | K37: =SUM(L37:W37) -> 0 | X37: =J37-K37 -> 0
B38: ESNI | C38: PAN | E38: % DE NIÑOS DE 2 -4 años CON COMORBILIDAD CON VACUNA CONTRA LA INFLUENZA (5%) | F38: 2 - 4 años | G38: Niño Protegido | H38: ='F15 PROG. ACTIVIDADES'!AA38 -> 0 | I38: ='F15 PROG. ACTIVIDADES'!M38 -> 10 | J38: =ROUND((H38*I38)/60,1) -> 0 | K38: =SUM(L38:W38) -> 0 | X38: =J38-K38 -> 0
B39: ESNI | E39: % DE POBLACION DE 5 -59 años CON COMORBILIDAD CON VACUNA CONTRA LA INFLUENZA (3%) | F39: 5 - 59 años | G39: Vacunado | H39: ='F15 PROG. ACTIVIDADES'!AA39 -> 0 | I39: ='F15 PROG. ACTIVIDADES'!M39 -> 10 | J39: =ROUND((H39*I39)/60,1) -> 0 | K39: =SUM(L39:W39) -> 0 | X39: =J39-K39 -> 0
B40: ESNI | C40: SMN | E40: % DE GESTANTE CON VACUNA CONTRA LA INFLUENZA | F40: Gestante | G40: Gestante vacunada | H40: ='F15 PROG. ACTIVIDADES'!AA40 -> 0 | I40: ='F15 PROG. ACTIVIDADES'!M40 -> 10 | J40: =ROUND((H40*I40)/60,1) -> 0 | K40: =SUM(L40:W40) -> 0 | X40: =J40-K40 -> 0
B41: ESNI | E41: % DE ADULTOS MAYORES DE 60 AÑOS A MAS CON VACUNA CONTRA LA INFLUENZA | F41: Adulto Mayor | G41: Adulto Mayor Protegido | H41: ='F15 PROG. ACTIVIDADES'!AA41 -> 0 | I41: ='F15 PROG. ACTIVIDADES'!M41 -> 10 | J41: =ROUND((H41*I41)/60,1) -> 0 | K41: =SUM(L41:W41) -> 0 | X41: =J41-K41 -> 0
A42: 12 | B42: ESNI | C42: PAN | D42: ADMINISTRACIÓN DE VACUNA SPR | E42: % DE NIÑOS DE 1 AÑO CON VACUNA SPR COMPLETA | F42: 1 año | G42: Niño Protegido | H42: ='F15 PROG. ACTIVIDADES'!AA42 -> 0 | I42: ='F15 PROG. ACTIVIDADES'!M42 -> 10 | J42: =ROUND((H42*I42)/60,1) -> 0 | K42: =SUM(L42:W42) -> 0 | X42: =J42-K42 -> 0
B43: ESNI | C43: PAN | E43: % DE NIÑOS DE 1 año CON VACUNA SPR 2DA dosis (18MESES). | F43: 1 año | G43: Niño Protegido | H43: ='F15 PROG. ACTIVIDADES'!AA43 -> 0 | I43: ='F15 PROG. ACTIVIDADES'!M43 -> 10 | J43: =ROUND((H43*I43)/60,1) -> 0 | K43: =SUM(L43:W43) -> 0 | X43: =J43-K43 -> 0
A44: 13 | B44: ESNI | C44: PAN | D44: ADMINISTRACIÓN DE VACUNA ANTIAMARILICA | E44: % DE NIÑOS DE 1 AÑO CON VACUNA ANTIAMARILICA | F44: 1 año | G44: Niño Protegido | H44: ='F15 PROG. ACTIVIDADES'!AA44 -> 0 | I44: ='F15 PROG. ACTIVIDADES'!M44 -> 10 | J44: =ROUND((H44*I44)/60,1) -> 0 | K44: =SUM(L44:W44) -> 0 | X44: =J44-K44 -> 0
A45: 14 | B45: ESNI | C45: PAN | D45: ADMINISTRACIÓN DE VACUNA DPT | E45: % DE NIÑOS DE 1 AÑO CON VACUNA DPT COMPLETA | F45: 1 año | G45: Niño Protegido | H45: ='F15 PROG. ACTIVIDADES'!AA45 -> 0 | I45: ='F15 PROG. ACTIVIDADES'!M45 -> 10 | J45: =ROUND((H45*I45)/60,1) -> 0 | K45: =SUM(L45:W45) -> 0 | X45: =J45-K45 -> 0
B46: ESNI | C46: PAN | E46: % DE NIÑOS DE 4 años CON VACUNA DPT COMPLETA | F46: 4 años | G46: Niño Protegido | H46: ='F15 PROG. ACTIVIDADES'!AA46 -> 0 | I46: ='F15 PROG. ACTIVIDADES'!M46 -> 10 | J46: =ROUND((H46*I46)/60,1) -> 0 | K46: =SUM(L46:W46) -> 0 | X46: =J46-K46 -> 0
A47: 15 | B47: ESNI | C47: P y CA | D47: NIÑA PROTEGIDA CON VPH | E47: % DE NIÑAS CON VACUNA VPH COMPLETA | F47: 5to año de primaria | G47: Niño Protegido | H47: ='F15 PROG. ACTIVIDADES'!AA47 -> 0 | I47: ='F15 PROG. ACTIVIDADES'!M47 -> 10 | J47: =ROUND((H47*I47)/60,1) -> 0 | K47: =SUM(L47:W47) -> 0 | X47: =J47-K47 -> 0
A48: 16 | B48: RN | C48: PAN | D48: SESIÓN DE ESTIMULACIÓN TEMPRANA | E48: % DE RECIEN NACIDOS CON SESIONES DE ESTIMULACION TEMPRANA COMPLETAS | F48: R.N. | G48: R. N. Estimulado | H48: ='F15 PROG. ACTIVIDADES'!AA48 -> 0 | I48: ='F15 PROG. ACTIVIDADES'!M48 -> 20 | J48: =ROUND((H48*I48)/60,1) -> 0 | K48: =SUM(L48:W48) -> 0 | X48: =J48-K48 -> 0
B49: NIÑO | C49: PAN | E49: % DE NIÑOS CON SESIONES DE ESTIMULACION TEMPRANA COMPLETAS PARA LA EDAD | F49: < 1 año | G49: Niño Estimulado | H49: ='F15 PROG. ACTIVIDADES'!AA49 -> 0 | I49: ='F15 PROG. ACTIVIDADES'!M49 -> 20 | J49: =ROUND((H49*I49)/60,1) -> 0 | K49: =SUM(L49:W49) -> 0 | X49: =J49-K49 -> 0
B50: NIÑO | C50: PAN | F50: 1 año | G50: Niño Estimulado | H50: ='F15 PROG. ACTIVIDADES'!AA50 -> 0 | I50: ='F15 PROG. ACTIVIDADES'!M50 -> 20 | J50: =ROUND((H50*I50)/60,1) -> 0 | K50: =SUM(L50:W50) -> 0 | X50: =J50-K50 -> 0
B51: NIÑO | C51: PAN | F51: 2 años | G51: Niño Estimulado | H51: ='F15 PROG. ACTIVIDADES'!AA51 -> 0 | I51: ='F15 PROG. ACTIVIDADES'!M51 -> 20 | J51: =ROUND((H51*I51)/60,1) -> 0 | K51: =SUM(L51:W51) -> 0 | X51: =J51-K51 -> 0
A52: 17 | B52: ESNI | D52: ADMINISTRACIÓN DE VACUNA DT | E52: % DE ADOLESCENTES CON VACUNA DT COMPLETA | F52: Adolescente | G52: Adolescente Protegida | H52: ='F15 PROG. ACTIVIDADES'!AA52 -> 0 | I52: ='F15 PROG. ACTIVIDADES'!M52 -> 10 | J52: =ROUND((H52*I52)/60,1) -> 0 | K52: =SUM(L52:W52) -> 0 | X52: =J52-K52 -> 0
B53: ESNI | C53: SMN | E53: % DE MER DE 16 A 49 AÑOS QUENO FUERON VACUNADOS | F53: MEF | G53: Persona Protegida | H53: ='F15 PROG. ACTIVIDADES'!AA53 -> 0 | I53: ='F15 PROG. ACTIVIDADES'!M53 -> 10 | J53: =ROUND((H53*I53)/60,1) -> 0 | K53: =SUM(L53:W53) -> 0 | X53: =J53-K53 -> 0
B54: ESNI | C54: SMN | E54: % DE GESTANTE CON VACUNA DT COMPLETA | F54: Gestante | G54: Gestante Protegida | H54: ='F15 PROG. ACTIVIDADES'!AA54 -> 0 | I54: ='F15 PROG. ACTIVIDADES'!M54 -> 10 | J54: =ROUND((H54*I54)/60,1) -> 0 | K54: =SUM(L54:W54) -> 0 | X54: =J54-K54 -> 0
A55: 18 | B55: ESNI | C55: EM y Z | D55: ADMINISTRACIÓN DE VACUNA ANTIRRABICA HUMANA | E55: % DE PERSONAS CON MORDEDURA DE PERRO VACUNADAS CON VACUNA ANTIRRABICA HUMANA | F55: Todas las edades | G55: Persona Protegida | H55: ='F15 PROG. ACTIVIDADES'!AA55 -> 0 | I55: ='F15 PROG. ACTIVIDADES'!M55 -> 10 | J55: =ROUND((H55*I55)/60,1) -> 0 | K55: =SUM(L55:W55) -> 0 | X55: =J55-K55 -> 0
A56: 19 | B56: NIÑO | C56: PAN | D56: FAMILIAS CON NIÑOS Y NIÑAS MENORES DE 24 MESES RECIBEN CONSEJERÍA A TRAVÉS DE VISITA DOMICILIARIA | E56: % DE FAMILIAS CON RECIEN NACIDO RECIBEN CONSEJERIA ATRAVES DE LA VISITA DOMICILIARIA | F56: Familias con recién nacidos | G56: Familia Informada | H56: ='F15 PROG. ACTIVIDADES'!AA56 -> 0 | I56: ='F15 PROG. ACTIVIDADES'!M56 -> 30 | J56: =ROUND((H56*I56)/60,1) -> 0 | K56: =SUM(L56:W56) -> 0 | X56: =J56-K56 -> 0
B57: NIÑO | C57: PAN | E57: % DE FAMILIAS CON NIÑOS Y NIÑAS ENTRE LOS 4 A 5 MESES RECIBEN CONSEJERIA ATRAVES DE LA VISITA DOMICILIARIA | F57: Familias con niños y niñas de 4 a 5 meses | G57: Familia Informada | H57: ='F15 PROG. ACTIVIDADES'!AA57 -> 0 | I57: ='F15 PROG. ACTIVIDADES'!M57 -> 30 | J57: =ROUND((H57*I57)/60,1) -> 0 | K57: =SUM(L57:W57) -> 0 | X57: =J57-K57 -> 0
B58: NIÑO | C58: PAN | E58: % DE FAMILIAS CON NIÑOS Y NIÑAS ENTRE LOS 6 A 9 MESES RECIBEN CONSEJERIA ATRAVES DE LA VISITA DOMICILIARIA | F58: Familias con niños y niñas de 6 a 9 meses | G58: Familia Informada | H58: ='F15 PROG. ACTIVIDADES'!AA58 -> 0 | I58: ='F15 PROG. ACTIVIDADES'!M58 -> 30 | J58: =ROUND((H58*I58)/60,1) -> 0 | K58: =SUM(L58:W58) -> 0 | X58: =J58-K58 -> 0
B59: NIÑO | C59: PAN | E59: % DE FAMILIAS CON NIÑOS Y NIÑAS ENTRE LOS 12 A 23 MESES RECIBEN CONSEJERIA ATRAVES DE LA VISITA DOMICILIARIA | F59: Familias con niños y niñas de 12 a 23 meses | G59: Familia Informada | H59: ='F15 PROG. ACTIVIDADES'!AA59 -> 0 | I59: ='F15 PROG. ACTIVIDADES'!M59 -> 30 | J59: =ROUND((H59*I59)/60,1) -> 0 | K59: =SUM(L59:W59) -> 0 | X59: =J59-K59 -> 0
A60: 20 | B60: NUT | C60: PAN | D60: FAMILIAS CON NIÑOS (AS) MENORES DE 36 MESES Y GESTANTES RECIBEN SESIONES DEMOSTRATIVAS EN PREPARACIÓN DE ALIMENTOS | E60: % DE FAMILIAS CON NIÑOS Y NIÑAS DE 6 Y 11 MESES, A PARTIR DE LOS 12 MESES Y GESTANTES RECIBEN SESION DEMOSTRAIVA EN ALIMENTACION Y NUTRICION SALUDABLE | F60: Familias con niños y niñas menores de 36 meses | G60: Familia Informada | H60: ='F15 PROG. ACTIVIDADES'!AA60 -> 0 | I60: ='F15 PROG. ACTIVIDADES'!M60 -> 30 | J60: =ROUND((H60*I60)/60,1) -> 0 | K60: =SUM(L60:W60) -> 0 | X60: =J60-K60 -> 0
B61: NIÑO | C61: PAN | E61: % DE FAMILIAS CON NIÑOS Y NIÑAS DE 6 MESES Y GESTANTES RECIBEN SESION DEMOSTRATIVA EN TECNICAS DE AMAMANTAMIENTO Y SALUD BUCAL | F61: Familias con niños y niñas menores de 6 meses y gestantes | G61: Familia Informada | H61: ='F15 PROG. ACTIVIDADES'!AA61 -> 0 | I61: ='F15 PROG. ACTIVIDADES'!M61 -> 30 | J61: =ROUND((H61*I61)/60,1) -> 0 | K61: =SUM(L61:W61) -> 0 | X61: =J61-K61 -> 0
B62: NIÑO | C62: PAN | E62: % DE FAMILIAS CON NIÑOS Y NIÑAS DE 6 Y 11 MESES, A PARTIR DE LOS 12 MESES RECIBEN SESION DEMOSTRAIVA EN ADMINISTRACION DE MICRONUTRIENTES | F62: Familias con niños y niñas menores de 36 meses | G62: Familia Informada | H62: ='F15 PROG. ACTIVIDADES'!AA62 -> 0 | I62: ='F15 PROG. ACTIVIDADES'!M62 -> 30 | J62: =ROUND((H62*I62)/60,1) -> 0 | K62: =SUM(L62:W62) -> 0 | X62: =J62-K62 -> 0
A63: 21 | B63: NIÑO | C63: PAN | D63: FAMILIAS CON NIÑOS (AS) MENORES DE 36 MESES Y GESTANTES QUE PARTICIPAN EN GRUPOS DE APOYO COMUNAL PARA PROMOVER EL CUIDADO INFANTIL, LACTANCIA MATERNA EXCLUSIVA Y LA ADECUADA ALIMENTACIÓN Y PROTECCIÓN DEL MENOR DE 36 MESES. | E63: % DE FAMILIAS CON NIÑOS Y NIÑAS MENORES DE 36 MESES SESION EDUCATIVA | F63: Familias con niños y niñas menores de 36 meses de grupos de apoyo | G63: Familia Informada | H63: ='F15 PROG. ACTIVIDADES'!AA63 -> 0 | I63: ='F15 PROG. ACTIVIDADES'!M63 -> 30 | J63: =ROUND((H63*I63)/60,1) -> 0 | K63: =SUM(L63:W63) -> 0 | X63: =J63-K63 -> 0
A64: 22 | B64: Gestante | C64: SMN | D64: EVALUACIÓN DEL BIENESTAR FETAL | E64: % DE GESTANTE CON MONITOREO FETAL EN EL III TRIEMESTRE DEL EMBARAZO | F64: Gestante | G64: Gestante evaluada | H64: ='F15 PROG. ACTIVIDADES'!AA64 -> 0 | I64: ='F15 PROG. ACTIVIDADES'!M64 -> 20 | J64: =ROUND((H64*I64)/60,1) -> 0 | K64: =SUM(L64:W64) -> 0 | X64: =J64-K64 -> 0
A65: 23 | B65: Gestante | C65: SMN | D65: ATENCIÓN PRE-GESTACIONAL | E65: % DE MUJERES EN EDAD FERTIL QUE RECIBEN ATENCIÓN PRE-GESTACIONAL | F65: MEF | G65: Mujer Preparada | H65: ='F15 PROG. ACTIVIDADES'!AA65 -> 0 | I65: ='F15 PROG. ACTIVIDADES'!M65 -> 30 | J65: =ROUND((H65*I65)/60,1) -> 0 | K65: =SUM(L65:W65) -> 0 | X65: =J65-K65 -> 0
A66: 24 | B66: Gestante | C66: SMN | D66: CONTROL PRENATAL | E66: % DE GESTANTES CON ATENCIÓN PRENATAL COMPLETA | F66: Adolescente | G66: Gestante Controlada | H66: ='F15 PROG. ACTIVIDADES'!AA66 -> 0 | I66: ='F15 PROG. ACTIVIDADES'!M66 -> 30 | J66: =ROUND((H66*I66)/60,1) -> 0 | K66: =SUM(L66:W66) -> 0 | X66: =J66-K66 -> 0
B67: Gestante | C67: SMN | F67: Joven | G67: Gestante Controlada | H67: ='F15 PROG. ACTIVIDADES'!AA67 -> 0 | I67: ='F15 PROG. ACTIVIDADES'!M67 -> 30 | J67: =ROUND((H67*I67)/60,1) -> 0 | K67: =SUM(L67:W67) -> 0 | X67: =J67-K67 -> 0
B68: Gestante | C68: SMN | F68: Adulto | G68: Gestante Controlada | H68: ='F15 PROG. ACTIVIDADES'!AA68 -> 0 | I68: ='F15 PROG. ACTIVIDADES'!M68 -> 30 | J68: =ROUND((H68*I68)/60,1) -> 0 | K68: =SUM(L68:W68) -> 0 | X68: =J68-K68 -> 0
A69: 25 | B69: Gestante | C69: SMN | D69: PRUEBAS DE LABORATORIO DE GESTANTE | E69: % DE GESTANTE CON TAMIZAJE DE LABORATORIO COMPLETO EN EL I TRIMESTRE (ANTES DE LA SEMANA 16) | F69: Gestante | G69: Gestante Tamizada | H69: ='F15 PROG. ACTIVIDADES'!AA69 -> 0 | I69: ='F15 PROG. ACTIVIDADES'!M69 -> 20 | J69: =ROUND((H69*I69)/60,1) -> 0 | K69: =SUM(L69:W69) -> 0 | X69: =J69-K69 -> 0
B70: Gestante | C70: SMN | E70: % DE GESTANTE CON TAMIZAJE DE LABORATORIO COMPLETO EN EL III TRIMESTRE | F70: Gestante | G70: Gestante Tamizada | H70: ='F15 PROG. ACTIVIDADES'!AA70 -> 0 | I70: ='F15 PROG. ACTIVIDADES'!M70 -> 20 | J70: =ROUND((H70*I70)/60,1) -> 0 | K70: =SUM(L70:W70) -> 0 | X70: =J70-K70 -> 0
A71: 26 | B71: Gestante | C71: SMN | D71: ECOGRAFIA OBSTETRICA | E71: % DE GESTANTE CON ECOGRAFIA OBSTETRICA EN EL I TRIMESTRE DEL EMBARAZO | F71: Gestante | G71: Gestante con Ecografía | H71: ='F15 PROG. ACTIVIDADES'!AA71 -> 0 | I71: ='F15 PROG. ACTIVIDADES'!M71 -> 15 | J71: =ROUND((H71*I71)/60,1) -> 0 | K71: =SUM(L71:W71) -> 0 | X71: =J71-K71 -> 0
B72: Gestante | C72: SMN | E72: % DE GESTANTE CON ECOGRAFIA OBSTETRICA EN EL III TRIMESTRE DEL EMBARAZO | F72: Gestante | G72: Gestante con Ecografía | H72: ='F15 PROG. ACTIVIDADES'!AA72 -> 0 | I72: ='F15 PROG. ACTIVIDADES'!M72 -> 15 | J72: =ROUND((H72*I72)/60,1) -> 0 | K72: =SUM(L72:W72) -> 0 | X72: =J72-K72 -> 0
A73: 27 | B73: Gestante | C73: SMN | D73: ATENCIÓN DE PARTO NORMAL | E73: % DE GESTANTES CON ATENCIÓN DE PARTO VAGINAL NORMAL INSTITUCIONAL | F73: Gestante | G73: Parto Normal | H73: ='F15 PROG. ACTIVIDADES'!AA73 -> 0 | I73: ='F15 PROG. ACTIVIDADES'!M73 -> 120 | J73: =ROUND((H73*I73)/60,1) -> 0 | K73: =SUM(L73:W73) -> 0 | X73: =J73-K73 -> 0
A74: 28 | B74: Gestante | C74: SMN | D74: CONTROL DE PUERPERIO | E74: % DE PUERPERAS CON CONTROL DE PUERPERIO NORMAL | F74: Puerpera | G74: Puerpera Controlada | H74: ='F15 PROG. ACTIVIDADES'!AA74 -> 0 | I74: ='F15 PROG. ACTIVIDADES'!M74 -> 20 | J74: =ROUND((H74*I74)/60,1) -> 0 | K74: =SUM(L74:W74) -> 0 | X74: =J74-K74 -> 0
A75: 29 | B75: Gestante | C75: SMN | D75: PSICOPROFILAXIS Y ESTIMULACIÓN PRENATAL | E75: % DE GESTANTES QUE HAN RECIBIDO PSICOPROFILAXIS Y ESTIMULACIÓN PRENATAL COMPLETA | F75: Gestante | G75: Gestante Preparada | H75: ='F15 PROG. ACTIVIDADES'!AA75 -> 0 | I75: ='F15 PROG. ACTIVIDADES'!M75 -> 45 | J75: =ROUND((H75*I75)/60,1) -> 0 | K75: =SUM(L75:W75) -> 0 | X75: =J75-K75 -> 0
A76: 30 | B76: Gestante | C76: SMN | D76: PLAN DE PARTO | E76: % DE GESTANTES CON PLAN DE PARTO EFECTIVO | F76: Gestante | G76: Plan de Parto Efectivo | H76: ='F15 PROG. ACTIVIDADES'!AA76 -> 0 | I76: ='F15 PROG. ACTIVIDADES'!M76 -> 30 | J76: =ROUND((H76*I76)/60,1) -> 0 | K76: =SUM(L76:W76) -> 0 | X76: =J76-K76 -> 0
A77: 31 | B77: Plan. Fam. | C77: SMN | D77: SUMINISTRO DE METODO ANTICONCEPTIVO | E77: % DE PAREJAS PROTEGIDAS CON DISPOSITIVO INTRAUTERINO (DIU) | F77: MEF | G77: Pareja Protegida | H77: ='F15 PROG. ACTIVIDADES'!AA77 -> 0 | I77: ='F15 PROG. ACTIVIDADES'!M77 -> 30 | J77: =ROUND((H77*I77)/60,1) -> 0 | K77: =SUM(L77:W77) -> 0 | X77: =J77-K77 -> 0
B78: Plan. Fam. | C78: SMN | E78: % DE PAREJAS PROTEGIDAS CON ANTICONCEPTIVO HORMONAL INYECTABLE (TRIMESTRAL) | F78: MEF | G78: Pareja Protegida | H78: ='F15 PROG. ACTIVIDADES'!AA78 -> 0 | I78: ='F15 PROG. ACTIVIDADES'!M78 -> 20 | J78: =ROUND((H78*I78)/60,1) -> 0 | K78: =SUM(L78:W78) -> 0 | X78: =J78-K78 -> 0
B79: Plan. Fam. | C79: SMN | E79: % DE PAREJAS PROTEGIDAS CON ANTICONCEPTIVO HORMONAL INYECTABLE (MENSUAL) | F79: MEF | G79: Pareja Protegida | H79: ='F15 PROG. ACTIVIDADES'!AA79 -> 0 | I79: ='F15 PROG. ACTIVIDADES'!M79 -> 20 | J79: =ROUND((H79*I79)/60,1) -> 0 | K79: =SUM(L79:W79) -> 0 | X79: =J79-K79 -> 0
B80: Plan. Fam. | C80: SMN | E80: % DE PAREJAS PROTEGIDAS CON ANTICONCEPTIVO HORMONAL ORAL | F80: MEF | G80: Pareja Protegida | H80: ='F15 PROG. ACTIVIDADES'!AA80 -> 0 | I80: ='F15 PROG. ACTIVIDADES'!M80 -> 20 | J80: =ROUND((H80*I80)/60,1) -> 0 | K80: =SUM(L80:W80) -> 0 | X80: =J80-K80 -> 0
B81: Plan. Fam. | C81: SMN | E81: % DE PAREJAS PROTEGIDAS CON ANTICONCEPTIVO HORMONAL DE IMPLANTE | F81: MEF | G81: Pareja Protegida | H81: ='F15 PROG. ACTIVIDADES'!AA81 -> 0 | I81: ='F15 PROG. ACTIVIDADES'!M81 -> 30 | J81: =ROUND((H81*I81)/60,1) -> 0 | K81: =SUM(L81:W81) -> 0 | X81: =J81-K81 -> 0
B82: Plan. Fam. | C82: SMN | E82: % DE PAREJAS PROTEGIDAS CON MÉTODO DE ABSTINENCIA PERIODICA (RITMO, BILLINGS, COLLAR) | F82: MEF | G82: Pareja Protegida | H82: ='F15 PROG. ACTIVIDADES'!AA82 -> 0 | I82: ='F15 PROG. ACTIVIDADES'!M82 -> 20 | J82: =ROUND((H82*I82)/60,1) -> 0 | K82: =SUM(L82:W82) -> 0 | X82: =J82-K82 -> 0
B83: Plan. Fam. | C83: SMN | E83: % DE PAREJAS PROTEGIDAS CON METODO DE LACTANCIA MATERNA EXCLUSIVA (MELA) | F83: MEF | G83: Pareja Protegida | H83: ='F15 PROG. ACTIVIDADES'!AA83 -> 0 | I83: ='F15 PROG. ACTIVIDADES'!M83 -> 20 | J83: =ROUND((H83*I83)/60,1) -> 0 | K83: =SUM(L83:W83) -> 0 | X83: =J83-K83 -> 0
B84: Plan. Fam. | C84: SMN | E84: % DE PAREJAS PROTEGIDAS CON METODO DE BARRERA - CONDON FEMENINO | F84: MEF | G84: Pareja Protegida | H84: ='F15 PROG. ACTIVIDADES'!AA84 -> 0 | I84: ='F15 PROG. ACTIVIDADES'!M84 -> 20 | J84: =ROUND((H84*I84)/60,1) -> 0 | K84: =SUM(L84:W84) -> 0 | X84: =J84-K84 -> 0
B85: Plan. Fam. | C85: SMN | E85: % DE PAREJAS PROTEGIDAS CON METODO DE BARRERA - CONDON MASCULINO | F85: MEF | G85: Pareja Protegida | H85: ='F15 PROG. ACTIVIDADES'!AA85 -> 0 | I85: ='F15 PROG. ACTIVIDADES'!M85 -> 20 | J85: =ROUND((H85*I85)/60,1) -> 0 | K85: =SUM(L85:W85) -> 0 | X85: =J85-K85 -> 0
A86: 32 | B86: Plan. Fam. | C86: SMN | D86: CAPTACION DE MUJERES CON DEMANDA INSATISFECHA EN PLANIFICACION FAMILIAR | E86: % DE POBLACIÓN EN EDAD REPRODUCTIVA QUE NO UTILIZA UN METODO DE PLANIFICACION FAMILIAR. | F86: MEF | G86: Captada | H86: ='F15 PROG. ACTIVIDADES'!AA86 -> 0 | I86: ='F15 PROG. ACTIVIDADES'!M86 -> 20 | J86: =ROUND((H86*I86)/60,1) -> 0 | K86: =SUM(L86:W86) -> 0 | X86: =J86-K86 -> 0
A87: 33 | C87: SMN | D87: ORIENTACIÓN Y CONSEJERIA EN SALUD SEXUAL Y REPRODUCTIVA | E87: % DE POBLACIÓN EN EDAD REPRODUCTIVA QUE ACCEDE A CONSEJERIA Y ORIENTACIÓN EN SALUD SEXUAL Y REPRODUCTIVA | F87: 12 - 60 Años (Hombres y Mujeres) | G87: Persona Informada | H87: ='F15 PROG. ACTIVIDADES'!AA87 -> 0 | I87: ='F15 PROG. ACTIVIDADES'!M87 -> 30 | J87: =ROUND((H87*I87)/60,1) -> 0 | K87: =SUM(L87:W87) -> 0 | X87: =J87-K87 -> 0
A88: 34 | B88: NIÑO | C88: PAN | D88: CONSEJERIA NUTRICIONAL NIÑO DESNUTRIDO O EN RIESGO NUTRICIONAL | E88: % DE NIÑOS DESNUTRIDOS O EN RIESGO NUTRICIONAL CUYOS PADRES RECIBEN CONSEJERIA NUTRICIONAL | F88: 0 - 4 años | G88: Consejeria | H88: ='F15 PROG. ACTIVIDADES'!AA88 -> 0 | I88: ='F15 PROG. ACTIVIDADES'!M88 -> 30 | J88: =ROUND((H88*I88)/60,1) -> 0 | K88: =SUM(L88:W88) -> 0 | X88: =J88-K88 -> 0
B89: NIÑO | F89: 5 - 11 años | G89: Consejeria | H89: ='F15 PROG. ACTIVIDADES'!AA89 -> 0 | I89: ='F15 PROG. ACTIVIDADES'!M89 -> 30 | J89: =ROUND((H89*I89)/60,1) -> 0 | K89: =SUM(L89:W89) -> 0 | X89: =J89-K89 -> 0
A90: 35 | B90: ESANS | C90: PAN | D90: CONSULTA NUTRICIONAL NIÑO DESNUTRIDO O EN RIESGO NUTRICIONAL | E90: % DE NIÑOS DESNUTRIDOS O EN RIESGO NUTRICIONAL CUYOS PADRES RECIBEN CONSULTA NUTRICIONAL | F90: 0 - 11 años | G90: Consulta | H90: ='F15 PROG. ACTIVIDADES'!AA90 -> 0 | I90: ='F15 PROG. ACTIVIDADES'!M90 -> 45 | J90: =ROUND((H90*I90)/60,1) -> 0 | K90: =SUM(L90:W90) -> 0 | X90: =J90-K90 -> 0
A91: 36 | B91: Gestante | C91: SMN | D91: CONSEJERIA NUTRICIONAL A LA GESTANTE Y PUERPERA | E91: % DE GESTANTES QUE RECIBEN CONSEJERIA NUTRICIONAL % DE PUERPERAS QUE RECIBEN CONSEJERIA NUTRICIONAL | F91: Gestante | G91: Consejeria | H91: ='F15 PROG. ACTIVIDADES'!AA91 -> 0 | I91: ='F15 PROG. ACTIVIDADES'!M91 -> 30 | J91: =ROUND((H91*I91)/60,1) -> 0 | K91: =SUM(L91:W91) -> 0 | X91: =J91-K91 -> 0
C92: SMN | F92: Puerpera | H92: ='F15 PROG. ACTIVIDADES'!AA92 -> 0 | I92: ='F15 PROG. ACTIVIDADES'!M92 -> 30 | J92: =ROUND((H92*I92)/60,1) -> 0 | K92: =SUM(L92:W92) -> 0 | X92: =J92-K92 -> 0
A93: 37 | B93: ESANS | C93: SMN | D93: CONSULTA NUTRICIONAL A LA GESTANTE Y PUERPERA | E93: % DE GESTANTES EN RIESGO NUTRICIONAL QUE RECIBEN CONSULTA NUTRICIONAL % DE PUERPERAS QUE RECIBEN CONSULTA NUTRICIONAL | F93: Gestante | G93: Consulta | H93: ='F15 PROG. ACTIVIDADES'!AA93 -> 0 | I93: ='F15 PROG. ACTIVIDADES'!M93 -> 45 | J93: =ROUND((H93*I93)/60,1) -> 0 | K93: =SUM(L93:W93) -> 0 | X93: =J93-K93 -> 0
C94: SMN | F94: Puerpera | H94: ='F15 PROG. ACTIVIDADES'!AA94 -> 0 | I94: ='F15 PROG. ACTIVIDADES'!M94 -> 30 | J94: =ROUND((H94*I94)/60,1) -> 0 | K94: =SUM(L94:W94) -> 0 | X94: =J94-K94 -> 0
A95: 38 | B95: NIÑO | C95: PAN | D95: DESCARTE DE PARASITOSIS INTESTINAL | E95: % DE NIÑOS CON TAMIZAJE LABORATORIAL PARA DESCARTE DE PARASITOSIS INTESTINAL | F95: 1 - 11 años | G95: Niño con Examen Realizado | H95: ='F15 PROG. ACTIVIDADES'!AA95 -> 0 | I95: ='F15 PROG. ACTIVIDADES'!M95 -> 10 | J95: =ROUND((H95*I95)/60,1) -> 0 | K95: =SUM(L95:W95) -> 0 | X95: =J95-K95 -> 0
B96: ADOLESCENTE | C96: PAN | E96: % DE ADOLESCENTES CON TAMIZAJE LABORATORIAL PARA DESCARTE DE PARASITOSIS INTESTINAL | F96: 12 - 17 años | G96: Adolescente Tamizado | H96: ='F15 PROG. ACTIVIDADES'!AA96 -> 0 | I96: ='F15 PROG. ACTIVIDADES'!M96 -> 20 | J96: =ROUND((H96*I96)/60,1) -> 0 | K96: =SUM(L96:W96) -> 0 | X96: =J96-K96 -> 0
A97: 39 | B97: NIÑO | D97: ADMINISTRACIÓN DE TRATAMIENTO ANTIPARASITARIO | E97: % DE Niños QUE RECIBEN TRATAMIENTO ANTIPARASITARIO PROFILACTICO | F97: 2 - 11 años | G97: Niño Tratado | H97: ='F15 PROG. ACTIVIDADES'!AA97 -> 0 | I97: ='F15 PROG. ACTIVIDADES'!M97 -> 10 | J97: =ROUND((H97*I97)/60,1) -> 0 | K97: =SUM(L97:W97) -> 0 | X97: =J97-K97 -> 0
B98: ADOLESCENTE | E98: % DE ADOLESCENTES QUE RECIBEN TRATAMIENTO ANTIPARASITARIO PROFILACTICO | F98: 12 - 14 años | G98: Adolescente Tratado | H98: ='F15 PROG. ACTIVIDADES'!AA98 -> 0 | I98: ='F15 PROG. ACTIVIDADES'!M98 -> 10 | J98: =ROUND((H98*I98)/60,1) -> 0 | K98: =SUM(L98:W98) -> 0 | X98: =J98-K98 -> 0
A99: 40 | B99: ADOLESCENTE | D99: ATENCIÓN INTEGRAL | E99: % DE ADOLESCENTES CON ATENCIÓN INTEGRAL COMPLETA | F99: Adolescente | G99: Adolescente con Plan de Atención ejecutado | H99: ='F15 PROG. ACTIVIDADES'!AA99 -> 0 | I99: ='F15 PROG. ACTIVIDADES'!M99 -> 30 | J99: =ROUND((H99*I99)/60,1) -> 0 | K99: =SUM(L99:W99) -> 0 | X99: =J99-K99 -> 0
B100: JOVEN | E100: % DE JOVENES CON ATENCIÓN INTEGRAL COMPLETA | F100: Joven | G100: Joven con Plan de Atención ejecutado | H100: ='F15 PROG. ACTIVIDADES'!AA100 -> 0 | I100: ='F15 PROG. ACTIVIDADES'!M100 -> 30 | J100: =ROUND((H100*I100)/60,1) -> 0 | K100: =SUM(L100:W100) -> 0 | X100: =J100-K100 -> 0
B101: ADULTO | E101: % DE ADULTOS CON ATENCIÓN INTEGRAL COMPLETA | F101: Adulto | G101: Adulto con Plan de Atención ejecutado | H101: ='F15 PROG. ACTIVIDADES'!AA101 -> 0 | I101: ='F15 PROG. ACTIVIDADES'!M101 -> 30 | J101: =ROUND((H101*I101)/60,1) -> 0 | K101: =SUM(L101:W101) -> 0 | X101: =J101-K101 -> 0
...

Sheet F17 BALANCE RRHH
B2: DISPONIBILIDAD DE PERSONAL DE SALUD POR TODA FUENTE DE FINANCIAMIENTO SEGÚN TIPO DE PROFESIONAL Y HORAS DE TRABAJO - PSL 2019
B3: BALANCE EN RELACION A LA PROGRAMACION DE ACTIVIDADES EN EL PSL 2019
B4: DENOMINACION:
B5: TIPO DE ACTIVIDADES DE SALUD | C5: HORAS DE TRABAJO | D5: HORAS MEDICO | E5: HORAS ENFERMERA | F5: HORAS OBSTETRA | G5: HORAS ODONTOL. | H5: HORAS ASISTENTA SOCIAL | I5: HORAS NUTRICIONISTA | J5: HORAS PSICOLOGO | K5: HORAS OTROS PROFESIONALES | L5: HORAS TEC. ENF. | M5: HORAS OTROS TEC. | N5: HORAS TEC. ADMINIST. | O5: HORAS PERSONAL NO INCLUIDO EN LOS ANTERIORES
B6: HORAS DE TRABAJO DE PERSONAL REQUERIDAS PSL (A) | C6: ='F16 HORAS PROFESIONAL'!K431 -> 252 | D6: ='F16 HORAS PROFESIONAL'!L431 -> 24 | E6: ='F16 HORAS PROFESIONAL'!M431 -> 103 | F6: ='F16 HORAS PROFESIONAL'!N431 -> 61 | G6: ='F16 HORAS PROFESIONAL'!O431 -> 16 | H6: ='F16 HORAS PROFESIONAL'!P431 -> 0 | I6: ='F16 HORAS PROFESIONAL'!Q431 -> 16 | J6: ='F16 HORAS PROFESIONAL'!R431 -> 16 | ... O6: ='F16 HORAS PROFESIONAL'!W431 -> 0
B8: I. HORAS DE TRABAJO DISPONIBLES POR D. LEG N° 276
B9: N° DEL PERSONAL DISPONIBLES POR D. LEG. N° 276 (B) | C9: =SUM(D9:O9) -> 5 | E9: 3 | F9: 2
B10: HORAS DE TRABAJO DEL PERSONAL DISPONIBLES POR D. LEG. N° 276 (C) | C10: =SUM(D10:O10) -> 8250 | D10: =D9*1650 -> 0 | E10: =E9*1650 -> 4950 | F10: =F9*1650 -> 3300 | G10: =G9*1650 -> 0 | H10: =H9*1650 -> 0 | I10: =I9*1650 -> 0 | J10: =J9*1650 -> 0 | K10: =K9*1650 -> 0 | ... O10: =O9*1650 -> 0
B11: TOTAL HORAS DE TRABAJO DISPONIBLES POR DL. 276 (D) | C11: =SUM(D11:O11) -> 8250 | D11: =D10 -> 0 | E11: =E10 -> 4950 | F11: =F10 -> 3300 | G11: =G10 -> 0 | H11: =H10 -> 0 | I11: =I10 -> 0 | J11: =J10 -> 0 | K11: =K10 -> 0 | ... O11: =O10 -> 0
B13: II. HORAS DE TRABAJO A SER FINANCIADAS POR TRANSFERENCIAS NIVEL CENTRAL
B14: PERSONAL CONTRATADO CON FINANCIAMIENTO RECURSOS ORDINARIOS (DL 728)
B15: NUMERO DE DE TRABAJADORES CONSIDERADOS (E) | C15: =SUM(D15:O15) -> 22 | D15: 1 | E15: 1 | F15: 0 | G15: 1 | H15: 2 | I15: 2 | J15: 2 | K15: 1 | L15: 7 | M15: 0 | N15: 1 | O15: 4
B16: HORAS DE TRABAJO OBTENIDAS (C) X 1,650 horas / trabajador = (F) | C16: =SUM(D16:O16) -> 36300 | D16: =D15*1650 -> 1650 | E16: =E15*1650 -> 1650 | F16: =F15*1650 -> 0 | G16: =G15*1650 -> 1650 | H16: =H15*1650 -> 3300 | I16: =I15*1650 -> 3300 | J16: =J15*1650 -> 3300 | K16: =K15*1650 -> 1650 | ... O16: =O15*1650 -> 6600
B17: PERSONAL CONTRATADO CON FINANCIAMIENTO RDR (DL 728)
B18: NUMERO DE DE TRABAJADORES CONSIDERADOS (G) | C18: =SUM(D18:O18) -> 1 | D18: 1
B19: HORAS DE TRABAJO OBTENIDAS (K) x 2,200 horas / trabajador = (H) | C19: =SUM(D19:O19) -> 1650 | D19: 1650 | E19: =E18*2200 -> 0 | F19: =F18*2200 -> 0 | G19: =G18*2200 -> 0 | H19: =H18*2200 -> 0 | I19: =I18*2200 -> 0 | J19: =J18*2200 -> 0 | K19: =K18*2200 -> 0 | L19: =L18*2200 -> 0 | ... O19: =O18*2200 -> 0
B20: TOTAL HORAS A FINANC.C/TRANSF.NIVEL CENTRAL (G) + (H) = (I) | C20: =SUM(D20:O20) -> 37950 | D20: =D16+D19 -> 3300 | E20: =E16+E19 -> 1650 | F20: =F16+F19 -> 0 | G20: =G16+G19 -> 1650 | H20: =H16+H19 -> 3300 | I20: =I16+I19 -> 3300 | J20: =J16+J19 -> 3300 | K20: =K16+K19 -> 1650 | ... O20: =O16+O19 -> 6600
B22: III. HORAS DE TRABAJO A SER FINANCIADAS POR TRANSFERENCIAS NIVEL CENTRAL
B23: PERSONAL CONTRATADO CON FINANCIAMIENTO RECURSOS ORDINARIOS (DL1057)
B24: NUMERO DE DE TRABAJADORES CONSIDERADOS (J) | C24: =SUM(D24:O24) -> 22 | D24: 1 | E24: 1 | F24: 0 | G24: 1 | H24: 2 | I24: 2 | J24: 2 | K24: 1 | L24: 7 | M24: 0 | N24: 1 | O24: 4
B25: HORAS DE TRABAJO OBTENIDAS (C) X 1,650 horas / trabajador = (K) | C25: =SUM(D25:O25) -> 36300 | D25: =D24*1650 -> 1650 | E25: =E24*1650 -> 1650 | F25: =F24*1650 -> 0 | G25: =G24*1650 -> 1650 | H25: =H24*1650 -> 3300 | I25: =I24*1650 -> 3300 | J25: =J24*1650 -> 3300 | K25: =K24*1650 -> 1650 | ... O25: =O24*1650 -> 6600
B26: TOTAL HORAS A FINANC.C/TRANSF.NIVEL CENTRAL (J) + (K) = (L) | C26: =SUM(D26:O26) -> 36300 | D26: =D25 -> 1650 | E26: =E25 -> 1650 | F26: =F25 -> 0 | G26: =G25 -> 1650 | H26: =H25 -> 3300 | I26: =I25 -> 3300 | J26: =J25 -> 3300 | K26: =K25 -> 1650 | ... O26: =O25 -> 6600
B28: IV. HORAS DE TRABAJO PERSONAL CON HORAS DE TRABAJO FINANCIADAS CON SERUMS RENTADO
B29: N° DE TRABAJADORES CONSIDERADOS (M) | C29: =SUM(D29:O29) -> 1 | D29: 1
B30: MODALIDAD DE CONTRATO (6 horas) | C30: =SUM(D30:O30) -> 1650 | D30: =D29*1650 -> 1650 | E30: =E29*1650 -> 0 | F30: =F29*1650 -> 0 | G30: =G29*1650 -> 0 | H30: =H29*1650 -> 0 | I30: =I29*1650 -> 0 | J30: =J29*1650 -> 0 | K30: =K29*1650 -> 0 | ... O30: =O29*1650 -> 0
B31: TOTAL HORAS A FINANCIAR POR RDR (M) x 1,650 horas = (N) | C31: =SUM(D31:O31) -> 1650 | D31: =D30 -> 1650 | E31: =E30 -> 0 | F31: =F30 -> 0 | G31: =G30 -> 0 | H31: =H30 -> 0 | I31: =I30 -> 0 | J31: =J30 -> 0 | K31: =K30 -> 0 | ... O31: =O30 -> 0
B33: IV. HORAS DE TRABAJO A SER FINANCIADAS POR OTRAS FUENTES (SECTOR PUBLICO Y SECTOR PRIVADO)
B34: N° DE TRABAJADORES CONSIDERADOS ( O ) | C34: =SUM(D34:O34) -> 2 | D34: 1 | F34: 1
B35: MODALIDAD DE CONTRATO (6 horas) | C35: =SUM(D35:O35) -> 3300 | D35: =D34*1650 -> 1650 | E35: =E34*1650 -> 0 | F35: =F34*1650 -> 1650 | G35: =G34*1650 -> 0 | H35: =H34*1650 -> 0 | I35: =I34*1650 -> 0 | J35: =J34*1650 -> 0 | K35: =K34*1650 -> 0 | ... O35: =O34*1650 -> 0
B36: TOTAL HORAS A FINANC. POR OTRAS FUENTES (O) X (S) horas = (P) | C36: =SUM(D36:O36) -> 3300 | D36: =D35 -> 1650 | E36: =E35 -> 0 | F36: =F35 -> 1650 | G36: =G35 -> 0 | H36: =H35 -> 0 | I36: =I35 -> 0 | J36: =J35 -> 0 | K36: =K35 -> 0 | ... O36: =O35 -> 0
B38: T.RRHH FINANC. X TODAS LAS FUENTES (B) + (E) + (G) + (I) + (L) + (M) + (O) | C38: =SUM(D38:O38) -> 53 | D38: =SUM(D9,D15,D18,D24,D29,D34) -> 5 | E38: =SUM(E9,E15,E18,E24,E29,E34) -> 5 | F38: =SUM(F9,F15,F18,F24,F29,F34) -> 3 | G38: =SUM(G9,G15,G18,G24,G29,G34) -> 2 | H38: =SUM(H9,H15,H18,H24,H29,H34) -> 4 | I38: =SUM(I9,I15,I18,I24,I29,I34) -> 4 | J38: =SUM(J9,J15,J18,J24,J29,J34) -> 4 | K38: =SUM(K9,K15,K18,K24,K29,K34) -> 2 | ... O38: =SUM(O9,O15,O18,O24,O29,O34) -> 8
B39: T.HORAS OBT. POR FINANC.TODAS LAS FUENTES (D) + (K) + (N) + (P) =(Q) | C39: =C36+C31+C20+C11 -> 51150 | D39: =SUM(D11,D20,D26,D31,D36) -> 8250 | E39: =SUM(E11,E20,E26,E31,E36) -> 8250 | F39: =SUM(F11,F20,F26,F31,F36) -> 4950 | G39: =SUM(G11,G20,G26,G31,G36) -> 3300 | H39: =SUM(H11,H20,H26,H31,H36) -> 6600 | I39: =SUM(I11,I20,I26,I31,I36) -> 6600 | J39: =SUM(J11,J20,J26,J31,J36) -> 6600 | K39: =SUM(K11,K20,K26,K31,K36) -> 3300 | ... O39: =SUM(O11,O20,O26,O31,O36) -> 13200
B41: DIFERENCIA DE HORAS POR CUBRIR DE ACUERDO A PROGRAMACION | C41: =C6-C39 -> -50898 | D41: =D6-D39 -> -8226 | E41: =E6-E39 -> -8147 | F41: =F6-F39 -> -4889 | G41: =G6-G39 -> -3284 | H41: =H6-H39 -> -6600 | I41: =I6-I39 -> -6584 | J41: =J6-J39 -> -6584 | ... O41: =O6-O39 -> -13200

Sheet F18 DIRECTORIO
A2: RELACION DE PERSONAL NOMBRADO, SERUMS, CONTRATADOS (CLAS RO, RDR), CAS.
A4: Nº | B4: NOMBRES Y APELLIDOS COMPLETOS | C4: PROFESION | D4: ESPECIALIDAD | E4: DIRECCION | F4: DNI | G4: MODALIDAD LABORAL | L4: N° TELEFONO | M4: RESPONSABILIDAD EN EL ESTABLECIMIENTO | N4: FECHA DE INGRESO | O4: FECHA DE NACIMIENTO | P4: CORREO ELECTRONICO
G5: NOM BRADO | H5: CLAS RO | I5: CLAS RDR | J5: CAS | K5: SERUMS
A6: 1
A7: 2
A8: 3
A9: 4
A10: 5
A11: 6
A12: 7
A13: 8
A14: 9
A15: 10
A16: 11
A17: 12
... A54: 49
B55: MIEMBROS DEL CONSEJO DIRECTIVO DEL CLAS 2018 - 2020
A56: Nº | B56: NOMBRES Y APELLIDOS | C56: CARGO | E56: DNI | F56: CELULAR / FONO DOMICILIO | I56: CENTRO LABORAL
A57: 1
A58: 2
A59: 3
A60: 4
A61: 5
A62: 6
A63: 7

Sheet F19 PROGRAM ING Y GASTOS
A1: FORMATO Nº 06.01
A2: PROGRAMACIÓN ANUAL DE TRANSFERENCIAS RECIBIDAS POR LA ASOCIACION CLAS 2018
A3: M IC R O R E D D E S A L U D : ……………………………………… A C L A S :……………………………………………………
A4: CALENDARIO | B4: TRANSFERENCIAS A LA FUENTE DE FINANCIAMIENTO R. O. | I4: TOTAL | J4: TRANSFERENCIAS A LA FUENTE DE FINANCIAMIENTO R. D. R. | O4: TOTAL | P4: TOTAL
I5: TRANSF. | O5: TRANSF. | P5: GENERAL
B6: TRASFERENCIAS DEL GRA | D6: TOTAL | E6: OTRAS TRANSFERENCIAS | H6: TOTAL OTRAS | I6: FTE. FTO. | J6: RECAUDACION | K6: REEMBOLSOS | L6: DEMID | N6: OTROS | O6: FTE. FTO. | P6: TRANSF.
D7: TRANSF. | H7: TRANSF | I7: R.O. | J7: RDR | K7: SIS | N7: INGRESOS | O7: R.D.R. | P7: RECIBIDAS
B8: REMUNERAC. | C8: GRATIFICAC. | D8: G.R.A. | E8: SUBSIDIOS | F8: OTROS | G8: OTROS | L8: COMISION | M8: COMISION | N8: R.D.R.
E9: ESSALUD | F9: INGRESOS | G9: INGRESOS | L9: VENTA 10% | M9: VENTA 10%
F10: DONACIONES | G10: (EXTRAORD) | L10: FARMACIA | M10: FARMACIA
L11: SIS
A12: ENERO | D12: 0 | H12: 0 | I12: 0 | O12: 0 | P12: 0
A13: FEBRERO | D13: 0 | H13: 0 | I13: 0 | O13: 0 | P13: 0
A14: MARZO | D14: 0 | H14: 0 | I14: 0 | O14: 0 | P14: 0
A15: ABRIL | D15: 0 | H15: 0 | I15: 0 | O15: 0 | P15: 0
A16: MAYO | D16: 0 | H16: 0 | I16: 0 | O16: 0 | P16: 0
A17: JUNIO | D17: 0 | H17: 0 | I17: 0 | O17: 0 | P17: 0
A18: JULIO | D18: 0 | H18: 0 | I18: 0 | O18: 0 | P18: 0
A19: AGOSTO | D19: 0 | H19: 0 | I19: 0 | O19: 0 | P19: 0
A20: SETIEMBRE | D20: 0 | H20: 0 | I20: 0 | O20: 0 | P20: 0
A21: OCTUBRE | D21: 0 | H21: 0 | I21: 0 | O21: 0 | P21: 0
A22: NOVIEMBRE | D22: 0 | H22: 0 | I22: 0 | O22: 0 | P22: 0
A23: DICIEMBRE | D23: 0 | H23: 0 | I23: 0 | O23: 0 | P23: 0
A24: TOTAL | B24: 0 | C24: 0 | D24: 0 | E24: 0 | F24: 0 | G24: 0 | H24: 0 | I24: 0 | J24: 0 | K24: 0 | L24: 0 | M24: 0 | N24: 0 | O24: 0 | P24: 0
A26: AUTORIZADO POR | D26: HECHO POR | E26: REVISADO y Vª Bª DE
A28: FIRMA Y SELLO | B28: FIRMA Y SELLO | C28: FIRMA Y SELLO | D28: FIRMA Y SELLO | E28: FIRMA Y SELLO | F28: FIRMA Y SELLO RED DE SALUD
A29: PRESIDENTE CLAS | B29: TESORERO CLAS | C29: GERENTE CLAS | D29: RESPONSABLE ECONOMIA CLAS | E29: CONTADOR CLAS
A31: FORMATO Nº 06.02
A32: PROGRAMACIÓN ANUAL DE RECEPCION Y EJECUCION DE TRANSFERENCIAS FUENTE DE FINANCIAMIENTO RECURSOS ORDINARIOS AÑO 2018.
A33: MICRO RED…………………………………………,,,,,,,,,,,,,,,,,,,,,,,,ACLAS…………………………………………………………………………
A35: INGRESOS RECURSOS ORDINARIOS
A36: CONCEPTOS | B36: ENERO | C36: FEBRERO | D36: MARZO | E36: ABRIL | F36: MAYO | G36: JUNIO | H36: JULIO | I36: AGOSTO | J36: SETIEMBRE | K36: OCTUBRE | L36: NOVIEMBRE | M36: DICIEMBRE | N36: TOTAL
A37: SALDO MES ANTERIOR | B37: 0 | C37: 0 | D37: 0 | E37: 0 | F37: 0 | G37: 0 | H37: 0 | I37: 0 | J37: 0 | K37: 0 | L37: 0 | M37: 0 | N37: 0
A38: Remuneraciones | N38: 0
A39: Gratificación | N39: 0
A40: Reembolsos subsidios EsSalud (ANEXO Nº 01) | N40: 0
A41: Otros Ingresos: Donaciones (ANEXO Nº 02) | N41: 0
A42: Otros Ingresos: Extraordinarios (ANEXO Nº 03) | N42: 0
A43: TOTAL INGRESOS | B43: 0 | C43: 0 | D43: 0 | E43: 0 | F43: 0 | G43: 0 | H43: 0 | I43: 0 | J43: 0 | K43: 0 | L43: 0 | M43: 0 | N43: 0
A45: GASTOS RECURSOS ORDINARIOS
A46: CONCEPTOS | B46: ENERO | C46: FEBRERO | D46: MARZO | E46: ABRIL | F46: MAYO | G46: JUNIO | H46: JULIO | I46: AGOSTO | J46: SETIEMBRE | K46: OCTUBRE | L46: NOVIEMBRE | M46: DICIEMBRE | N46: TOTAL
A47: Remuneraciones | B47: 0 | C47: 0 | D47: 0 | E47: 0 | F47: 0 | G47: 0 | H47: 0 | I47: 0 | J47: 0 | K47: 0 | L47: 0 | M47: 0 | N47: 0
A48: Profesionales de la Salud - Personal Contratado | N48: 0
A49: No Profesionales de la Salud - Personal Contratado | N49: 0
A50: Asignación Familiar | N50: 0
A51: Otras bonificaciones (ANEXO Nº 04) | N51: 0
A52: Vacaciones | N52: 0
A53: Gratificaciones | B53: 0 | C53: 0 | D53: 0 | E53: 0 | F53: 0 | G53: 0 | H53: 0 | I53: 0 | J53: 0 | K53: 0 | L53: 0 | M53: 0 | N53: 0
A54: Gratificación Fiestas Patrias (Julio) | N54: 0
A55: Gratificación por Navidad (Diciembre) | N55: 0
A56: Bonificación Especial | N56: 0
A57: RENUNERACION BRUTA | B57: 0 | C57: 0 | D57: 0 | E57: 0 | F57: 0 | G57: 0 | H57: 0 | I57: 0 | J57: 0 | K57: 0 | L57: 0 | M57: 0 | N57: 0
A58: Descuentos al trabajador | B58: 0 | C58: 0 | D58: 0 | E58: 0 | F58: 0 | G58: 0 | H58: 0 | I58: 0 | J58: 0 | K58: 0 | L58: 0 | M58: 0 | N58: 0
A59: Retenciones Judiciales | N59: 0
A60: AFP Horizonte | N60: 0
A61: AFP Integra | N61: 0
A62: AFP Profuturo | N62: 0
A63: AFP Prima | N63: 0
A64: EsSalud Vida | N64: 0
A65: Sistema de Pensiones ONP | N65: 0
A66: Renta 5ta Categoría | N66: 0
A67: Otros descuentos al trabajador (ANEXO Nº 05) | N67: 0
A68: REMUNERACION NETA | B68: 0 | C68: 0 | D68: 0 | E68: 0 | F68: 0 | G68: 0 | H68: 0 | I68: 0 | J68: 0 | K68: 0 | L68: 0 | M68: 0 | N68: 0
A69: Aportaciones del Empleador | B69: 0 | C69: 0 | D69: 0 | E69: 0 | F69: 0 | G69: 0 | H69: 0 | I69: 0 | J69: 0 | K69: 0 | L69: 0 | M69: 0 | N69: 0
A70: EsSalud | N70: 0
A71: SCTR ONP | N71: 0
A72: SCTR EsSalud | N72: 0
A73: Seguro de Vida Ley | N73: 0
A74: Compensación por tiempo de servicios | N74: 0
A75: Liquidación de Benefic. Sociales | N75: 0
A76: Otras aportaciones del empleador (ANEXO Nº 06) | N76: 0
A77: Bs. y Servicios (Sub Total) | B77: 0 | C77: 0 | D77: 0 | E77: 0 | F77: 0 | G77: 0 | H77: 0 | I77: 0 | J77: 0 | K77: 0 | L77: 0 | M77: 0 | N77: 0
A78: Cargas Financieras - Mantenimiento de Cuenta | N78: 0
A79: Cargas Financieras - ITF | N79: 0
A80: Cargas Financieras - Portes | N80: 0
A81: Otros bienes y servicios (ANEXO Nº 07) | N81: 0
A82: Ejecución de Saldos | B82: 0 | C82: 0 | D82: 0 | E82: 0 | F82: 0 | G82: 0 | H82: 0 | I82: 0 | J82: 0 | K82: 0 | L82: 0 | M82: 0 | N82: 0
A83: Bienes | N83: 0
A84: Servicios | N84: 0
A85: Activos no Financieros (Bs. Capital) | N85: 0
A86: TOTAL APORTACIONES Y OTROS | B86: 0 | C86: 0 | D86: 0 | E86: 0 | F86: 0 | G86: 0 | H86: 0 | I86: 0 | J86: 0 | K86: 0 | L86: 0 | M86: 0 | N86: 0
A87: TOTAL GASTO | B87: 0 | C87: 0 | D87: 0 | E87: 0 | F87: 0 | G87: 0 | H87: 0 | I87: 0 | J87: 0 | K87: 0 | L87: 0 | M87: 0 | N87: 0
A89: SALDO ACTUAL | B89: 0 | C89: 0 | D89: 0 | E89: 0 | F89: 0 | G89: 0 | H89: 0 | I89: 0 | J89: 0 | K89: 0 | L89: 0 | M89: 0 | N89: 0
A91: *Informaciòn consignada tiene como fuente las Declaraciones Juradas de rendiciòn de cuentas de transferencias del Nivel Central conforme a los calendarios presupuestales recibidos
A92: *Informaciòn debe ser validada por Presidente, Tesorero, Gerente y Contador
A94: AUTORIZADO POR | D94: HECHO POR | E94: REVISADO y Vª Bª DE
A96: FIRMA Y SELLO | B96: FIRMA Y SELLO | C96: FIRMA Y SELLO | D96: FIRMA Y SELLO | E96: FIRMA Y SELLO | F96: FIRMA Y SELLO RED DE SALUD
A97: PRESIDENTE CLAS | B97: TESORERO CLAS | C97: GERENTE CLAS | D97: RESPONSABLE ECONOMIA CLAS | E97: CONTADOR CLAS
A99: FORMATO Nº 06.03
A100: PROGRAMACIÓN CONSOLIDADO RECEPCIÓN Y EJECUCIÓN DE TRANSFERENCIAS FUENTE DE FINANCIAMIENTO RECURSOS DIRECTAMENTE RECAUDADOS AÑO 2018.
A101: MICRORED DE SALUD………………………………………………….… CLAS……………………………………………..……………..
A103: TRANSFERENCIAS RDR
A104: CONCEPTOS | E104: ENERO | F104: FEBRERO | G104: MARZO | H104: ABRIL | I104: MAYO | J104: JUNIO | K104: JULIO | L104: AGOSTO | M104: SETIEMBRE | N104: OCTUBRE | O104: NOVIEMBRE | P104: DICIEMBRE | Q104: TOTAL
A105: SALDO MES ANTERIOR | E105: 0 | F105: 0 | G105: 0 | H105: 0 | I105: 0 | J105: 0 | K105: 0 | L105: 0 | M105: 0 | N105: 0 | O105: 0 | P105: 0 | Q105: 0
A107: CAPTACION MENSUAL | Q107: 0
A109: INGRESOS COMISIÓN VENTAS 10% FARMACIA | Q109: 0
A111: INGRESOS COMISIÓN VENTAS 10% FARMACIA SIS | Q111: 0
A113: REEMBOLSOS SIS | Q113: 0
A115: OTROS INGRESOS (PROGRAMAS, CONVENIOS Y OTROS) | Q115: 0
A117: TOTAL INGRESOS R.D.R. | E117: 0 | F117: 0 | G117: 0 | H117: 0 | I117: 0 | J117: 0 | K117: 0 | L117: 0 | M117: 0 | N117: 0 | O117: 0 | P117: 0 | Q117: 0
...

Sheet ANEXO 2 QUINTILES DE POBREZA
A1: Quintiles de Pobreza
A2: Red | B2: Microrred | C2: CódigoUE | D2: UnidadEjecutora | E2: Categoria | F2: eess_renaes | G2: depart | H2: provincia | I2: distrito | J2: quintil nacional | K2: quint reg 2013 | L2: quintil reg FED2007 | M2: q1-2 2013+2007
A3: AREQUIPA CAYLLOMA | B3: CHIGUATA | C3: 1222 | D3: SALUD RED PERIFERICA AREQUIPA | E3: I-1 | F3: 0000001320 | G3: Arequipa | H3: Arequipa | I3: Chiguata | J3: 2 | K3: 1 | L3: 1 | M3: 1
A4: AREQUIPA CAYLLOMA | B4: LA JOYA | C4: 1222 | D4: SALUD RED PERIFERICA AREQUIPA | E4: I-1 | F4: 0000001327 | G4: Arequipa | H4: Arequipa | I4: La Joya | J4: 3 | K4: 2 | L4: 1 | M4: 1
A5: AREQUIPA CAYLLOMA | B5: LA JOYA | C5: 1222 | D5: SALUD RED PERIFERICA AREQUIPA | E5: I-1 | F5: 0000001328 | G5: Arequipa | H5: Arequipa | I5: La Joya | J5: 3 | K5: 2 | L5: 1 | M5: 1
A6: AREQUIPA CAYLLOMA | B6: LA JOYA | C6: 1222 | D6: SALUD RED PERIFERICA AREQUIPA | E6: I-1 | F6: 0000001329 | G6: Arequipa | H6: Arequipa | I6: La Joya | J6: 3 | K6: 2 | L6: 1 | M6: 1
A7: AREQUIPA CAYLLOMA | B7: SAN ISIDRO | C7: 1222 | D7: SALUD RED PERIFERICA AREQUIPA | E7: I-1 | F7: 0000001331 | G7: Arequipa | H7: Arequipa | I7: La Joya | J7: 3 | K7: 2 | L7: 1 | M7: 1
A8: AREQUIPA CAYLLOMA | B8: SAN ISIDRO | C8: 1222 | D8: SALUD RED PERIFERICA AREQUIPA | E8: I-1 | F8: 0000001332 | G8: Arequipa | H8: Arequipa | I8: La Joya | J8: 3 | K8: 2 | L8: 1 | M8: 1
A9: AREQUIPA CAYLLOMA | B9: SAN ISIDRO | C9: 1222 | D9: SALUD RED PERIFERICA AREQUIPA | E9: I-1 | F9: 0000001333 | G9: Arequipa | H9: Arequipa | I9: La Joya | J9: 3 | K9: 2 | L9: 1 | M9: 1
A10: AREQUIPA CAYLLOMA | B10: CHARACATO | C10: 1222 | D10: SALUD RED PERIFERICA AREQUIPA | E10: I-1 | F10: 0000001288 | G10: Arequipa | H10: Arequipa | I10: Pocsi | J10: 2 | K10: 1 | L10: 1 | M10: 1
A11: AREQUIPA CAYLLOMA | B11: CHIGUATA | C11: 1222 | D11: SALUD RED PERIFERICA AREQUIPA | E11: I-1 | F11: 0000001321 | G11: Arequipa | H11: Arequipa | I11: San Juan de Tarucani | J11: 1 | K11: 1 | L11: 1 | M11: 1
A12: CAMANA CARAVELLI | B12: LA PAMPA | C12: 768 | D12: SALUD CAMANA | E12: I-1 | F12: 0000001358 | G12: Arequipa | H12: Camaná | I12: Samuel Pastor | J12: 4 | K12: 2 | L12: 1 | M12: 1
A13: CAMANA CARAVELLI | B13: LA PAMPA | C13: 768 | D13: SALUD CAMANA | E13: I-1 | F13: 0000007723 | G13: Arequipa | H13: Camaná | I13: Samuel Pastor | J13: 4 | K13: 2 | L13: 1 | M13: 1
A14: CAMANA CARAVELLI | B14: CARAVELI | C14: 768 | D14: SALUD CAMANA | E14: I-1 | F14: 0000001379 | G14: Arequipa | H14: Caravelí | I14: Cahuacho | J14: 2 | K14: 1 | L14: 1 | M14: 1
... A176: NO PERTENECE A NINGUNA RED | B176: NO PERTENECE A NINGUNA MICRORED | C176: 769 | D176: SALUD APLAO | E176: II-1 | F176: 0000001382 | G176: Arequipa | H176: Castilla | I176: Aplao | J176: 2 | K176: 1 | L176: 3 | M176: 1
A179: información entregada por la oficina de estadística e la GERESA

Sheet INDICADORES
